Workbook
Name source: #REF!
Name source: #REF!
Name source: #REF!
Name source: #REF!
Name source: #REF!
Name source: #REF!
Name source: #REF!
Name source: #REF!
Name source: #REF!
Name source: #REF!
Name source: #REF!
Name source: #REF!
Name source: #REF!
Name source: #REF!

Sheet START HERE
B1: Enter the requested information in the "Start Here" worksheet cells B2, B3, B4. This information is automatically entered into the other worksheets. | C1: Enter cells (B2-B4) with the correct information
B2: Enter in cell "B2", your Science Center (SC) overhead rate as a 4 digit decimal e.g., .2345 (23.45%)
B3: Enter in cell "B3", the SC State (ST) code | C3: XX
A4: Enter in cell "B4", the SC 10-digit FBMS Cost Center Code | C4: GGXXXX0000 | D4: Note: FBMS Cost Center Codes are listed in the "requested allocations to SC" worksheet
A5: Enter ALL WSC personnel information, "Names, Grades, Steps, Net Salary per hour," in the "Staffing Summary" worksheet. This information is automatically entered into the other "Staffing" worksheets. | C5: In the Staffing Summary worksheet, enter info in columns A, D, E, & F Rows 8-42, and column B where necessary.
A6: Submit completed FY16 Budget and Work Plan files by August 15, 2015 to NAWQA Work Plan Guidance Share Point site at the following url: | C6: NAWQA WPG Share Point
A7: FY16 SC Budget Document Guidance
B9: This budget document guidance provides information and guidance for completing the attached FY16 budget workbook worksheets. The worksheets include:
A10: 1 | B10: Start Here
A11: 2 | B11: SC Requested Allocations by Account Number(s) --Note: Please complete this worksheet last
A12: 3 | B12: SC Staffing Summary
A13: 4 | B13: SC Budget Summary
A14: 5 | B14: GW S&T Staffing (GW Status and Trends)
A15: 6 | B15: GW S&T Budget
A16: 7 | B16: GW M&M Staffing
A17: 8 | B17: GW M&M Budget
A18: 9 | B18: NMSA Staffing (National Monitoring and Status Assessment)
A19: 10 | B19: NMSA Budget
A20: 11 | B20: NASQAN Staffing (National Stream Quality Accounting Network)
A21: 12 | B21: NASQAN Budget
... A42: 33 | B42: Other Component Budget
B51: NOTE: For all worksheets, the cells are black, gray, blue, or white:
B52: 1. Black cells – are "protected" and contain no information.
B53: 2. Grey cells – are “protected” cells to prevent deletion of algorithms or breakage of links from other worksheets, no input required.
B54: 3. White cells – enter information as appropriate.
B55: 4. Blue cells – are "protected" cells containing links or information on link sources, no input required.
B57: Prior to work plan and budget submittals, it is expected that the Coordinators (NMSA, NASQAN, NMN, & GW S&T) working with the Regional NAWQA Program Officers (RNPOs), the Principal Aquifer Leaders, MRB Lead Scientists, and SC contacts discuss the FY16 proposed work and reach agreement on the associated cost for that work. The goal is for the coordinators to work along with the SCs to ensure that expected work and costs for each component study are within their respective targets. By the time the SC budgets are submitted August 15, 2015, all work and budget issues should be resolved.
B58: Worksheet Instructions
B59: A. Start Here Worksheet
B60: Please enter the information as requested in rows 2-5, above. These entries are automatically linked to the appropriate worksheets. This should save time and ensure that the cells are populated with consistent information throughout the entire workbook.
B62: B. Requested Allocations to SC Worksheet
B63: The Requested Allocations to SC worksheet should be completed by the SC to provide Headquarters with the requested allocations by account number(s). After the total requested gross funds (cell I61) is calculated in the SC Budget Summary worksheet, the SC Allocations worksheet can be completed. Enter the requested allocation in column G. The FY13 account numbers established by each SC are listed; you may add or delete rows listing new account numbers as necessary. Just make sure the formula adding all the allocations for your SC is correct. Each SC total allocations will be compared to the total gross funds in the SC Budget Summary. The total of all the requested allocations, should equal the total gross funds calculated in the Budget Summary worksheet.
B65: C. SC Staffing Summary Worksheet
... B98: SCs are to include the cost of shipping, materials, supplies, and equipment associated with collecting and submitting samples in their SC budget.

Sheet Requested SC Allocations
A1: WSC | B1: FBMS Cost Center | C1: DH00G1D = GW Quality Assess. DH00G1E = SW Quality Assess. DH00G1F = Hydrologic Systems Project Number | D1: Task No. | E1: TASK TITLE | F1: FY16 Account Description | G1: (All new account numbers need to be created and attached to the task number stated in column D) FBMS Account No. | H1: (Basis+ Account TITLEs need to be created based on description included in column F) Basis+ Account Titles | I1: Requested Allocation by Acct No.
A2: AK | B2: GGWAWB0000 | C2: DH00G1E | D2: 101 | E2: NWQP AK NMSA | F2: AK WSC NFSM Network ($ SW QW data collection+ $ DOC-frac/extra samples + $ ref site temp monitoring) | I2: 0
A3: AL | B3: GGESML0000 | C3: DH00G1D | D3: 3 | E3: NWQP AL GWST (LOWER MISSISSIPPI GULF) | F3: AL QW Data Collection and water levels | I3: 0
A4: AL | B4: GGESML0000 | C4: DH00G1E | D4: 102 | E4: NWQP AL NMSA (LOWER MISSISSIPPI GULF) | F4: AL WSC NFSM Network ($ SW QW data collection + $ ref site temp monitoring) | I4: 0
A5: AL | B5: GGESML0000 | C5: DH00G1E | D5: 302 | E5: NWQP AL RSQA (LOWER MISSISSIPPI GULF) | F5: AL Regional Studies | I5: 0
A6: AR | B6: GGESML0000 | C6: DH00G1D | D6: 4 | E6: NWQP AR GWST (LOWER MISSISSIPPI GULF) | F6: AR QW Data Collection and water levels | I6: 0
A7: AR | B7: GGESML0000 | C7: DH00G1D | D7: 251 | E7: NWQP AR GW M&M (LOWER MISSISSIPPI GULF) | F7: M&M Miss. Embaymnet modeling | I7: 0
A8: AR | B8: GGESML0000 | C8: DH00G1E | D8: 103 | E8: NWQP AR NMSA (LOWER MISSISSIPPI GULF) | F8: AR WSC NFSM Network ($ SW QW data collection + $ eco data collection + $ DOC-frac/extra samples + $ ref site temp monitoring) | I8: 0
A9: AZ | B9: GGCMZF0000 | C9: DH00G1D | D9: 5 | E9: NWQP AZ GWST | F9: QW Data Collection and water levels | I9: 0
A10: AZ | B10: GGCMZF0000 | C10: DH00G1D | D10: 252 | E10: NWQP AZ GW M&M | I10: 0
A11: AZ | B11: GGCMZF0000 | C11: DH00G1E | D11: 104 | E11: NWQP AZ NMSA | F11: AZ WSC NFSM Network ($ SW QW data collection + $ eco data collection + $ ref site temp monitoring) | I11: 0
A12: AZ | B12: GGCMZF0000 | C12: DH00G1E | D12: 401 | E12: NWQP AZ SW Modeling | I12: 0
A13: CA | B13: GGWSZG0000 | C13: DH00G1D | D13: 6 | E13: NWQP CA GWST | F13: CA QW Data Collection and water levels | I13: 0
A14: CA | B14: GGWSZG0000 | C14: DH00G1D | D14: 6 | E14: NWQP CA GWST | F14: CA ETN Network data collection and management | I14: 0
A15: CA | B15: GGWSZG0000 | C15: DH00G1D | D15: 6 | E15: NWQP CA GWST | F15: CA GWST Team Salaries (Toccalino, Johnson, Jurgens, Burow, Kulongoski) | I15: 0
A16: CA | B16: GGWSZG0000 | C16: DH00G1D | D16: 253 | E16: NWQP CA GW M&M | F16: M&M Central Valley modeling | I16: 0
A17: CA | B17: GGWSZG0000 | C17: DH00G1D | D17: 253 | E17: NWQP CA GW M&M | F17: M&M Team Salaries (Gronberg, Jurgens) | I17: 0
A18: CA | B18: GGWSZG0000 | C18: DH00G1E | D18: 105 | E18: NWQP CA NMSA | F18: CA WSC NFSM Network ($ SW QW data collection) | I18: 0
A19: CA | B19: GGWSZG0000 | C19: DH00G1E | D19: 105 | E19: NWQP CA NMSA | F19: CA NFSM Continuous monitoring Pellerin | I19: 0
A20: CA | B20: GGWSZG0000 | C20: DH00G1E | D20: 105 | E20: NWQP CA NMSA | F20: CA Toccalino salary (0.5 FTE)/Norman salary (1.0 FTE); Note: other 50% FTE of Toccalino is in GW budget | I20: 0
A21: CA | B21: GGWSZG0000 | C21: DH00G1E | D21: 305 | E21: NWQP CA RSQA | F21: CA Nakagaki Reg Studies GIS Support | I21: 0
A22: CA | B22: GGWSZG0000 | C22: DH00G1E | D22: 305 | E22: NWQP CA RSQA | F22: CA Nowell Reg Studies QW Specialist | I22: 0
A23: CA | B23: GGWSZG0000 | C23: DH00G1E | D23: 305 | E23: NWQP CA RSQA | F23: CA Regional Flow Studies | I23: 0
A24: CA | B24: GGWSZG0000 | C24: DH00G1E | D24: 305 | E24: NWQP CA RSQA | F24: CA Regional Studies | I24: 0
A25: CA | B25: GGWSZG0000 | C25: DH00G1F | D25: 51 | E25: NWQP CA IWS | F25: CA Pellerin IWS SW Chemist | I25: 0
A26: CO | B26: GGCMRE0000 | C26: DH00G1D | D26: 7 | E26: NWQP CO GWST | F26: CO QW Data Collection and water levels | G26: GX16.RE00.CRKSP.00 | H26: F-QW Data Collect/Wtr Levels | I26: 0
A27: CO | B27: GGCMRE0000 | C27: DH00G1D | D27: 7 | E27: NWQP CO GWST | F27: CO GWST Team Salaries (McMahon) | G27: GX16.RE00.CRK10.00 | H27: F-GWST Team - McMahon | I27: 0
A28: CO | B28: GGCMRE0000 | C28: DH00G1E | D28: 106 | E28: NWQP CO NMSA | F28: CO Upper CO NFSM Network ($ SW QW data collection) | G28: GX16.RE00.CRMUC.00 | H28: F-Upper CO NFSM Network_ data | I28: 0
A29: CO | B29: GGCMRE0000 | C29: DH00G1E | D29: 106 | E29: NWQP CO NMSA | F29: CO WSC NFSM Network ($ ref site temp monitoring) | G29: GX16.RE00.CRMRB.00 | H29: F-NFSM Network/Temp Monitor | I29: 0
A30: CO | B30: GGCMRE0000 | C30: DH00G1E | D30: 106 | E30: NWQP CO NMSA | F30: S. Platte NFSM Network ($ SW QW data collection + $ eco data collection) | G30: GX16.RE00.CRMSW.00 | H30: F - S.Platte NFSM Network_Data | I30: 0
A31: CO | B31: GGCMRE0000 | C31: DH00G1E | D31: 306 | E31: NWQP CO RSQA | F31: CO Qi RSQA Data Mgmnt | G31: GX16.RE00.CRMSQ.00 | H31: F - QI RSQA Data Management | I31: 0
A32: CO | B32: GGCMRE0000 | C32: DH00G1E | D32: 306 | E32: NWQP CO RSQA | F32: CO Schmidt Reg Studies Eco Modeling | G32: GX16.RE00.CRMTS.00 | H32: F - Schmidt R. Studies Eco Mod | I32: 0
A33: CO | B33: GGCMRE0000 | C33: DH00G1E | D33: 451 | E33: NWQP CO SW Trends | F33: CO Zuellig SW Trends Eco Analyst | G33: GX16.RE00.CRMBZ.00 | H33: F - Zuellig SW Trends Eco Anyl | I33: 0
A34: CO | B34: GGCMRE0000 | C34: DH00G1E | D34: 451 | E34: NWQP CO SW Trends | F34: CO SW Trends Ivahnenko | G34: GX16.RE00.CRMCO.00 | H34: F - SW Trends Ivahnenko | I34: 0
A35: CO | B35: GGHWCG0000 | C35: DH00G1E | D35: 456 | E35: NWQP BRR, CR SW Trends | F35: CO NRP CR Stets SW Trends QW Analyst | I35: 0
A36: CT | B36: GGENLG1000 | C36: DH00G1D | D36: 8 | E36: NWQP CT GWST (NEW ENGLAND) | F36: CT QW Data Collection and water levels | G36: GX16LG10G1D0000 | H36: NWQP CT GWST | I36: 0
A37: CT | B37: GGENLG1000 | C37: DH00G1D | D37: 254 | E37: NWQP CT GW M&M | F37: M&M Team Salaries (Starn) | G37: GX16LG10G1D0100 | H37: NWQP M&M Starn | I37: 0
A38: CT | B38: GGENLG1000 | C38: DH00G1E | D38: 107 | E38: NWQP CT NMSA (NEW ENGLAND) | F38: CT WSC NFSM Network ($ SW QW data collection + $ eco data collection) | G38: GX16LG10G1E0000 | H38: NWQP CT NMSA | I38: 0
A39: CT | B39: GGENLG1000 | C39: DH00G1E | D39: 307 | E39: NWQP CT RSQA (NEW ENGLAND) | F39: CT Regional Studies | G39: GX16LG10G1E0100 | H39: NWQP CT RSQA | I39: 0
A40: FL | B40: GGESMC0000 | C40: DH00G1D | D40: 9 | E40: NWQP FL GWST | F40: FL QW Data Collection and water levels | I40: 0
A41: FL | B41: GGESMC0000 | C41: DH00G1E | D41: 108 | E41: NWQP FL NMSA | F41: FL WSC NFSM Network ($ SW QW data collection +$ DOC-frac/extra samples + $ ref site temp monitoring) | I41: 0
A42: GA | B42: GGESMF0000 | C42: DH00G1D | D42: 10 | E42: NWQP GA GWST | F42: GA QW Data Collection and water levels | I42: 0
A43: GA | B43: GGESMF0000 | C43: DH00G1E | D43: 109 | E43: NWQP GA NMSA | F43: GA WSC NFSM Network ($ SW QW data collection + $ eco data copllection + $ DOC-frac/extra samples + $ ref site temp monitoring) | I43: 0
A44: GA | B44: GGESMF0000 | C44: DH00G1E | D44: 309 | E44: NWQP GA RSQA | F44: GA Regional Studies | I44: 0
A45: HI | B45: GGWSZH0000 | C45: DH00G1D | D45: 11 | E45: NWQP HI GWST | F45: HI | I45: 0
A46: HI | B46: GGWSZH0000 | C46: DH00G1E | D46: 110 | E46: NWQP HI NMSA | F46: HI WSC NFSM ref site temp monitoring | I46: 0
A47: IA | B47: GGEMNP0000 | C47: DH00G1D | D47: 12 | E47: NWQP IA GWST | F47: IA QW Data Collection and water levels | I47: 0
A48: IA | B48: GGEMNP0000 | C48: DH00G1E | D48: 111 | E48: NWQP IA NMSA | F48: IA WSC NFSM Network ($ SW QW data collection + $ eco data collection + $ QW continuous monitoring ) | I48: 0
A49: IA | B49: GGEMNP0000 | C49: DH00G1E | D49: 311 | E49: NWQP IA RSQA | F49: IA Regional Studies | I49: 0
A50: ID | B50: GGWNYE0000 | C50: DH00G1D | D50: 13 | E50: NWQP ID GWST | F50: ID QW Data Collection and water levels | G50: GX16YE00G1D1200, GX16YE00G1DGS00 | H50: ID GW levels and QW data coll, ID GW levels and QW data G&S | I50: 0
A51: ID | B51: GGWNYE0000 | C51: DH00G1E | D51: 112 | E51: NWQP ID NMSA | F51: ID WSC NFSM Network ($ SW QW data collection + $ eco data collection) | I51: 0
A52: ID | B52: GGWNYE0000 | C52: DH00G1E | D52: 402 | E52: NWQP ID SW Modeling | G52: GX16YE00G1E4200, GX16YE00G1EGS00 | H52: ID NFSM Network (SW, QW, Eco), ID NFSM Network G&S | I52: 0
A53: IL | B53: GGEMNE0000 | C53: DH00G1D | D53: 14 | E53: NWQP IL GWST | F53: IL GWST Team Salaries (Arnold) | G53: GX16YE00G1E7200, GX16YE00G1EG200 | H53: SPARROW Point-Source Loading, SPARROW Point-Source G&S | I53: 0
A54: IL | B54: GGEMNE0000 | C54: DH00G1D | D54: 14 | E54: NWQP IL GWST | F54: IL QW Data Collection and water levels | I54: 0
A55: IL | B55: GGEMNE0000 | C55: DH00G1E | D55: 113 | E55: NWQP IL NMSA | F55: IL WSC NFSM Network ($ SW QW data collection + $ QW continuous monitor support +$ DOC-frac/extra samples) | I55: 0
A56: IN | B56: GGEMNF0000 | C56: DH00G1D | D56: 15 | E56: NWQP IN GWST | F56: IN QW Data Collection and water levels | I56: 0
A57: IN | B57: GGEMNF0000 | C57: DH00G1E | D57: 114 | E57: NWQP IN NMSA | F57: IN Baker salary (0.75 FTE) | I57: 0
A58: IN | B58: GGEMNF0000 | C58: DH00G1E | D58: 114 | E58: NWQP IN NMSA | F58: IN Stone salary (1.0 FTE) | I58: 0
A59: IN | B59: GGEMNF0000 | C59: DH00G1E | D59: 114 | E59: NWQP IN NMSA | F59: IN Martin salary (1.0 FTE) | I59: 0
A60: IN | B60: GGEMNF0000 | C60: DH00G1E | D60: 114 | E60: NWQP IN NMSA | F60: IN WSC NFSM Network ($ SW QW data collection + $ DOC-frac/extra samples + $ eco data collection + $ QW continuous monitor support) | I60: 0
A61: KS | B61: GGCMSE0000 | C61: DH00G1D | D61: 16 | E61: NWQP KS GWST | F61: KS QW Data Collection and water levels | I61: 0
A62: KS | B62: GGCMSE0000 | C62: DH00G1E | D62: 115 | E62: NWQP KS NMSA | F62: KS Lee salary (1.0 FTE) | I62: 0
A63: KS | B63: GGCMSE0000 | C63: DH00G1E | D63: 115 | E63: NWQP KS NMSA | F63: KS WSC NFSM Network ($ SW QW data collection + $ ref site temp monitoring) | I63: 0
A64: KS | B64: GGCMSE0000 | C64: DH00G1E | D64: 315 | E64: NWQP KS RSQA | F64: KS Regional Studies | I64: 0
A65: KY | B65: GGEMNG0000 | C65: DH00G1D | D65: 17 | E65: NWQP KY GWST | F65: KY QW Data Collection and water levels | I65: 0
... A68: LA | B68: GGESML0000 | C68: DH00G1E | D68: 117 | E68: NWQP LA NMSA | F68: LA WSC NFSM Network ($ SW QW data collection +$ DOC-frac/extra samples+ $ eco data collection + $ QW continuous monitor support + $ ref site temp monitoring) | I68: 0
A69: MA | B69: GGENLG3000 | C69: DH00G1D | D69: 19 | E69: NWQP MA-RI GWST (NEW ENGLAND) | F69: MA GWST additional staff (DeSimone) | G69: GX16LG30G1D0000 | H69: NWQP GWST-Desimone | I69: 0
A70: MA | B70: GGENLG3000 | C70: DH00G1D | D70: 255 | E70: NWQP MA/RI GW M&M | F70: M&M Northern Atlantic Coastal Plain modeling | G70: GX16LG30G1D0100 | H70: NWQP M&M-Masterson Walter | I70: 0
A71: MA | B71: GGENLG3000 | C71: DH00G1D | D71: 255 | E71: NWQP MA/RI GW M&M | F71: M&M Team Salaries (Carlson) | G71: GX16LG30G1D0200 | H71: NWQP M&M-Carlson | I71: 0
A72: MA | B72: GGENLG3000 | C72: DH00G1E | D72: 118 | E72: NWQP MA NMSA (NEW ENGLAND) | F72: MA WSC NFSM Network ($ ref site temp monitoring) | G72: GX16LG30G1E0000 | H72: NWQP MA-RI NSFM Network | I72: 0
A73: MA | B73: GGENLG3000 | C73: DH00G1E | D73: 318 | E73: NWQP MA-RI RSQA (NEW ENGLAND) | F73: MA-RI Regional Studies | G73: GX16LG30G1E0100 | H73: NWQP MA-RI RSQA | I73: 0
A74: MD | B74: GGENLF0000 | C74: DH00G1D | D74: 20 | E74: NWQP MD-DC-DE GWST | F74: MD QW Data Collection and water levels | G74: GX16LF00G1D2000 | I74: 0
A75: MD | B75: GGENLF0000 | C75: DH00G1D | D75: 20 | E75: NWQP MD-DC-DE GWST | F75: MD ETN Network data collection and management | G75: GX16LF00G1D2200 | I75: 0
A76: MD | B76: GGENLF0000 | C76: DH00G1D | D76: 256 | E76: NWQP MD/DE/DC GW M&M | F76: M&M Glacial Modeling | G76: GX16LF00G1D5600 | I76: 0
A77: MD | B77: GGENLF0000 | C77: DH00G1E | D77: 119 | E77: NWQP MD NMSA | F77: MD WSC NFSM Network ($ SW QW data collection + $ eco data collection + $ QW continuous monitor support + $ DOC-frac/extra samples) | G77: GX16LF00G1E0000 | I77: 0
A78: MD | B78: GGENLF0000 | C78: DH00G1E | D78: 119 | E78: NWQP MD NMSA | F78: MD NAWQA Bell, Joseph Assistance | G78: GX16LF00G1E1000 | I78: 0
A79: MD | B79: GGENLF0000 | C79: DH00G1E | D79: 319 | E79: NWQP MD RSQA | F79: MD Gellis Reg Studies Fluvial Geomorphology | G79: GX16LF00G1E3000 | I79: 0
A80: MD | B80: GGENLF0000 | C80: DH00G1E | D80: 403 | E80: NWQP MD SW Modeling | G80: GX16LF00G1E4000 | I80: 0
A81: MD | B81: GGENLF0000 | C81: DH00G1F | D81: 2 | E81: NWQP MD HS HST | F81: MD Wieczorek/Brakebill HST GIS Support & Coordination | G81: GX16LF00G1F0200 | I81: 0
A82: MD | B82: GGENLF0000 | C82: DH00G1F | D82: 52 | E82: NWQP MD IWS | F82: MD Raffensperger IWS GW Modeler | G82: GX16LF00G1F5200 | I82: 0
A83: ME | B83: GGENLE0000 | C83: DH00G1D | D83: 21 | E83: NWQP ME GWST (NEW ENGLAND) | F83: ME QW Data Collection and water levels | G83: GX16LG20G1D0000 | H83: NWQP ME | I83: 0
A84: ME | B84: GGENLE0000 | C84: DH00G1E | D84: 120 | E84: NWQP ME NMSA | F84: ME WSC NFSM Network ($ ref site temp monitoring) | G84: GX16LG200020000 | H84: Maine GW Stations | I84: 0
A85: ME | B85: GGENLE0000 | C85: DH00G1E | D85: 320 | E85: NWQP ME RSQA (NEW ENGLAND) | F85: ME Regional Studies | G85: GX16LG20G1E0000 | H85: NWQP ME RSQA | I85: 0
A86: MI | B86: GGEMNH0000 | C86: DH00G1D | D86: 22 | E86: NWQP MI GWST | F86: MI QW Data Collection and water levels | I86: 0
A87: MI | B87: GGEMNH0000 | C87: DH00G1E | D87: 121 | E87: NWQP MI NMSA | F87: MI WSC NFSM Network ($ SW QW data collection + $ ref site temp monitoring)? | I87: 0
A88: MN | B88: GGEMNQ0000 | C88: DH00G1D | D88: 23 | E88: NWQP MN GWST | F88: MN QW Data Collection and water levels | I88: 0
A89: MN | B89: GGEMNQ0000 | C89: DH00G1E | D89: 122 | E89: NWQP MN NMSA | F89: MN WSC NFSM Network ($ SW QW data collection + $ eco data collection + $ ref site temp monitoring) | I89: 0
A90: MO | B90: GGEMSG0000 | C90: DH00G1D | D90: 24 | E90: NWQP MO GWST | F90: MO QW Data Collection and water levels | I90: 0
A91: MO | B91: GGEMSG0000 | C91: DH00G1E | D91: 123 | E91: NWQP MO NMSA | F91: MO WSC NFSM Network (SW QW data collection + $ QW continuous monitor support + $ DOC-frac/extra samples) | I91: 0
A92: MS-TN | B92: GGESML0000 | C92: DH00G1D | D92: 25 | E92: NWQP MS-TN GWST (LOWER MISSISSIPPI GULF) | F92: MS-TN GWST Team Salaries (Barlow) | I92: 0
A93: MS-TN | B93: GGESML0000 | C93: DH00G1D | D93: 25 | E93: NWQP MS-TN GWST (LOWER MISSISSIPPI GULF) | F93: MS-TN QW Data Collection and water levels | I93: 0
A94: MS-TN | B94: GGESML0000 | C94: DH00G1D | D94: 25 | E94: NWQP MS-TN GWST (LOWER MISSISSIPPI GULF) | F94: MS-TN ETN Network data collection and management | I94: 0
A95: MS-TN | B95: GGESML0000 | C95: DH00G1D | D95: 257 | E95: NWQP MS-TN GW M&M (LOWER MISSISSIPPI GULF) | F95: M&M Miss. Embaymnet modeling | I95: 0
A96: MS-TN | B96: GGESML0000 | C96: DH00G1E | D96: 124 | E96: NWQP MS-TN NMSA (LOWER MISSISSIPPI GULF) | F96: MS WSC NFSM Network ($ SW QW data collection + $ eco data collection + $ ref site temp monitoring+$ DOC-frac/extra samples) | I96: 0
A97: MS-TN | B97: GGESML0000 | C97: DH00G1E | D97: 124 | E97: NWQP MS-TN NMSA (LOWER MISSISSIPPI GULF) | F97: TN WSC NFSM Network ($ ref site temp monitoring) | I97: 0
A98: MS-TN | B98: GGESML0000 | C98: DH00G1E | D98: 324 | E98: NWQP MS-TN RSQA (LOWER MISSISSIPPI GULF) | F98: MS Regional Studies | I98: 0
A99: MS-TN | B99: GGESML0000 | C99: DH00G1E | D99: 404 | E99: NWQP MS-TN SW Modeling (LOWER MISSISSIPPI GULF) | I99: 0
A100: MS-TN | B100: GGESMH0000 | C100: DH00G1E | D100: 452 | E100: NWQP MS-TN SW Trends (LOWER MISSISSIPPI GULF) | F100: MS-TN SW Trends Murphy | I100: 0
A101: NC | B101: GGESMH0000 | C101: DH00G1D | D101: 26 | E101: NWQP NC GWST | F101: NC QW Data Collection and water levels | I101: 0
A102: NC | B102: GGESMH0000 | C102: DH00G1E | D102: 125 | E102: NWQP NC NMSA | F102: NC WSC NFSM Network ($ SW QW data collection + $ eco data collection + $ ref site temp monitoring) Temperature at NSIP site is not included. | I102: 0
...

Sheet SC Staffing Summary
A1: FY 2016
G2: Total Staffing Cost and Total Hours for GWST Sampling, Data Collection, Data Analyses, and Reports | I2: Total Staffing Cost and Total Hours for GW M&M | K2: Total Staffing Cost and Total Hours for SW National Fixed Site Network | M2: Total Staffing Cost and Total Hours for NMSA Sampling, Data Collection, Data Analyses, and Reports | O2: Total Staffing Cost and Total Hours for SW NASQAN Sampling and Data Collection | Q2: Total Staffing Cost and Total Hours for SW NMN Sampling and Data Collection | S2: Total Staffing Cost and Total Hours for SW HBN Sampling and Data Collection | U2: Total Staffing Cost and Total Hours for SW RSQA Sampling and Data Collection | W2: Total Staffing Cost and Total Hours for SW Trends | Y2: Total Staffing Cost and Total Hours for SW Modeling | AA2: Total Staffing Cost and Total Hours for NADP | AC2: Total Staffing Cost and Total Hours for NPSP | AE2: Total Staffing Cost and Total Hours for HST | AG2: Total Staffing Cost and Total Hours for IWS
A3: ='START HERE'!$C$3 -> XX
A4: ='START HERE'!C4 -> GGXXXX0000
G5: Hours for task automatically entered from GWST Staffing Column C | I5: Hours for task automatically entered from GW M&M Staffing Column C | K5: Cost = total of Col I, K, & M Hours = total of Col J, L, & N | M5: Hours for task automatically entered from SW M&SA Staffing Column C | O5: Hours for task automatically entered from SW NASQAN Staffing Column C | Q5: Hours for task automatically entered from SW NMN Staffing Column C | S5: Hours for task automatically entered from SW HBN Staffing Column C | U5: Hours for task automatically entered from SW RSQA Staffing Column C | W5: Hours for task automatically entered from SW Trends Staffing Column C | Y5: Hours for task automatically entered from SW Modeling Staffing Column C | AA5: Hours for task automatically entered from NADP Staffing Column C | AC5: Hours for task automatically entered from NPSP Staffing Column C | AE5: Hours for task automatically entered from HST Staffing Column C | AG5: Hours for task automatically entered from SW IWS Staffing Column C
A6: Name | B6: Position | C6: TOTAL HOURS (work+leave), max 2096 hr per FTE | D6: Grade | E6: Step | F6: Net salary per hr with benefits | G6: Task, net salary with benefits | H6: Hours for Task | K6: Task, net salary with benefits | L6: Hours for Task | M6: Task, net salary with benefits | N6: Hours for Task | O6: Task, net salary with benefits | P6: Hours for Task | Q6: Task, net salary with benefits | R6: Hours for Task | S6: Task, net salary with benefits | T6: Hours for Task | U6: Task, net salary with benefits | V6: Hours for Task | W6: Task, net salary with benefits | X6: Hours for Task | Y6: Task, net salary with benefits | Z6: Hours for Task | AA6: Task, net salary with benefits | AB6: Hours for Task | AC6: Task, net salary with benefits | AD6: Hours for Task | AE6: Task, net salary with benefits | AF6: Hours for Task | AG6: Task, net salary with benefits | AH6: Hours for Task
B7: TOTAL | C7: =SUM(C8:C42) -> 0 | F7: =SUM(G7,I7,K7,M7,O7,Q7,S7,U7,W7,Y7,AA7,AC7,AE7,AG7) -> 0 | G7: =SUM(G8:G42) -> 0 | H7: =SUM(H8:H42) -> 0 | I7: =SUM(I8:I42) -> 0 | J7: =SUM(J8:J42) -> 0 | K7: =SUM(K8:K42) -> 0 | L7: =SUM(L8:L42) -> 0 | M7: =SUM(M8:M42) -> 0 | N7: =SUM(N8:N42) -> 0 | ... AH7: =SUM(AH8:AH42) -> 0
B8: NAWQA-- SC Contact | C8: =SUM(H8,V8,Z8,X8,AF8,AH8,J8,L8) -> 0 | F8: 0 | G8: =H8*$F8 -> 0 | H8: ='GWST Staffing'!C8 -> 0 | I8: =J8*$F8 -> 0 | J8: ='GW M&M Staffing'!C8 -> 0 | K8: =SUM(M8,O8,Q8,S8) -> 0 | L8: 0 | M8: =N8*$F8 -> 0 | N8: ='NMSA Staffing'!C8 -> 0 | O8: =P8*$F8 -> 0 | P8: ='NASQAN Staffing'!C8 -> 0 | Q8: =R8*$F8 -> 0 | R8: ='NMN Staffing'!C8 -> 0 | S8: =T8*$F8 -> 0 | T8: ='HBN Staffing'!C8 -> 0 | U8: =V8*$F8 -> 0 | V8: ='SW RSQA Staffing'!C8 -> 0 | W8: =X8*$F8 -> 0 | X8: ='SW Trends Staffing'!C8 -> 0 | Y8: =Z8*$F8 -> 0 | Z8: ='SW Modeling Staffing'!C8 -> 0 | AA8: =AB8*$F8 -> 0 | AB8: ='NADP Staffing'!C8 -> 0 | AC8: =AD8*$F8 -> 0 | AD8: ='NPSP Staffing'!C8 -> 0 | AE8: =AF8*$F8 -> 0 | AF8: ='HST Staffing'!C8 -> 0 | AG8: =AH8*$F8 -> 0 | AH8: ='IWS Staffing'!C8 -> 0
B9: Specify | C9: =SUM(H9,V9,Z9,X9,AF9,AH9,J9,L9) -> 0 | F9: 0 | G9: =H9*$F9 -> 0 | H9: ='GWST Staffing'!C9 -> 0 | I9: =J9*$F9 -> 0 | J9: ='GW M&M Staffing'!C9 -> 0 | K9: =SUM(M9,O9,Q9,S9) -> 0 | L9: =SUM(N9,P9,R9,T9) -> 0 | M9: =N9*$F9 -> 0 | N9: ='NMSA Staffing'!C9 -> 0 | O9: =P9*$F9 -> 0 | P9: ='NASQAN Staffing'!C9 -> 0 | Q9: =R9*$F9 -> 0 | R9: ='NMN Staffing'!C9 -> 0 | S9: =T9*$F9 -> 0 | T9: ='HBN Staffing'!C9 -> 0 | U9: =V9*$F9 -> 0 | V9: ='SW RSQA Staffing'!C9 -> 0 | W9: =X9*$F9 -> 0 | X9: ='SW Trends Staffing'!C9 -> 0 | Y9: =Z9*$F9 -> 0 | Z9: ='SW Modeling Staffing'!C9 -> 0 | AA9: =AB9*$F9 -> 0 | AB9: ='NADP Staffing'!C9 -> 0 | AC9: =AD9*$F9 -> 0 | AD9: ='NPSP Staffing'!C9 -> 0 | AE9: =AF9*$F9 -> 0 | AF9: ='HST Staffing'!C9 -> 0 | AG9: =AH9*$F9 -> 0 | AH9: ='IWS Staffing'!C9 -> 0
B10: Specify | C10: =SUM(H10,V10,Z10,X10,AF10,AH10,J10,L10) -> 0 | F10: 0 | G10: =H10*$F10 -> 0 | H10: ='GWST Staffing'!C10 -> 0 | I10: =J10*$F10 -> 0 | J10: ='GW M&M Staffing'!C10 -> 0 | K10: =SUM(M10,O10,Q10,S10) -> 0 | L10: =SUM(N10,P10,R10,T10) -> 0 | M10: =N10*$F10 -> 0 | N10: ='NMSA Staffing'!C10 -> 0 | O10: =P10*$F10 -> 0 | P10: ='NASQAN Staffing'!C10 -> 0 | Q10: =R10*$F10 -> 0 | R10: ='NMN Staffing'!C10 -> 0 | S10: =T10*$F10 -> 0 | T10: ='HBN Staffing'!C10 -> 0 | U10: =V10*$F10 -> 0 | V10: ='SW RSQA Staffing'!C10 -> 0 | W10: =X10*$F10 -> 0 | X10: ='SW Trends Staffing'!C10 -> 0 | Y10: =Z10*$F10 -> 0 | Z10: ='SW Modeling Staffing'!C10 -> 0 | AA10: =AB10*$F10 -> 0 | AB10: ='NADP Staffing'!C10 -> 0 | AC10: =AD10*$F10 -> 0 | AD10: ='NPSP Staffing'!C10 -> 0 | AE10: =AF10*$F10 -> 0 | AF10: ='HST Staffing'!C10 -> 0 | AG10: =AH10*$F10 -> 0 | AH10: ='IWS Staffing'!C10 -> 0
B11: Specify | C11: =SUM(H11,V11,Z11,X11,AF11,AH11,J11,L11) -> 0 | F11: 0 | G11: =H11*$F11 -> 0 | H11: ='GWST Staffing'!C11 -> 0 | I11: =J11*$F11 -> 0 | J11: ='GW M&M Staffing'!C11 -> 0 | K11: =SUM(M11,O11,Q11,S11) -> 0 | L11: =SUM(N11,P11,R11,T11) -> 0 | M11: =N11*$F11 -> 0 | N11: ='NMSA Staffing'!C11 -> 0 | O11: =P11*$F11 -> 0 | P11: ='NASQAN Staffing'!C11 -> 0 | Q11: =R11*$F11 -> 0 | R11: ='NMN Staffing'!C11 -> 0 | S11: =T11*$F11 -> 0 | T11: ='HBN Staffing'!C11 -> 0 | U11: =V11*$F11 -> 0 | V11: ='SW RSQA Staffing'!C11 -> 0 | W11: =X11*$F11 -> 0 | X11: ='SW Trends Staffing'!C11 -> 0 | Y11: =Z11*$F11 -> 0 | Z11: ='SW Modeling Staffing'!C11 -> 0 | AA11: =AB11*$F11 -> 0 | AB11: ='NADP Staffing'!C11 -> 0 | AC11: =AD11*$F11 -> 0 | AD11: ='NPSP Staffing'!C11 -> 0 | AE11: =AF11*$F11 -> 0 | AF11: ='HST Staffing'!C11 -> 0 | AG11: =AH11*$F11 -> 0 | AH11: ='IWS Staffing'!C11 -> 0
B12: Specify | C12: =SUM(H12,V12,Z12,X12,AF12,AH12,J12,L12) -> 0 | F12: 0 | G12: =H12*$F12 -> 0 | H12: ='GWST Staffing'!C12 -> 0 | I12: =J12*$F12 -> 0 | J12: ='GW M&M Staffing'!C12 -> 0 | K12: =SUM(M12,O12,Q12,S12) -> 0 | L12: =SUM(N12,P12,R12,T12) -> 0 | M12: =N12*$F12 -> 0 | N12: ='NMSA Staffing'!C12 -> 0 | O12: =P12*$F12 -> 0 | P12: ='NASQAN Staffing'!C12 -> 0 | Q12: =R12*$F12 -> 0 | R12: ='NMN Staffing'!C12 -> 0 | S12: =T12*$F12 -> 0 | T12: ='HBN Staffing'!C12 -> 0 | U12: =V12*$F12 -> 0 | V12: ='SW RSQA Staffing'!C12 -> 0 | W12: =X12*$F12 -> 0 | X12: ='SW Trends Staffing'!C12 -> 0 | Y12: =Z12*$F12 -> 0 | Z12: ='SW Modeling Staffing'!C12 -> 0 | AA12: =AB12*$F12 -> 0 | AB12: ='NADP Staffing'!C12 -> 0 | AC12: =AD12*$F12 -> 0 | AD12: ='NPSP Staffing'!C12 -> 0 | AE12: =AF12*$F12 -> 0 | AF12: ='HST Staffing'!C12 -> 0 | AG12: =AH12*$F12 -> 0 | AH12: ='IWS Staffing'!C12 -> 0
B13: Specify | C13: =SUM(H13,V13,Z13,X13,AF13,AH13,J13,L13) -> 0 | F13: 0 | G13: =H13*$F13 -> 0 | H13: ='GWST Staffing'!C13 -> 0 | I13: =J13*$F13 -> 0 | J13: ='GW M&M Staffing'!C13 -> 0 | K13: =SUM(M13,O13,Q13,S13) -> 0 | L13: =SUM(N13,P13,R13,T13) -> 0 | M13: =N13*$F13 -> 0 | N13: ='NMSA Staffing'!C13 -> 0 | O13: =P13*$F13 -> 0 | P13: ='NASQAN Staffing'!C13 -> 0 | Q13: =R13*$F13 -> 0 | R13: ='NMN Staffing'!C13 -> 0 | S13: =T13*$F13 -> 0 | T13: ='HBN Staffing'!C13 -> 0 | U13: =V13*$F13 -> 0 | V13: ='SW RSQA Staffing'!C13 -> 0 | W13: =X13*$F13 -> 0 | X13: ='SW Trends Staffing'!C13 -> 0 | Y13: =Z13*$F13 -> 0 | Z13: ='SW Modeling Staffing'!C13 -> 0 | AA13: =AB13*$F13 -> 0 | AB13: ='NADP Staffing'!C13 -> 0 | AC13: =AD13*$F13 -> 0 | AD13: ='NPSP Staffing'!C13 -> 0 | AE13: =AF13*$F13 -> 0 | AF13: ='HST Staffing'!C13 -> 0 | AG13: =AH13*$F13 -> 0 | AH13: ='IWS Staffing'!C13 -> 0
B14: Specify | C14: =SUM(H14,V14,Z14,X14,AF14,AH14,J14,L14) -> 0 | F14: 0 | G14: =H14*$F14 -> 0 | H14: ='GWST Staffing'!C14 -> 0 | I14: =J14*$F14 -> 0 | J14: ='GW M&M Staffing'!C14 -> 0 | K14: =SUM(M14,O14,Q14,S14) -> 0 | L14: =SUM(N14,P14,R14,T14) -> 0 | M14: =N14*$F14 -> 0 | N14: ='NMSA Staffing'!C14 -> 0 | O14: =P14*$F14 -> 0 | P14: ='NASQAN Staffing'!C14 -> 0 | Q14: =R14*$F14 -> 0 | R14: ='NMN Staffing'!C14 -> 0 | S14: =T14*$F14 -> 0 | T14: ='HBN Staffing'!C14 -> 0 | U14: =V14*$F14 -> 0 | V14: ='SW RSQA Staffing'!C14 -> 0 | W14: =X14*$F14 -> 0 | X14: ='SW Trends Staffing'!C14 -> 0 | Y14: =Z14*$F14 -> 0 | Z14: ='SW Modeling Staffing'!C14 -> 0 | AA14: =AB14*$F14 -> 0 | AB14: ='NADP Staffing'!C14 -> 0 | AC14: =AD14*$F14 -> 0 | AD14: ='NPSP Staffing'!C14 -> 0 | AE14: =AF14*$F14 -> 0 | AF14: ='HST Staffing'!C14 -> 0 | AG14: =AH14*$F14 -> 0 | AH14: ='IWS Staffing'!C14 -> 0
B15: Specify | C15: =SUM(H15,V15,Z15,X15,AF15,AH15,J15,L15) -> 0 | F15: 0 | G15: =H15*$F15 -> 0 | H15: ='GWST Staffing'!C15 -> 0 | I15: =J15*$F15 -> 0 | J15: ='GW M&M Staffing'!C15 -> 0 | K15: =SUM(M15,O15,Q15,S15) -> 0 | L15: =SUM(N15,P15,R15,T15) -> 0 | M15: =N15*$F15 -> 0 | N15: ='NMSA Staffing'!C15 -> 0 | O15: =P15*$F15 -> 0 | P15: ='NASQAN Staffing'!C15 -> 0 | Q15: =R15*$F15 -> 0 | R15: ='NMN Staffing'!C15 -> 0 | S15: =T15*$F15 -> 0 | T15: ='HBN Staffing'!C15 -> 0 | U15: =V15*$F15 -> 0 | V15: ='SW RSQA Staffing'!C15 -> 0 | W15: =X15*$F15 -> 0 | X15: ='SW Trends Staffing'!C15 -> 0 | Y15: =Z15*$F15 -> 0 | Z15: ='SW Modeling Staffing'!C15 -> 0 | AA15: =AB15*$F15 -> 0 | AB15: ='NADP Staffing'!C15 -> 0 | AC15: =AD15*$F15 -> 0 | AD15: ='NPSP Staffing'!C15 -> 0 | AE15: =AF15*$F15 -> 0 | AF15: ='HST Staffing'!C15 -> 0 | AG15: =AH15*$F15 -> 0 | AH15: ='IWS Staffing'!C15 -> 0
B16: Specify | C16: =SUM(H16,V16,Z16,X16,AF16,AH16,J16,L16) -> 0 | F16: 0 | G16: =H16*$F16 -> 0 | H16: ='GWST Staffing'!C16 -> 0 | I16: =J16*$F16 -> 0 | J16: ='GW M&M Staffing'!C16 -> 0 | K16: =SUM(M16,O16,Q16,S16) -> 0 | L16: =SUM(N16,P16,R16,T16) -> 0 | M16: =N16*$F16 -> 0 | N16: ='NMSA Staffing'!C16 -> 0 | O16: =P16*$F16 -> 0 | P16: ='NASQAN Staffing'!C16 -> 0 | Q16: =R16*$F16 -> 0 | R16: ='NMN Staffing'!C16 -> 0 | S16: =T16*$F16 -> 0 | T16: ='HBN Staffing'!C16 -> 0 | U16: =V16*$F16 -> 0 | V16: ='SW RSQA Staffing'!C16 -> 0 | W16: =X16*$F16 -> 0 | X16: ='SW Trends Staffing'!C16 -> 0 | Y16: =Z16*$F16 -> 0 | Z16: ='SW Modeling Staffing'!C16 -> 0 | AA16: =AB16*$F16 -> 0 | AB16: ='NADP Staffing'!C16 -> 0 | AC16: =AD16*$F16 -> 0 | AD16: ='NPSP Staffing'!C16 -> 0 | AE16: =AF16*$F16 -> 0 | AF16: ='HST Staffing'!C16 -> 0 | AG16: =AH16*$F16 -> 0 | AH16: ='IWS Staffing'!C16 -> 0
B17: Specify | C17: =SUM(H17,V17,Z17,X17,AF17,AH17,J17,L17) -> 0 | F17: 0 | G17: =H17*$F17 -> 0 | H17: ='GWST Staffing'!C17 -> 0 | I17: =J17*$F17 -> 0 | J17: ='GW M&M Staffing'!C17 -> 0 | K17: =SUM(M17,O17,Q17,S17) -> 0 | L17: =SUM(N17,P17,R17,T17) -> 0 | M17: =N17*$F17 -> 0 | N17: ='NMSA Staffing'!C17 -> 0 | O17: =P17*$F17 -> 0 | P17: ='NASQAN Staffing'!C17 -> 0 | Q17: =R17*$F17 -> 0 | R17: ='NMN Staffing'!C17 -> 0 | S17: =T17*$F17 -> 0 | T17: ='HBN Staffing'!C17 -> 0 | U17: =V17*$F17 -> 0 | V17: ='SW RSQA Staffing'!C17 -> 0 | W17: =X17*$F17 -> 0 | X17: ='SW Trends Staffing'!C17 -> 0 | Y17: =Z17*$F17 -> 0 | Z17: ='SW Modeling Staffing'!C17 -> 0 | AA17: =AB17*$F17 -> 0 | AB17: ='NADP Staffing'!C17 -> 0 | AC17: =AD17*$F17 -> 0 | AD17: ='NPSP Staffing'!C17 -> 0 | AE17: =AF17*$F17 -> 0 | AF17: ='HST Staffing'!C17 -> 0 | AG17: =AH17*$F17 -> 0 | AH17: ='IWS Staffing'!C17 -> 0
B18: Specify | C18: =SUM(H18,V18,Z18,X18,AF18,AH18,J18,L18) -> 0 | F18: 0 | G18: =H18*$F18 -> 0 | H18: ='GWST Staffing'!C18 -> 0 | I18: =J18*$F18 -> 0 | J18: ='GW M&M Staffing'!C18 -> 0 | K18: =SUM(M18,O18,Q18,S18) -> 0 | L18: =SUM(N18,P18,R18,T18) -> 0 | M18: =N18*$F18 -> 0 | N18: ='NMSA Staffing'!C18 -> 0 | O18: =P18*$F18 -> 0 | P18: ='NASQAN Staffing'!C18 -> 0 | Q18: =R18*$F18 -> 0 | R18: ='NMN Staffing'!C18 -> 0 | S18: =T18*$F18 -> 0 | T18: ='HBN Staffing'!C18 -> 0 | U18: =V18*$F18 -> 0 | V18: ='SW RSQA Staffing'!C18 -> 0 | W18: =X18*$F18 -> 0 | X18: ='SW Trends Staffing'!C18 -> 0 | Y18: =Z18*$F18 -> 0 | Z18: ='SW Modeling Staffing'!C18 -> 0 | AA18: =AB18*$F18 -> 0 | AB18: ='NADP Staffing'!C18 -> 0 | AC18: =AD18*$F18 -> 0 | AD18: ='NPSP Staffing'!C18 -> 0 | AE18: =AF18*$F18 -> 0 | AF18: ='HST Staffing'!C18 -> 0 | AG18: =AH18*$F18 -> 0 | AH18: ='IWS Staffing'!C18 -> 0
B19: Specify | C19: =SUM(H19,V19,Z19,X19,AF19,AH19,J19,L19) -> 0 | F19: 0 | G19: =H19*$F19 -> 0 | H19: ='GWST Staffing'!C19 -> 0 | I19: =J19*$F19 -> 0 | J19: ='GW M&M Staffing'!C19 -> 0 | K19: =SUM(M19,O19,Q19,S19) -> 0 | L19: =SUM(N19,P19,R19,T19) -> 0 | M19: =N19*$F19 -> 0 | N19: ='NMSA Staffing'!C19 -> 0 | O19: =P19*$F19 -> 0 | P19: ='NASQAN Staffing'!C19 -> 0 | Q19: =R19*$F19 -> 0 | R19: ='NMN Staffing'!C19 -> 0 | S19: =T19*$F19 -> 0 | T19: ='HBN Staffing'!C19 -> 0 | U19: =V19*$F19 -> 0 | V19: ='SW RSQA Staffing'!C19 -> 0 | W19: =X19*$F19 -> 0 | X19: ='SW Trends Staffing'!C19 -> 0 | Y19: =Z19*$F19 -> 0 | Z19: ='SW Modeling Staffing'!C19 -> 0 | AA19: =AB19*$F19 -> 0 | AB19: ='NADP Staffing'!C19 -> 0 | AC19: =AD19*$F19 -> 0 | AD19: ='NPSP Staffing'!C19 -> 0 | AE19: =AF19*$F19 -> 0 | AF19: ='HST Staffing'!C19 -> 0 | AG19: =AH19*$F19 -> 0 | AH19: ='IWS Staffing'!C19 -> 0
B20: Specify | C20: =SUM(H20,V20,Z20,X20,AF20,AH20,J20,L20) -> 0 | F20: 0 | G20: =H20*$F20 -> 0 | H20: ='GWST Staffing'!C20 -> 0 | I20: =J20*$F20 -> 0 | J20: ='GW M&M Staffing'!C20 -> 0 | K20: =SUM(M20,O20,Q20,S20) -> 0 | L20: =SUM(N20,P20,R20,T20) -> 0 | M20: =N20*$F20 -> 0 | N20: ='NMSA Staffing'!C20 -> 0 | O20: =P20*$F20 -> 0 | P20: ='NASQAN Staffing'!C20 -> 0 | Q20: =R20*$F20 -> 0 | R20: ='NMN Staffing'!C20 -> 0 | S20: =T20*$F20 -> 0 | T20: ='HBN Staffing'!C20 -> 0 | U20: =V20*$F20 -> 0 | V20: ='SW RSQA Staffing'!C20 -> 0 | W20: =X20*$F20 -> 0 | X20: ='SW Trends Staffing'!C20 -> 0 | Y20: =Z20*$F20 -> 0 | Z20: ='SW Modeling Staffing'!C20 -> 0 | AA20: =AB20*$F20 -> 0 | AB20: ='NADP Staffing'!C20 -> 0 | AC20: =AD20*$F20 -> 0 | AD20: ='NPSP Staffing'!C20 -> 0 | AE20: =AF20*$F20 -> 0 | AF20: ='HST Staffing'!C20 -> 0 | AG20: =AH20*$F20 -> 0 | AH20: ='IWS Staffing'!C20 -> 0
... B42: Specify | C42: =SUM(H42,V42,Z42,X42,AF42,AH42,J42,L42) -> 0 | F42: 0 | G42: =H42*$F42 -> 0 | H42: ='GWST Staffing'!C42 -> 0 | I42: =J42*$F42 -> 0 | J42: ='GW M&M Staffing'!C42 -> 0 | K42: =SUM(M42,O42,Q42,S42) -> 0 | L42: =SUM(N42,P42,R42,T42) -> 0 | M42: =N42*$F42 -> 0 | N42: ='NMSA Staffing'!C42 -> 0 | O42: =P42*$F42 -> 0 | P42: ='NASQAN Staffing'!C42 -> 0 | Q42: =R42*$F42 -> 0 | R42: ='NMN Staffing'!C42 -> 0 | S42: =T42*$F42 -> 0 | T42: ='HBN Staffing'!C42 -> 0 | U42: =V42*$F42 -> 0 | V42: ='SW RSQA Staffing'!C42 -> 0 | W42: =X42*$F42 -> 0 | X42: ='SW Trends Staffing'!C42 -> 0 | Y42: =Z42*$F42 -> 0 | Z42: ='SW Modeling Staffing'!C42 -> 0 | AA42: =AB42*$F42 -> 0 | AB42: ='NADP Staffing'!C42 -> 0 | AC42: =AD42*$F42 -> 0 | AD42: ='NPSP Staffing'!C42 -> 0 | AE42: =AF42*$F42 -> 0 | AF42: ='HST Staffing'!C42 -> 0 | AG42: =AH42*$F42 -> 0 | AH42: ='IWS Staffing'!C42 -> 0
A43: Reference Column / Row (ie., F36) | B43: Comments:
B44: 1
B45: 2
B46: 3
F47: Hours Check | G47: ='GWST Staffing'!F7 -> 0 | H47: ='GWST Staffing'!C7 -> 0 | I47: ='GW M&M Staffing'!H7 -> 0 | J47: ='GW M&M Staffing'!E7 -> 0 | K47: =SUM(M47,O47,Q47,S47) -> 0 | L47: =SUM(N47,P47,R47,T47) -> 0 | M47: ='NMSA Staffing'!F7 -> 0 | N47: ='NMSA Staffing'!C7 -> 0 | O47: ='NASQAN Staffing'!F7 -> 0 | P47: ='NASQAN Staffing'!C7 -> 0 | Q47: ='NMN Staffing'!F7 -> 0 | R47: ='NMN Staffing'!C7 -> 0 | S47: ='HBN Staffing'!F7 -> 0 | T47: ='HBN Staffing'!C7 -> 0 | U47: ='SW RSQA Staffing'!F7 -> 0 | V47: ='SW RSQA Staffing'!C7 -> 0 | W47: ='SW Trends Staffing'!F7 -> 0 | X47: ='SW Trends Staffing'!C7 -> 0 | Y47: ='SW Modeling Staffing'!F7 -> 0 | Z47: ='SW Modeling Staffing'!C7 -> 0 | AA47: ='NADP Staffing'!F7 -> 0 | AB47: ='NADP Staffing'!$C7 -> 0 | AC47: ='NPSP Staffing'!F7 -> 0 | AD47: ='NPSP Staffing'!$C7 -> 0 | AE47: ='HST Staffing'!F7 -> 0 | AF47: ='HST Staffing'!C7 -> 0 | AG47: ='IWS Staffing'!F7 -> 0 | AH47: ='IWS Staffing'!$C7 -> 0

Sheet SC Budget Summary
A1: FY 2016 | I1: FY 2015 SC TOTAL (Col J+N+O) | K1: SW and GW Monitoring and Assessment Totals
J2: Groundwater S&T TOTAL | K2: Groundwater M&M TOTAL | L2: SW Fixed Site Network Total | M2: National Monitoring & Status Assessment | N2: Surface Water NASQAN TOTAL | O2: Surface Water NMN TOTAL | P2: Surface Water HBN TOTAL | Q2: SW Regional Water Quality Assessment Study | R2: Surface Water Trends TOTAL | S2: Surface Water Modeling TOTAL | T2: National Atmospheric Deposition Program TOTAL | U2: National Park Service Partnership TOTAL | V2: HST TOTAL | W2: IWS TOTAL
A3: ='START HERE'!$C$3 -> XX
A4: ='START HERE'!$C$4 -> GGXXXX0000
A6: COST CENTER FULL ASSESSMENT RATE | I6: ='START HERE'!$C$2 -> 0 | J6: ='START HERE'!$C$2 -> 0 | K6: ='START HERE'!$C$2 -> 0 | L6: ='START HERE'!$C$2 -> 0 | M6: ='START HERE'!$C$2 -> 0 | N6: ='START HERE'!$C$2 -> 0 | O6: ='START HERE'!$C$2 -> 0 | P6: ='START HERE'!$C$2 -> 0 | ... W6: ='START HERE'!$C$2 -> 0
A9: COLA Rate | I9: =(0.045/26)*18 -> 0.031153846
A10: A. Gross Costs (inclusive of overhead or special rates):
B11: NWQL analytical services paid by NAWQA Headquarters
B12: Other Laboratory analytical services paid by NAWQA Headquarters
B13: Drilling | I13: =SUM(J13:L13,Q13:W13) -> 0 | J13: ='GWST Budget'!I13 -> 0 | K13: ='GW M&M Budget'!I13 -> 0 | L13: =SUM(M13:P13) -> 0 | M13: ='NMSA Budget'!$I13 -> 0 | N13: ='NASQAN Budget'!$I13 -> 0 | O13: ='NMN Budget'!$I13 -> 0 | P13: ='HBN Budget'!$I13 -> 0 | Q13: ='SW Trends Budget'!$I13 -> 0 | R13: ='SW Trends Budget'!$I13 -> 0 | S13: ='SW Modeling Budget'!$I13 -> 0 | T13: ='NADP Budget'!J13 -> 0 | U13: ='NPSP Budget'!K13 -> 0 | V13: ='HST Budget '!I13 -> 0 | W13: ='IWS Budget'!I13 -> 0
B14: Equipment | I14: =SUM(J14:L14,Q14:W14) -> 0 | J14: ='GWST Budget'!I14 -> 0 | K14: ='GW M&M Budget'!I14 -> 0 | L14: =SUM(M14:P14) -> 0 | M14: ='NMSA Budget'!I14 -> 0 | N14: ='NASQAN Budget'!$I14 -> 0 | O14: ='NMN Budget'!$I14 -> 0 | P14: ='HBN Budget'!$I14 -> 0 | Q14: ='SW RSQA Budget'!$I14 -> 0 | R14: ='SW Trends Budget'!$I14 -> 0 | S14: ='SW Modeling Budget'!$I14 -> 0 | T14: ='NADP Budget'!J14 -> 0 | U14: ='NPSP Budget'!K14 -> 0 | V14: ='HST Budget '!I14 -> 0 | W14: ='IWS Budget'!I14 -> 0
B15: SW Streamflow Gaging Operation & Maintenance | I15: =SUM(J15:L15,Q15:W15) -> 0 | J15: ='GWST Budget'!I15 -> 0 | K15: ='GW M&M Budget'!I15 -> 0 | L15: =SUM(M15:P15) -> 0 | M15: ='NMSA Budget'!I15 -> 0 | N15: ='NASQAN Budget'!$I15 -> 0 | O15: ='NMN Budget'!$I15 -> 0 | P15: ='HBN Budget'!$I15 -> 0 | Q15: ='SW RSQA Budget'!$I15 -> 0 | R15: ='SW Trends Budget'!$I15 -> 0 | S15: ='SW Modeling Budget'!$I15 -> 0 | T15: ='NADP Budget'!J15 -> 0 | U15: ='NPSP Budget'!K15 -> 0 | V15: ='HST Budget '!I15 -> 0 | W15: ='IWS Budget'!I15 -> 0
B16: Contracts - must specify | I16: =SUM(J16:L16,Q16:W16) -> 0 | J16: ='GWST Budget'!I16 -> 0 | K16: ='GW M&M Budget'!I16 -> 0 | L16: =SUM(M16:P16) -> 0 | M16: ='NMSA Budget'!I16 -> 0 | N16: ='NASQAN Budget'!$I16 -> 0 | O16: ='NMN Budget'!$I16 -> 0 | P16: ='HBN Budget'!$I16 -> 0 | Q16: ='SW RSQA Budget'!$I16 -> 0 | R16: ='SW Trends Budget'!$I16 -> 0 | S16: ='SW Modeling Budget'!$I16 -> 0 | T16: ='NADP Budget'!J16 -> 0 | U16: ='NPSP Budget'!K16 -> 0 | V16: ='HST Budget '!I16 -> 0 | W16: ='IWS Budget'!I16 -> 0
B17: Science Publishing Network (SPN) | I17: =SUM(J17:L17,Q17:W17) -> 0 | J17: ='GWST Budget'!I17 -> 0 | K17: ='GW M&M Budget'!I17 -> 0 | L17: =SUM(M17:P17) -> 0 | M17: ='NMSA Budget'!I17 -> 0 | N17: ='NASQAN Budget'!$I17 -> 0 | O17: ='NMN Budget'!$I17 -> 0 | P17: ='HBN Budget'!$I17 -> 0 | Q17: ='SW RSQA Budget'!$I17 -> 0 | R17: ='SW Trends Budget'!$I17 -> 0 | S17: ='SW Modeling Budget'!$I17 -> 0 | T17: ='NADP Budget'!J17 -> 0 | U17: ='NPSP Budget'!K17 -> 0 | V17: ='HST Budget '!I17 -> 0 | W17: ='IWS Budget'!I17 -> 0
B18: Other - must specify | I18: =SUM(J18:L18,Q18:W18) -> 0 | J18: ='GWST Budget'!I18 -> 0 | K18: ='GW M&M Budget'!I18 -> 0 | L18: =SUM(M18:P18) -> 0 | M18: ='NMSA Budget'!I18 -> 0 | N18: ='NASQAN Budget'!$I18 -> 0 | O18: ='NMN Budget'!$I18 -> 0 | P18: ='HBN Budget'!$I18 -> 0 | Q18: ='SW RSQA Budget'!$I18 -> 0 | R18: ='SW Trends Budget'!$I18 -> 0 | S18: ='SW Modeling Budget'!$I18 -> 0 | T18: ='NADP Budget'!J18 -> 0 | U18: ='NPSP Budget'!K18 -> 0 | V18: ='HST Budget '!I18 -> 0 | W18: ='IWS Budget'!I18 -> 0
B19: Other - must specify | I19: =SUM(J19:L19,Q19:W19) -> 0 | J19: ='GWST Budget'!I19 -> 0 | K19: ='GW M&M Budget'!I19 -> 0 | L19: =SUM(M19:P19) -> 0 | M19: ='NMSA Budget'!I19 -> 0 | N19: ='NASQAN Budget'!$I19 -> 0 | O19: ='NMN Budget'!$I19 -> 0 | P19: ='HBN Budget'!$I19 -> 0 | Q19: ='SW RSQA Budget'!$I19 -> 0 | R19: ='SW Trends Budget'!$I19 -> 0 | S19: ='SW Modeling Budget'!$I19 -> 0 | T19: ='NADP Budget'!J19 -> 0 | U19: ='NPSP Budget'!K19 -> 0 | V19: ='HST Budget '!I19 -> 0 | W19: ='IWS Budget'!I19 -> 0
B20: Other - must specify | I20: =SUM(J20:L20,Q20:W20) -> 0 | J20: ='GWST Budget'!I20 -> 0 | K20: ='GW M&M Budget'!I20 -> 0 | L20: =SUM(M20:P20) -> 0 | M20: ='NMSA Budget'!I20 -> 0 | N20: ='NASQAN Budget'!$I20 -> 0 | O20: ='NMN Budget'!$I20 -> 0 | P20: ='HBN Budget'!$I20 -> 0 | Q20: ='SW RSQA Budget'!$I20 -> 0 | R20: ='SW Trends Budget'!$I20 -> 0 | S20: ='SW Modeling Budget'!$I20 -> 0 | T20: ='NADP Budget'!J20 -> 0 | U20: ='NPSP Budget'!K20 -> 0 | V20: ='HST Budget '!I20 -> 0 | W20: ='IWS Budget'!I20 -> 0
B21: Other - must specify | I21: =SUM(J21:L21,Q21:W21) -> 0 | J21: ='GWST Budget'!I21 -> 0 | K21: ='GW M&M Budget'!I21 -> 0 | L21: =SUM(M21:O21) -> 0 | M21: ='NMSA Budget'!I21 -> 0 | N21: ='NASQAN Budget'!$I21 -> 0 | O21: ='NMN Budget'!$I21 -> 0 | P21: ='HBN Budget'!$I21 -> 0 | Q21: ='SW RSQA Budget'!$I21 -> 0 | R21: ='SW Trends Budget'!$I21 -> 0 | S21: ='SW Modeling Budget'!$I21 -> 0 | T21: ='NADP Budget'!J21 -> 0 | U21: ='NPSP Budget'!K21 -> 0 | V21: ='HST Budget '!I21 -> 0 | W21: ='IWS Budget'!I21 -> 0
A22: B. Net Costs (cost center overhead to be applied):
B23: Overtime | I23: =SUM(J23:L23,Q23:W23) -> 0 | J23: ='GWST Budget'!I23 -> 0 | K23: ='GW M&M Budget'!I23 -> 0 | L23: =SUM(M23:P23) -> 0 | M23: ='NMSA Budget'!I23 -> 0 | N23: ='NASQAN Budget'!$I23 -> 0 | O23: ='NMN Budget'!$I23 -> 0 | P23: ='HBN Budget'!$I23 -> 0 | Q23: ='SW RSQA Budget'!$I23 -> 0 | R23: ='SW Trends Budget'!$I23 -> 0 | S23: ='SW Modeling Budget'!$I23 -> 0 | T23: ='NADP Budget'!J23 -> 0 | U23: ='NPSP Budget'!K23 -> 0 | V23: ='HST Budget '!I23 -> 0 | W23: ='IWS Budget'!I23 -> 0
B24: Salary (linked to salary for task in "SC Staffing" worksheet) | I24: =SUM(K24,R24,L24,Q24,J24,S24,V24,W24) -> 0 | J24: ='GWST Budget'!I24 -> 0 | K24: ='GW M&M Budget'!I24 -> 0 | L24: =SUM(M24:P24) -> 0 | M24: ='NMSA Budget'!I24 -> 0 | N24: ='NASQAN Budget'!$I24 -> 0 | O24: ='NMN Budget'!$I24 -> 0 | P24: ='HBN Budget'!$I24 -> 0 | Q24: ='SW RSQA Budget'!$I24 -> 0 | R24: ='SW Trends Budget'!$I24 -> 0 | S24: ='SW Modeling Budget'!$I24 -> 0 | T24: ='NADP Budget'!$I24 -> 0 | U24: ='NPSP Budget'!$I24 -> 0 | V24: ='HST Budget '!I24 -> 0 | W24: ='IWS Budget'!$I24 -> 0
B25: Leave (no entry necessary, leave must be included in Salary Line 24)
B26: Awards | I26: =SUM(J26:L26,Q26:W26) -> 0 | J26: ='GWST Budget'!I26 -> 0 | K26: ='GW M&M Budget'!I26 -> 0 | L26: =SUM(M26:P26) -> 0 | M26: ='NMSA Budget'!I26 -> 0 | N26: ='NASQAN Budget'!$I26 -> 0 | O26: ='NMN Budget'!$I26 -> 0 | P26: ='HBN Budget'!$I26 -> 0 | Q26: ='SW RSQA Budget'!$I26 -> 0 | R26: ='SW Trends Budget'!$I26 -> 0 | S26: ='SW Modeling Budget'!$I26 -> 0 | T26: ='NADP Budget'!J26 -> 0 | U26: ='NPSP Budget'!K26 -> 0 | V26: ='HST Budget '!I26 -> 0 | W26: ='IWS Budget'!I26 -> 0
B27: Change of HQs | I27: =SUM(J27:L27,Q27:W27) -> 0 | J27: ='GWST Budget'!I27 -> 0 | K27: ='GW M&M Budget'!I27 -> 0 | L27: =SUM(M27:P27) -> 0 | M27: ='NMSA Budget'!I27 -> 0 | N27: ='NASQAN Budget'!$I27 -> 0 | O27: ='NMN Budget'!$I27 -> 0 | P27: ='HBN Budget'!$I27 -> 0 | Q27: ='SW RSQA Budget'!$I27 -> 0 | R27: ='SW Trends Budget'!$I27 -> 0 | S27: ='SW Modeling Budget'!$I27 -> 0 | T27: ='NADP Budget'!J27 -> 0 | U27: ='NPSP Budget'!K27 -> 0 | V27: ='HST Budget '!I27 -> 0 | W27: ='IWS Budget'!I27 -> 0
B28: Travel | I28: =SUM(J28:L28,Q28:W28) -> 0 | J28: ='GWST Budget'!I28 -> 0 | K28: ='GW M&M Budget'!I28 -> 0 | L28: =SUM(M28:P28) -> 0 | M28: ='NMSA Budget'!I28 -> 0 | N28: ='NASQAN Budget'!$I28 -> 0 | O28: ='NMN Budget'!$I28 -> 0 | P28: ='HBN Budget'!$I28 -> 0 | Q28: ='SW RSQA Budget'!$I28 -> 0 | R28: ='SW Trends Budget'!$I28 -> 0 | S28: ='SW Modeling Budget'!$I28 -> 0 | T28: ='NADP Budget'!J28 -> 0 | U28: ='NPSP Budget'!K28 -> 0 | V28: ='HST Budget '!I28 -> 0 | W28: ='IWS Budget'!I28 -> 0
B29: Postage & Shipping | I29: =SUM(J29:L29,Q29:W29) -> 0 | J29: ='GWST Budget'!I29 -> 0 | K29: ='GW M&M Budget'!I29 -> 0 | L29: =SUM(M29:P29) -> 0 | M29: ='NMSA Budget'!I29 -> 0 | N29: ='NASQAN Budget'!$I29 -> 0 | O29: ='NMN Budget'!$I29 -> 0 | P29: ='HBN Budget'!$I29 -> 0 | Q29: ='SW RSQA Budget'!$I29 -> 0 | R29: ='SW Trends Budget'!$I29 -> 0 | S29: ='SW Modeling Budget'!$I29 -> 0 | T29: ='NADP Budget'!J29 -> 0 | U29: ='NPSP Budget'!K29 -> 0 | V29: ='HST Budget '!I29 -> 0 | W29: ='IWS Budget'!I29 -> 0
B30: Vehicles | I30: =SUM(J30:L30,Q30:W30) -> 0 | J30: ='GWST Budget'!I30 -> 0 | K30: ='GW M&M Budget'!I30 -> 0 | L30: =SUM(M30:P30) -> 0 | M30: ='NMSA Budget'!I30 -> 0 | N30: ='NASQAN Budget'!$I30 -> 0 | O30: ='NMN Budget'!$I30 -> 0 | P30: ='HBN Budget'!$I30 -> 0 | Q30: ='SW RSQA Budget'!$I30 -> 0 | R30: ='SW Trends Budget'!$I30 -> 0 | S30: ='SW Modeling Budget'!$I30 -> 0 | T30: ='NADP Budget'!J30 -> 0 | U30: ='NPSP Budget'!K30 -> 0 | V30: ='HST Budget '!I30 -> 0 | W30: ='IWS Budget'!I30 -> 0
B31: Printing | I31: =SUM(J31:L31,Q31:W31) -> 0 | J31: ='GWST Budget'!I31 -> 0 | K31: ='GW M&M Budget'!I31 -> 0 | L31: =SUM(M31:P31) -> 0 | M31: ='NMSA Budget'!I31 -> 0 | N31: ='NASQAN Budget'!$I31 -> 0 | O31: ='NMN Budget'!$I31 -> 0 | P31: ='HBN Budget'!$I31 -> 0 | Q31: ='SW RSQA Budget'!$I31 -> 0 | R31: ='SW Trends Budget'!$I31 -> 0 | S31: ='SW Modeling Budget'!$I31 -> 0 | T31: ='NADP Budget'!J31 -> 0 | U31: ='NPSP Budget'!K31 -> 0 | V31: ='HST Budget '!I31 -> 0 | W31: ='IWS Budget'!I31 -> 0
B32: Reports processing (for SPN charges use row 17) | I32: =SUM(J32:L32,Q32:W32) -> 0 | J32: ='GWST Budget'!I32 -> 0 | K32: ='GW M&M Budget'!I32 -> 0 | L32: =SUM(M32:P32) -> 0 | M32: ='NMSA Budget'!I32 -> 0 | N32: ='NASQAN Budget'!$I32 -> 0 | O32: ='NMN Budget'!$I32 -> 0 | P32: ='HBN Budget'!$I32 -> 0 | Q32: ='SW RSQA Budget'!$I32 -> 0 | R32: ='SW Trends Budget'!$I32 -> 0 | S32: ='SW Modeling Budget'!$I32 -> 0 | T32: ='NADP Budget'!J32 -> 0 | U32: ='NPSP Budget'!K32 -> 0 | V32: ='HST Budget '!I32 -> 0 | W32: ='IWS Budget'!I32 -> 0
B33: Contracts - must specify | I33: =SUM(J33:L33,Q33:W33) -> 0 | J33: ='GWST Budget'!I33 -> 0 | K33: ='GW M&M Budget'!I33 -> 0 | L33: =SUM(M33:P33) -> 0 | M33: ='NMSA Budget'!I33 -> 0 | N33: ='NASQAN Budget'!$I33 -> 0 | O33: ='NMN Budget'!$I33 -> 0 | P33: ='HBN Budget'!$I33 -> 0 | Q33: ='SW RSQA Budget'!$I33 -> 0 | R33: ='SW Trends Budget'!$I33 -> 0 | S33: ='SW Modeling Budget'!$I33 -> 0 | T33: ='NADP Budget'!J33 -> 0 | U33: ='NPSP Budget'!K33 -> 0 | V33: ='HST Budget '!I33 -> 0 | W33: ='IWS Budget'!I33 -> 0
B34: Contracts - must specify | I34: =SUM(J34:L34,Q34:W34) -> 0 | J34: ='GWST Budget'!I34 -> 0 | K34: ='GW M&M Budget'!I34 -> 0 | L34: =SUM(M34:P34) -> 0 | M34: ='NMSA Budget'!I34 -> 0 | N34: ='NASQAN Budget'!$I34 -> 0 | O34: ='NMN Budget'!$I34 -> 0 | P34: ='HBN Budget'!$I34 -> 0 | Q34: ='SW RSQA Budget'!$I34 -> 0 | R34: ='SW Trends Budget'!$I34 -> 0 | S34: ='SW Modeling Budget'!$I34 -> 0 | T34: ='NADP Budget'!J34 -> 0 | U34: ='NPSP Budget'!K34 -> 0 | V34: ='HST Budget '!I34 -> 0 | W34: ='IWS Budget'!I34 -> 0
B35: Contracts - must specify | I35: =SUM(J35:L35,Q35:W35) -> 0 | J35: ='GWST Budget'!I35 -> 0 | K35: ='GW M&M Budget'!I35 -> 0 | L35: =SUM(M35:P35) -> 0 | M35: ='NMSA Budget'!I35 -> 0 | N35: ='NASQAN Budget'!$I35 -> 0 | O35: ='NMN Budget'!$I35 -> 0 | P35: ='HBN Budget'!$I35 -> 0 | Q35: ='SW RSQA Budget'!$I35 -> 0 | R35: ='SW Trends Budget'!$I35 -> 0 | S35: ='SW Modeling Budget'!$I35 -> 0 | T35: ='NADP Budget'!J35 -> 0 | U35: ='NPSP Budget'!K35 -> 0 | V35: ='HST Budget '!I35 -> 0 | W35: ='IWS Budget'!I35 -> 0
B36: Training - must specify in comment rows below | I36: =SUM(J36:L36,Q36:W36) -> 0 | J36: ='GWST Budget'!I36 -> 0 | K36: ='GW M&M Budget'!I36 -> 0 | L36: =SUM(M36:P36) -> 0 | M36: ='NMSA Budget'!I36 -> 0 | N36: ='NASQAN Budget'!$I36 -> 0 | O36: ='NMN Budget'!$I36 -> 0 | P36: ='HBN Budget'!$I36 -> 0 | Q36: ='SW RSQA Budget'!$I36 -> 0 | R36: ='SW Trends Budget'!$I36 -> 0 | S36: ='SW Modeling Budget'!$I36 -> 0 | T36: ='NADP Budget'!J36 -> 0 | U36: ='NPSP Budget'!K36 -> 0 | V36: ='HST Budget '!I36 -> 0 | W36: ='IWS Budget'!I36 -> 0
B37: Supplies | I37: =SUM(J37:L37,Q37:W37) -> 0 | J37: ='GWST Budget'!I37 -> 0 | K37: ='GW M&M Budget'!I37 -> 0 | L37: =SUM(M37:P37) -> 0 | M37: ='NMSA Budget'!I37 -> 0 | N37: ='NASQAN Budget'!$I37 -> 0 | O37: ='NMN Budget'!$I37 -> 0 | P37: ='HBN Budget'!$I37 -> 0 | Q37: ='SW RSQA Budget'!$I37 -> 0 | R37: ='SW Trends Budget'!$I37 -> 0 | S37: ='SW Modeling Budget'!$I37 -> 0 | T37: ='NADP Budget'!J37 -> 0 | U37: ='NPSP Budget'!K37 -> 0 | V37: ='HST Budget '!I37 -> 0 | W37: ='IWS Budget'!I37 -> 0
... B40: Miscellaneous [cell phones, etc.] | I40: =SUM(J40:L40,Q40:W40) -> 0 | J40: ='GWST Budget'!I40 -> 0 | K40: ='GW M&M Budget'!I40 -> 0 | L40: =SUM(M40:P40) -> 0 | M40: ='NMSA Budget'!I40 -> 0 | N40: ='NASQAN Budget'!$I40 -> 0 | O40: ='NMN Budget'!$I40 -> 0 | P40: ='HBN Budget'!$I40 -> 0 | Q40: ='SW RSQA Budget'!$I40 -> 0 | R40: ='SW Trends Budget'!$I40 -> 0 | S40: ='SW Modeling Budget'!$I40 -> 0 | T40: ='NADP Budget'!J40 -> 0 | U40: ='NPSP Budget'!K40 -> 0 | V40: ='HST Budget '!I40 -> 0 | W40: ='IWS Budget'!I40 -> 0
B41: NWQL analytical services
B42: Other Laboratory analytical services
B43: Water Science Center's Sediment Concentration Laboratory | I43: =SUM(J43:L43,Q43:W43) -> 0 | J43: ='GWST Budget'!I43 -> 0 | K43: ='GW M&M Budget'!I43 -> 0 | L43: =SUM(M43:P43) -> 0 | M43: ='NMSA Budget'!I43 -> 0 | N43: ='NASQAN Budget'!$I43 -> 0 | O43: ='NMN Budget'!$I43 -> 0 | P43: ='HBN Budget'!$I43 -> 0 | Q43: ='SW RSQA Budget'!$I43 -> 0 | R43: ='SW Trends Budget'!$I43 -> 0 | S43: ='SW Modeling Budget'!$I43 -> 0 | T43: ='NADP Budget'!J43 -> 0 | U43: ='NPSP Budget'!K43 -> 0 | V43: ='HST Budget '!I43 -> 0 | W43: ='IWS Budget'!I43 -> 0
I44: =SUM(J44:L44,Q44:W44) -> 0 | J44: ='GWST Budget'!I44 -> 0 | K44: ='GW M&M Budget'!I44 -> 0 | L44: =SUM(M44:P44) -> 0 | M44: ='NMSA Budget'!I44 -> 0 | N44: ='NASQAN Budget'!$I44 -> 0 | O44: ='NMN Budget'!$I44 -> 0 | P44: ='HBN Budget'!$I44 -> 0 | Q44: ='SW RSQA Budget'!$I44 -> 0 | R44: ='SW Trends Budget'!$I44 -> 0 | S44: ='SW Modeling Budget'!$I44 -> 0 | T44: ='NADP Budget'!J44 -> 0 | U44: ='NPSP Budget'!K44 -> 0 | V44: ='HST Budget '!I44 -> 0 | W44: ='IWS Budget'!I44 -> 0
B45: SW Streamflow Gaging Operation & Maintenance | I45: =SUM(J45:L45,Q45:W45) -> 0 | J45: ='GWST Budget'!I45 -> 0 | K45: ='GW M&M Budget'!I45 -> 0 | L45: =SUM(M45:P45) -> 0 | M45: ='NMSA Budget'!I45 -> 0 | N45: ='NASQAN Budget'!$I45 -> 0 | O45: ='NMN Budget'!$I45 -> 0 | P45: ='HBN Budget'!$I45 -> 0 | Q45: ='SW RSQA Budget'!$I45 -> 0 | R45: ='SW Trends Budget'!$I45 -> 0 | S45: ='SW Modeling Budget'!$I45 -> 0 | T45: ='NADP Budget'!J45 -> 0 | U45: ='NPSP Budget'!K45 -> 0 | V45: ='HST Budget '!I45 -> 0 | W45: ='IWS Budget'!I45 -> 0
B46: Enter Distributed Direct Costs in rows 47-52: | I46: =SUM(J46:L46,Q46:W46) -> 0 | J46: ='GWST Budget'!I46 -> 0 | K46: ='GW M&M Budget'!I46 -> 0 | L46: =SUM(M46:P46) -> 0 | M46: ='NMSA Budget'!I46 -> 0 | N46: ='NASQAN Budget'!$I46 -> 0 | O46: ='NMN Budget'!$I46 -> 0 | P46: ='HBN Budget'!$I46 -> 0 | Q46: ='SW RSQA Budget'!$I46 -> 0 | R46: ='SW Trends Budget'!$I46 -> 0 | S46: ='SW Modeling Budget'!$I46 -> 0 | T46: ='NADP Budget'!J46 -> 0 | U46: ='NPSP Budget'!K46 -> 0 | V46: ='HST Budget '!I46 -> 0 | W46: ='IWS Budget'!I46 -> 0
B47: Other - must specify | I47: =SUM(J47:L47,Q47:W47) -> 0 | J47: ='GWST Budget'!I47 -> 0 | K47: ='GW M&M Budget'!I47 -> 0 | L47: =SUM(M47:P47) -> 0 | M47: ='NMSA Budget'!I47 -> 0 | N47: ='NASQAN Budget'!$I47 -> 0 | O47: ='NMN Budget'!$I47 -> 0 | P47: ='HBN Budget'!$I47 -> 0 | Q47: ='SW RSQA Budget'!$I47 -> 0 | R47: ='SW Trends Budget'!$I47 -> 0 | S47: ='SW Modeling Budget'!$I47 -> 0 | T47: ='NADP Budget'!J47 -> 0 | U47: ='NPSP Budget'!K47 -> 0 | V47: ='HST Budget '!I47 -> 0 | W47: ='IWS Budget'!I47 -> 0
B48: Other - must specify | I48: =SUM(J48:L48,Q48:W48) -> 0 | J48: ='GWST Budget'!I48 -> 0 | K48: ='GW M&M Budget'!I48 -> 0 | L48: =SUM(M48:P48) -> 0 | M48: ='NMSA Budget'!I48 -> 0 | N48: ='NASQAN Budget'!$I48 -> 0 | O48: ='NMN Budget'!$I48 -> 0 | P48: ='HBN Budget'!$I48 -> 0 | Q48: ='SW RSQA Budget'!$I48 -> 0 | R48: ='SW Trends Budget'!$I48 -> 0 | S48: ='SW Modeling Budget'!$I48 -> 0 | T48: ='NADP Budget'!J48 -> 0 | U48: ='NPSP Budget'!K48 -> 0 | V48: ='HST Budget '!I48 -> 0 | W48: ='IWS Budget'!I48 -> 0
B49: Other - must specify | I49: =SUM(J49:L49,Q49:W49) -> 0 | J49: ='GWST Budget'!I49 -> 0 | K49: ='GW M&M Budget'!I49 -> 0 | L49: =SUM(M49:P49) -> 0 | M49: ='NMSA Budget'!I49 -> 0 | N49: ='NASQAN Budget'!$I49 -> 0 | O49: ='NMN Budget'!$I49 -> 0 | P49: ='HBN Budget'!$I49 -> 0 | Q49: ='SW RSQA Budget'!$I49 -> 0 | R49: ='SW Trends Budget'!$I49 -> 0 | S49: ='SW Modeling Budget'!$I49 -> 0 | T49: ='NADP Budget'!J49 -> 0 | U49: ='NPSP Budget'!K49 -> 0 | V49: ='HST Budget '!I49 -> 0 | W49: ='IWS Budget'!I49 -> 0
B50: Other - must specify | I50: =SUM(J50:L50,Q50:W50) -> 0 | J50: ='GWST Budget'!I50 -> 0 | K50: ='GW M&M Budget'!I50 -> 0 | L50: =SUM(M50:P50) -> 0 | M50: ='NMSA Budget'!I50 -> 0 | N50: ='NASQAN Budget'!$I50 -> 0 | O50: ='NMN Budget'!$I50 -> 0 | P50: ='HBN Budget'!$I50 -> 0 | Q50: ='SW RSQA Budget'!$I50 -> 0 | R50: ='SW Trends Budget'!$I50 -> 0 | S50: ='SW Modeling Budget'!$I50 -> 0 | T50: ='NADP Budget'!J50 -> 0 | U50: ='NPSP Budget'!K50 -> 0 | V50: ='HST Budget '!I50 -> 0 | W50: ='IWS Budget'!I50 -> 0
B51: Other - must specify | I51: =SUM(J51:L51,Q51:W51) -> 0 | J51: ='GWST Budget'!I51 -> 0 | K51: ='GW M&M Budget'!I51 -> 0 | L51: =SUM(M51:P51) -> 0 | M51: ='NMSA Budget'!I51 -> 0 | N51: ='NASQAN Budget'!$I51 -> 0 | O51: ='NMN Budget'!$I51 -> 0 | P51: ='HBN Budget'!$I51 -> 0 | Q51: ='SW RSQA Budget'!$I51 -> 0 | R51: ='SW Trends Budget'!$I51 -> 0 | S51: ='SW Modeling Budget'!$I51 -> 0 | T51: ='NADP Budget'!J51 -> 0 | U51: ='NPSP Budget'!K51 -> 0 | V51: ='HST Budget '!I51 -> 0 | W51: ='IWS Budget'!I51 -> 0
B52: Other - must specify | I52: =SUM(J52:L52,Q52:W52) -> 0 | J52: ='GWST Budget'!I52 -> 0 | K52: ='GW M&M Budget'!I52 -> 0 | L52: =SUM(M52:P52) -> 0 | M52: ='NMSA Budget'!I52 -> 0 | N52: ='NASQAN Budget'!$I52 -> 0 | O52: ='NMN Budget'!$I52 -> 0 | P52: ='HBN Budget'!$I52 -> 0 | Q52: ='SW RSQA Budget'!$I52 -> 0 | R52: ='SW Trends Budget'!$I52 -> 0 | S52: ='SW Modeling Budget'!$I52 -> 0 | T52: ='NADP Budget'!J52 -> 0 | U52: ='NPSP Budget'!K52 -> 0 | V52: ='HST Budget '!I52 -> 0 | W52: ='IWS Budget'!I52 -> 0
A53: TOTAL WSC FUNDS W/O DIST OH | I53: =SUM(J53:L53,Q53:W53) -> 0 | J53: =SUM(J13:J52) -> 0 | K53: =SUM(K13:K52) -> 0 | L53: =SUM(M53:O53) -> 0 | M53: =SUM(M13:M52) -> 0 | N53: =SUM(N13:N52) -> 0 | O53: =SUM(O13:O52) -> 0 | P53: =SUM(P13:P52) -> 0 | Q53: =SUM(Q13:Q52) -> 0 | R53: =SUM(R13:R52) -> 0 | S53: =SUM(S13:S52) -> 0 | T53: =SUM(T13:T52) -> 0 | ... W53: =SUM(W13:W52) -> 0
A54: 2. CALCULATE GROSS FUNDS TO THE WSC
A55: A. Subtotal: Funds passed through to other cost centers | I55: =SUM(J55:L55,Q55:W55) -> 0 | J55: =SUM(J13:J21) -> 0 | K55: =SUM(K13:K21) -> 0 | L55: =SUM(M55:O55) -> 0 | M55: =SUM(M13:M21) -> 0 | N55: =SUM(N13:N21) -> 0 | O55: =SUM(O13:O21) -> 0 | P55: =SUM(P13:P21) -> 0 | Q55: =SUM(Q13:Q21) -> 0 | R55: =SUM(R13:R21) -> 0 | S55: =SUM(S13:S21) -> 0 | T55: =SUM(T13:T21) -> 0 | ... W55: =SUM(W13:W21) -> 0
I56: 0
A57: B. Subtotal: Funds changed full cost center assessment | I57: =SUM(J57:L57,Q57:W57) -> 0 | J57: =SUM(J23:J40,J43:J52) -> 0 | K57: =SUM(K23:K40,K43:K52) -> 0 | L57: =SUM(M57:O57) -> 0 | M57: =SUM(M23:M40,M43:M52) -> 0 | N57: =SUM(N23:N40,N43:N52) -> 0 | O57: =SUM(O23:O40,O43:O52) -> 0 | P57: =SUM(P23:P40,P43:P52) -> 0 | Q57: =SUM(Q23:Q40,Q43:Q52) -> 0 | R57: =SUM(R23:R40,R43:R52) -> 0 | S57: =SUM(S23:S40,S43:S52) -> 0 | T57: =SUM(T23:T40,T43:T52) -> 0 | ... W57: =SUM(W23:W40,W43:W52) -> 0
B58: B1. Apply Cost Center Assessment | I58: =SUM(J58:L58,Q58:W58) -> 0 | J58: =(J57)*(J6) -> 0 | K58: =(K57)*(K6) -> 0 | L58: =SUM(M58:O58) -> 0 | M58: =(M57)*(M6) -> 0 | N58: =(N57)*(N6) -> 0 | O58: =(O57)*(O6) -> 0 | P58: =(P57)*(P6) -> 0 | Q58: =(Q57)*(Q6) -> 0 | R58: =(R57)*(R6) -> 0 | S58: =(S57)*(S6) -> 0 | T58: =(T57)*(T6) -> 0 | ... W58: =(W57)*(W6) -> 0
A61: REQUESTED GROSS FUNDS | I61: =SUM(J61:L61,Q61:W61) -> 0 | J61: =SUM(J55:J58) -> 0 | K61: =SUM(K55:K58) -> 0 | L61: =SUM(M61:P61) -> 0 | M61: =SUM(M55:M58) -> 0 | N61: =SUM(N55:N58) -> 0 | O61: =SUM(O55:O58) -> 0 | P61: =SUM(P55:P58) -> 0 | Q61: =SUM(Q55:Q58) -> 0 | R61: =SUM(R55:R58) -> 0 | S61: =SUM(S55:S58) -> 0 | T61: =SUM(T55:T58) -> 0 | ... W61: =SUM(W55:W58) -> 0
A62: Reference Column / Row (ie., F36) | E62: Comments: | I62: NOTE: Please complete "Requested Allocations to WSC" worksheet.
I63: 1
I64: 2
I65: 3
I66: 4
I67: 5
I68: 6
I69: 7
I70: 8
I71: 9
I72: 10
H73: Check | I73: =SUM('SC Staffing Summary'!M7,'SC Staffing Summary'!O7,'SC Staffing Summary'!Q7,'SC Staffing Summary'!U7,'SC Staffing Summary'!G7) -> 0 | J73: ='SC Staffing Summary'!G7 -> 0 | K73: ='SC Staffing Summary'!H7 -> 0 | L73: ='SC Staffing Summary'!I7 -> 0 | M73: ='SC Staffing Summary'!J7 -> 0 | N73: ='SC Staffing Summary'!K7 -> 0 | O73: ='SC Staffing Summary'!L7 -> 0 | P73: ='SC Staffing Summary'!M7 -> 0 | Q73: ='SC Staffing Summary'!N7 -> 0 | ... W73: ='SC Staffing Summary'!T7 -> 0
I74: =SUM(I13:L52,Q13:W52) -> 0
I75: =SUM(M55:W55,M57:W58,I57:K58,I55:K55) -> 0

Sheet GWST Staffing
A1: ='SC Staffing Summary'!A1:F2 -> FY 2016 | I1: Ground-Water Status & Trends
I2: GW Status & Trends Sampling & Data Collection | Y2: Ground-Water Status & Trends Data Analysis & Reports | AF2: From table 2 of the FY16 GWST Workplan.
A3: ='START HERE'!$C$3 -> XX | G3: GW Program Principal Aquifer Analysts | I3: GW Network #1 | K3: GW Network #2 | M3: GW Network #3 | O3: GW Network #4 | Q3: GW Network #5 | S3: GW Network #6 | U3: GW Network #7 | W3: GW Network #8 | Y3: GW Trends Report | AA3: GW Trends Report | AC3: GW Trends Report | AF3: Water Science Center | AG3: Network Sucode | AH3: Network Type | AI3: Network Type | AJ3: Work Planned | AK3: Sampling Season | AL3: Number of wells planned for FY16 sampling
A4: ='START HERE'!C4 -> GGXXXX0000 | I4: For each column pair, I-X, enter the network sucode related to the hours/cost. Sucodes are listed in col AG. | Y4: Insert Rept Code in Cell Y5 | AA4: Insert Rept Code in Cell AA5 | AC4: Insert Rept Code in Cell AC5 | AF4: AL | AG4: moblsus1 | AH4: SUS | AI4: SUS | AJ4: Synoptic waterlevels only | AK4: Summer | AL4: 30
I5: enter network sucode | K5: enter network sucode | M5: enter network sucode | O5: enter network sucode | Q5: enter network sucode | S5: enter network sucode | U5: enter network sucode | W5: enter network sucode | Y5: xxxx | AA5: xxxx# | AC5: xxxx# | AF5: AZ | AG5: cazbsus1a | AH5: SUS | AI5: SUS | AJ5: Synoptic waterlevels only | AK5: Spring | AL5: 25
A6: Name | B6: Position | C6: ='SC Staffing Summary'!C6 -> TOTAL HOURS (work+leave), max 2096 hr per FTE | D6: Grade | E6: Step | F6: Net salary per hr with benefits | G6: Task, net salary with benefits | H6: Hours for Task | I6: Task, net salary with benefits | J6: Hours for Task | K6: Task, net salary with benefits | L6: Hours for Task | M6: Task, net salary with benefits | N6: Hours for Task | O6: Task, net salary with benefits | P6: Hours for Task | Q6: Task, net salary with benefits | R6: Hours for Task | S6: Task, net salary with benefits | T6: Hours for Task | U6: Task, net salary with benefits | V6: Hours for Task | W6: Task, net salary with benefits | X6: Hours for Task | Y6: Task, net salary with benefits | Z6: Hours for Task | AA6: Task, net salary with benefits | AB6: Hours for Task | AC6: Task, net salary with benefits | AD6: Hours for Task | AF6: CA | AG6: cvaletn1 | AH6: ETN | AI6: ETN | AJ6: Sample network bimonthly | AK6: Varies | AL6: 3
B7: TOTAL | C7: =SUM(C8:C42) -> 0 | F7: =SUM(G7,I7,K7,M7,O7,Q7,S7,U7,W7,Y7,AA7,AC7) -> 0 | G7: =SUM(G8:G42) -> 0 | H7: =SUM(H8:H42) -> 0 | I7: =SUM(I8:I42) -> 0 | J7: =SUM(J8:J42) -> 0 | K7: =SUM(K8:K42) -> 0 | L7: =SUM(L8:L42) -> 0 | M7: =SUM(M8:M42) -> 0 | N7: =SUM(N8:N42) -> 0 | ... AD7: =SUM(AD8:AD42) -> 0 | AF7: CA | AG7: sacrsus4 | AH7: SUS | AI7: SUS | AJ7: Synoptic waterlevels only | AK7: Fall | AL7: 30
A8: ='SC Staffing Summary'!$A$8 -> 0 | B8: ='SC Staffing Summary'!B8 -> NAWQA-- SC Contact | C8: =SUM(H8,J8,L8,N8,P8,R8,T8,V8,X8,Z8,AB8,AD8) -> 0 | D8: ='SC Staffing Summary'!D8 -> 0 | E8: ='SC Staffing Summary'!E8 -> 0 | F8: ='SC Staffing Summary'!F8 -> 0 | G8: =$F$8*H8 -> 0 | I8: =$F$8*J8 -> 0 | J8: 0 | K8: =$F$8*L8 -> 0 | M8: =$F$8*N8 -> 0 | N8: 0 | O8: =$F$8*P8 -> 0 | P8: 0 | Q8: =$F$8*R8 -> 0 | R8: 0 | S8: =$F$8*T8 -> 0 | T8: 0 | U8: =$F$8*V8 -> 0 | V8: 0 | W8: =$F$8*X8 -> 0 | X8: 0 | Y8: =$F$8*Z8 -> 0 | Z8: 0 | AA8: =$F$8*AB8 -> 0 | AB8: 0 | AC8: =$F$8*AD8 -> 0 | AD8: 0 | AF8: CA | AG8: sanasus1 | AH8: SUS | AI8: SUS | AJ8: Synoptic waterlevels only | AK8: Spring | AL8: 23
A9: ='SC Staffing Summary'!$A$9 -> 0 | B9: ='SC Staffing Summary'!$B$9 -> Specify | C9: =SUM(H9,J9,L9,N9,P9,R9,T9,V9,X9,Z9,AB9,AD9) -> 0 | D9: ='SC Staffing Summary'!D9 -> 0 | E9: ='SC Staffing Summary'!E9 -> 0 | F9: ='SC Staffing Summary'!F9 -> 0 | G9: =$F$9*H9 -> 0 | H9: 0 | I9: =$F$9*J9 -> 0 | J9: 0 | K9: =$F$9*L9 -> 0 | L9: 0 | M9: =$F$9*N9 -> 0 | N9: 0 | O9: =$F$9*P9 -> 0 | P9: 0 | Q9: =$F$9*R9 -> 0 | R9: 0 | S9: =$F$9*T9 -> 0 | T9: 0 | U9: =$F$9*V9 -> 0 | V9: 0 | W9: =$F$9*X9 -> 0 | X9: 0 | Y9: =$F$9*Z9 -> 0 | Z9: 0 | AA9: =$F$9*AB9 -> 0 | AB9: 0 | AC9: =$F$9*AD9 -> 0 | AD9: 0 | AF9: CA | AG9: sanasus2 | AH9: SUS | AI9: SUS | AJ9: Synoptic waterlevels only | AK9: Spring | AL9: 22
A10: ='SC Staffing Summary'!$A$10 -> 0 | B10: ='SC Staffing Summary'!$B$10 -> Specify | C10: =SUM(H10,J10,L10,N10,P10,R10,T10,V10,X10,Z10,AB10,AD10) -> 0 | D10: ='SC Staffing Summary'!D10 -> 0 | E10: ='SC Staffing Summary'!E10 -> 0 | F10: ='SC Staffing Summary'!F10 -> 0 | G10: =$F$10*H10 -> 0 | H10: 0 | I10: =$F$10*J10 -> 0 | J10: 0 | K10: =$F$10*L10 -> 0 | L10: 0 | M10: =$F$10*N10 -> 0 | N10: 0 | O10: =$F$10*P10 -> 0 | P10: 0 | Q10: =$F$10*R10 -> 0 | R10: 0 | S10: =$F$10*T10 -> 0 | T10: 0 | U10: =$F$10*V10 -> 0 | V10: 0 | W10: =$F$10*X10 -> 0 | X10: 0 | Y10: =$F$10*Z10 -> 0 | Z10: 0 | AA10: =$F$10*AB10 -> 0 | AB10: 0 | AC10: =$F$10*AD10 -> 0 | AD10: 0 | AF10: CA | AG10: sanjlusor2a | AH10: LUS | AI10: LUS | AJ10: Synoptic waterlevels only | AK10: Summer | AL10: 25
A11: ='SC Staffing Summary'!$A$11 -> 0 | B11: ='SC Staffing Summary'!$B$11 -> Specify | C11: =SUM(H11,J11,L11,N11,P11,R11,T11,V11,X11,Z11,AB11,AD11) -> 0 | D11: ='SC Staffing Summary'!D11 -> 0 | E11: ='SC Staffing Summary'!E11 -> 0 | F11: ='SC Staffing Summary'!F11 -> 0 | G11: =$F$11*H11 -> 0 | H11: 0 | I11: =$F$11*J11 -> 0 | J11: 0 | K11: =$F$11*L11 -> 0 | L11: 0 | M11: =$F$11*N11 -> 0 | N11: 0 | O11: =$F$11*P11 -> 0 | P11: 0 | Q11: =$F$11*R11 -> 0 | R11: 0 | S11: =$F$11*T11 -> 0 | T11: 0 | U11: =$F$11*V11 -> 0 | V11: 0 | W11: =$F$11*X11 -> 0 | X11: 0 | Y11: =$F$11*Z11 -> 0 | Z11: 0 | AA11: =$F$11*AB11 -> 0 | AB11: 0 | AC11: =$F$11*AD11 -> 0 | AD11: 0 | AF11: FL | AG11: biscpas1 | AH11: PAS | AI11: PAS | AJ11: Sample new network | AK11: TBD | AL11: 40
A12: ='SC Staffing Summary'!$A$12 -> 0 | B12: ='SC Staffing Summary'!$B$12 -> Specify | C12: =SUM(H12,J12,L12,N12,P12,R12,T12,V12,X12,Z12,AB12,AD12) -> 0 | D12: ='SC Staffing Summary'!D12 -> 0 | E12: ='SC Staffing Summary'!E12 -> 0 | F12: ='SC Staffing Summary'!F12 -> 0 | G12: =$F$12*H12 -> 0 | H12: 0 | I12: =$F$12*J12 -> 0 | J12: 0 | K12: =$F$12*L12 -> 0 | L12: 0 | M12: =$F$12*N12 -> 0 | N12: 0 | O12: =$F$12*P12 -> 0 | P12: 0 | Q12: =$F$12*R12 -> 0 | R12: 0 | S12: =$F$12*T12 -> 0 | T12: 0 | U12: =$F$12*V12 -> 0 | V12: 0 | W12: =$F$12*X12 -> 0 | X12: 0 | Y12: =$F$12*Z12 -> 0 | Z12: 0 | AA12: =$F$12*AB12 -> 0 | AB12: 0 | AC12: =$F$12*AD12 -> 0 | AD12: 0 | AF12: FL | AG12: gafllusrc1a + gafllusrc1b | AH12: LUS | AI12: LUS | AJ12: Synoptic waterlevels only | AK12: Summer | AL12: 30
A13: ='SC Staffing Summary'!$A$13 -> 0 | B13: ='SC Staffing Summary'!$B$13 -> Specify | C13: =SUM(H13,J13,L13,N13,P13,R13,T13,V13,X13,Z13,AB13,AD13) -> 0 | D13: ='SC Staffing Summary'!D13 -> 0 | E13: ='SC Staffing Summary'!E13 -> 0 | F13: ='SC Staffing Summary'!F13 -> 0 | G13: =$F$13*H13 -> 0 | H13: 0 | I13: =$F$13*J13 -> 0 | J13: 0 | K13: =$F$13*L13 -> 0 | L13: 0 | M13: =$F$13*N13 -> 0 | N13: 0 | O13: =$F$13*P13 -> 0 | P13: 0 | Q13: =$F$13*R13 -> 0 | R13: 0 | S13: =$F$13*T13 -> 0 | T13: 0 | U13: =$F$13*V13 -> 0 | V13: 0 | W13: =$F$13*X13 -> 0 | X13: 0 | Y13: =$F$13*Z13 -> 0 | Z13: 0 | AA13: =$F$13*AB13 -> 0 | AB13: 0 | AC13: =$F$13*AD13 -> 0 | AD13: 0 | AF13: FL | AG13: sofllusrc1a | AH13: LUS | AI13: LUS | AJ13: Synoptic waterlevels only | AK13: Spring | AL13: 27
A14: ='SC Staffing Summary'!$A$14 -> 0 | B14: ='SC Staffing Summary'!$B$14 -> Specify | C14: =SUM(H14,J14,L14,N14,P14,R14,T14,V14,X14,Z14,AB14,AD14) -> 0 | D14: ='SC Staffing Summary'!D14 -> 0 | E14: ='SC Staffing Summary'!E14 -> 0 | F14: ='SC Staffing Summary'!F14 -> 0 | G14: =$F$14*H14 -> 0 | H14: 0 | I14: =$F$14*J14 -> 0 | J14: 0 | K14: =$F$14*L14 -> 0 | L14: 0 | M14: =$F$14*N14 -> 0 | N14: 0 | O14: =$F$14*P14 -> 0 | P14: 0 | Q14: =$F$14*R14 -> 0 | R14: 0 | S14: =$F$14*T14 -> 0 | T14: 0 | U14: =$F$14*V14 -> 0 | V14: 0 | W14: =$F$14*X14 -> 0 | X14: 0 | Y14: =$F$14*Z14 -> 0 | Z14: 0 | AA14: =$F$14*AB14 -> 0 | AB14: 0 | AC14: =$F$14*AD14 -> 0 | AD14: 0 | AF14: ID | AG14: usnkluscr2 | AH14: LUS | AI14: LUS | AJ14: Resample full network & waterlevels | AK14: Summer | AL14: 30
A15: ='SC Staffing Summary'!$A$15 -> 0 | B15: ='SC Staffing Summary'!$B$15 -> Specify | C15: =SUM(H15,J15,L15,N15,P15,R15,T15,V15,X15,Z15,AB15,AD15) -> 0 | D15: ='SC Staffing Summary'!D15 -> 0 | E15: ='SC Staffing Summary'!E15 -> 0 | F15: ='SC Staffing Summary'!F15 -> 0 | G15: =$F$15*H15 -> 0 | H15: 0 | I15: =$F$15*J15 -> 0 | J15: 0 | K15: =$F$15*L15 -> 0 | L15: 0 | M15: =$F$15*N15 -> 0 | N15: 0 | O15: =$F$15*P15 -> 0 | P15: 0 | Q15: =$F$15*R15 -> 0 | R15: 0 | S15: =$F$15*T15 -> 0 | T15: 0 | U15: =$F$15*V15 -> 0 | V15: 0 | W15: =$F$15*X15 -> 0 | X15: 0 | Y15: =$F$15*Z15 -> 0 | Z15: 0 | AA15: =$F$15*AB15 -> 0 | AB15: 0 | AC15: =$F$15*AD15 -> 0 | AD15: 0 | AF15: IL | AG15: uirbsus3 | AH15: SUS | AI15: SUS | AJ15: Synoptic waterlevels only | AK15: Fall | AL15: 30
A16: ='SC Staffing Summary'!$A$16 -> 0 | B16: ='SC Staffing Summary'!$B$16 -> Specify | C16: =SUM(H16,J16,L16,N16,P16,R16,T16,V16,X16,Z16,AB16,AD16) -> 0 | D16: ='SC Staffing Summary'!D16 -> 0 | E16: ='SC Staffing Summary'!E16 -> 0 | F16: ='SC Staffing Summary'!F16 -> 0 | G16: =$F$16*H16 -> 0 | H16: 0 | I16: =$F$16*J16 -> 0 | J16: 0 | K16: =$F$16*L16 -> 0 | L16: 0 | M16: =$F$16*N16 -> 0 | N16: 0 | O16: =$F$16*P16 -> 0 | P16: 0 | Q16: =$F$16*R16 -> 0 | R16: 0 | S16: =$F$16*T16 -> 0 | T16: 0 | U16: =$F$16*V16 -> 0 | V16: 0 | W16: =$F$16*X16 -> 0 | X16: 0 | Y16: =$F$16*Z16 -> 0 | Z16: 0 | AA16: =$F$16*AB16 -> 0 | AB16: 0 | AC16: =$F$16*AD16 -> 0 | AD16: 0 | AF16: IN | AG16: whitluscr1 | AH16: LUS | AI16: LUS | AJ16: Synoptic waterlevels only | AK16: Fall | AL16: 23
A17: ='SC Staffing Summary'!$A$17 -> 0 | B17: ='SC Staffing Summary'!$B$17 -> Specify | C17: =SUM(H17,J17,L17,N17,P17,R17,T17,V17,X17,Z17,AB17,AD17) -> 0 | D17: ='SC Staffing Summary'!D17 -> 0 | E17: ='SC Staffing Summary'!E17 -> 0 | F17: ='SC Staffing Summary'!F17 -> 0 | G17: =$F$17*H17 -> 0 | H17: 0 | I17: =$F$17*J17 -> 0 | J17: 0 | K17: =$F$17*L17 -> 0 | L17: 0 | M17: =$F$17*N17 -> 0 | N17: 0 | O17: =$F$17*P17 -> 0 | P17: 0 | Q17: =$F$17*R17 -> 0 | R17: 0 | S17: =$F$17*T17 -> 0 | T17: 0 | U17: =$F$17*V17 -> 0 | V17: 0 | W17: =$F$17*X17 -> 0 | X17: 0 | Y17: =$F$17*Z17 -> 0 | Z17: 0 | AA17: =$F$17*AB17 -> 0 | AB17: 0 | AC17: =$F$17*AD17 -> 0 | AD17: 0 | AF17: LA | AG17: acadlusrc1 | AH17: LUS | AI17: LUS | AJ17: Synoptic waterlevels only | AK17: Spring | AL17: 25
A18: ='SC Staffing Summary'!$A$18 -> 0 | B18: ='SC Staffing Summary'!$B$18 -> Specify | C18: =SUM(H18,J18,L18,N18,P18,R18,T18,V18,X18,Z18,AB18,AD18) -> 0 | D18: ='SC Staffing Summary'!D18 -> 0 | E18: ='SC Staffing Summary'!E18 -> 0 | F18: ='SC Staffing Summary'!F18 -> 0 | G18: =$F$18*H18 -> 0 | H18: 0 | I18: =$F$18*J18 -> 0 | J18: 0 | K18: =$F$18*L18 -> 0 | L18: 0 | M18: =$F$18*N18 -> 0 | N18: 0 | O18: =$F$18*P18 -> 0 | P18: 0 | Q18: =$F$18*R18 -> 0 | R18: 0 | S18: =$F$18*T18 -> 0 | T18: 0 | U18: =$F$18*V18 -> 0 | V18: 0 | W18: =$F$18*X18 -> 0 | X18: 0 | Y18: =$F$18*Z18 -> 0 | Z18: 0 | AA18: =$F$18*AB18 -> 0 | AB18: 0 | AC18: =$F$18*AD18 -> 0 | AD18: 0 | AF18: LA | AG18: acadsus1 | AH18: SUS | AI18: SUS | AJ18: Synoptic waterlevels only | AK18: Summer | AL18: 18
A19: ='SC Staffing Summary'!$A$19 -> 0 | B19: ='SC Staffing Summary'!$B$19 -> Specify | C19: =SUM(H19,J19,L19,N19,P19,R19,T19,V19,X19,Z19,AB19,AD19) -> 0 | D19: ='SC Staffing Summary'!D19 -> 0 | E19: ='SC Staffing Summary'!E19 -> 0 | F19: ='SC Staffing Summary'!F19 -> 0 | G19: =$F$19*H19 -> 0 | H19: 0 | I19: =$F$19*J19 -> 0 | J19: 0 | K19: =$F$19*L19 -> 0 | L19: 0 | M19: =$F$19*N19 -> 0 | N19: 0 | O19: =$F$19*P19 -> 0 | P19: 0 | Q19: =$F$19*R19 -> 0 | R19: 0 | S19: =$F$19*T19 -> 0 | T19: 0 | U19: =$F$19*V19 -> 0 | V19: 0 | W19: =$F$19*X19 -> 0 | X19: 0 | Y19: =$F$19*Z19 -> 0 | Z19: 0 | AA19: =$F$19*AB19 -> 0 | AB19: 0 | AC19: =$F$19*AD19 -> 0 | AD19: 0 | AF19: MD, NY | AG19: nacpmss1 | AH19: MSS | AI19: MSS | AJ19: Sample new network | AK19: TBD | AL19: 50
A20: ='SC Staffing Summary'!$A$20 -> 0 | B20: ='SC Staffing Summary'!$B$20 -> Specify | C20: =SUM(H20,J20,L20,N20,P20,R20,T20,V20,X20,Z20,AB20,AD20) -> 0 | D20: ='SC Staffing Summary'!D20 -> 0 | E20: ='SC Staffing Summary'!E20 -> 0 | F20: ='SC Staffing Summary'!F20 -> 0 | G20: =$F$20*H20 -> 0 | H20: 0 | I20: =$F$20*J20 -> 0 | J20: 0 | K20: =$F$20*L20 -> 0 | L20: 0 | M20: =$F$20*N20 -> 0 | N20: 0 | O20: =$F$20*P20 -> 0 | P20: 0 | Q20: =$F$20*R20 -> 0 | R20: 0 | S20: =$F$20*T20 -> 0 | T20: 0 | U20: =$F$20*V20 -> 0 | V20: 0 | W20: =$F$20*X20 -> 0 | X20: 0 | Y20: =$F$20*Z20 -> 0 | Z20: 0 | AA20: =$F$20*AB20 -> 0 | AB20: 0 | AC20: =$F$20*AD20 -> 0 | AD20: 0 | AF20: MD/DE/DC | AG20: nacpetn1 | AH20: ETN | AI20: ETN | AJ20: Sample network Yearly | AK20: Varies | AL20: 3
A21: ='SC Staffing Summary'!$A$21 -> 0 | B21: ='SC Staffing Summary'!$B$21 -> Specify | C21: =SUM(H21,J21,L21,N21,P21,R21,T21,V21,X21,Z21,AB21,AD21) -> 0 | D21: ='SC Staffing Summary'!D21 -> 0 | E21: ='SC Staffing Summary'!E21 -> 0 | F21: ='SC Staffing Summary'!F21 -> 0 | G21: =$F$21*H21 -> 0 | H21: 0 | I21: =$F$21*J21 -> 0 | J21: 0 | K21: =$F$21*L21 -> 0 | L21: 0 | M21: =$F$21*N21 -> 0 | N21: 0 | O21: =$F$21*P21 -> 0 | P21: 0 | Q21: =$F$21*R21 -> 0 | R21: 0 | S21: =$F$21*T21 -> 0 | T21: 0 | U21: =$F$21*V21 -> 0 | V21: 0 | W21: =$F$21*X21 -> 0 | X21: 0 | Y21: =$F$21*Z21 -> 0 | Z21: 0 | AA21: =$F$21*AB21 -> 0 | AB21: 0 | AC21: =$F$21*AD21 -> 0 | AD21: 0 | AF21: MD/DE/DC | AG21: dlmvluscr1 | AH21: LUS | AI21: LUS | AJ21: Synoptic waterlevels only | AK21: Summer | AL21: 25
A22: ='SC Staffing Summary'!$A$22 -> 0 | B22: ='SC Staffing Summary'!$B$22 -> Specify | C22: =SUM(H22,J22,L22,N22,P22,R22,T22,V22,X22,Z22,AB22,AD22) -> 0 | D22: ='SC Staffing Summary'!D22 -> 0 | E22: ='SC Staffing Summary'!E22 -> 0 | F22: ='SC Staffing Summary'!F22 -> 0 | G22: =$F$22*H22 -> 0 | H22: 0 | I22: =$F$22*J22 -> 0 | J22: 0 | K22: =$F$22*L22 -> 0 | L22: 0 | M22: =$F$22*N22 -> 0 | N22: 0 | O22: =$F$22*P22 -> 0 | P22: 0 | Q22: =$F$22*R22 -> 0 | R22: 0 | S22: =$F$22*T22 -> 0 | T22: 0 | U22: =$F$22*V22 -> 0 | V22: 0 | W22: =$F$22*X22 -> 0 | X22: 0 | Y22: =$F$22*Z22 -> 0 | Z22: 0 | AA22: =$F$22*AB22 -> 0 | AB22: 0 | AC22: =$F$22*AD22 -> 0 | AD22: 0 | AF22: MD/DE/DC | AG22: potolusag1 | AH22: LUS | AI22: LUS | AJ22: Synoptic waterlevels only | AK22: Summer | AL22: 27
A23: ='SC Staffing Summary'!$A$23 -> 0 | B23: ='SC Staffing Summary'!$B$23 -> Specify | C23: =SUM(H23,J23,L23,N23,P23,R23,T23,V23,X23,Z23,AB23,AD23) -> 0 | D23: ='SC Staffing Summary'!D23 -> 0 | E23: ='SC Staffing Summary'!E23 -> 0 | F23: ='SC Staffing Summary'!F23 -> 0 | G23: =$F$23*H23 -> 0 | H23: 0 | I23: =$F$23*J23 -> 0 | J23: 0 | K23: =$F$23*L23 -> 0 | L23: 0 | M23: =$F$23*N23 -> 0 | N23: 0 | O23: =$F$23*P23 -> 0 | P23: 0 | Q23: =$F$23*R23 -> 0 | R23: 0 | S23: =$F$23*T23 -> 0 | T23: 0 | U23: =$F$23*V23 -> 0 | V23: 0 | W23: =$F$23*X23 -> 0 | X23: 0 | Y23: =$F$23*Z23 -> 0 | Z23: 0 | AA23: =$F$23*AB23 -> 0 | AB23: 0 | AC23: =$F$23*AD23 -> 0 | AD23: 0 | AF23: MD/DE/DC | AG23: potosus1 | AH23: SUS | AI23: SUS | AJ23: Synoptic waterlevels only | AK23: Summer | AL23: 25
A24: ='SC Staffing Summary'!$A$24 -> 0 | B24: ='SC Staffing Summary'!$B$24 -> Specify | C24: =SUM(H24,J24,L24,N24,P24,R24,T24,V24,X24,Z24,AB24,AD24) -> 0 | D24: ='SC Staffing Summary'!D24 -> 0 | E24: ='SC Staffing Summary'!E24 -> 0 | F24: ='SC Staffing Summary'!F24 -> 0 | G24: =$F$24*H24 -> 0 | H24: 0 | I24: =$F$24*J24 -> 0 | J24: 0 | K24: =$F$24*L24 -> 0 | L24: 0 | M24: =$F$24*N24 -> 0 | N24: 0 | O24: =$F$24*P24 -> 0 | P24: 0 | Q24: =$F$24*R24 -> 0 | R24: 0 | S24: =$F$24*T24 -> 0 | T24: 0 | U24: =$F$24*V24 -> 0 | V24: 0 | W24: =$F$24*X24 -> 0 | X24: 0 | Y24: =$F$24*Z24 -> 0 | Z24: 0 | AA24: =$F$24*AB24 -> 0 | AB24: 0 | AC24: =$F$24*AD24 -> 0 | AD24: 0 | AF24: MI | AG24: lerilusrc1 | AH24: LUS | AI24: LUS | AJ24: Resample full network & waterlevels | AK24: Fall | AL24: 29
A25: ='SC Staffing Summary'!$A$25 -> 0 | B25: ='SC Staffing Summary'!$B$25 -> Specify | C25: =SUM(H25,J25,L25,N25,P25,R25,T25,V25,X25,Z25,AB25,AD25) -> 0 | D25: ='SC Staffing Summary'!D25 -> 0 | E25: ='SC Staffing Summary'!E25 -> 0 | F25: ='SC Staffing Summary'!F25 -> 0 | G25: =$F$25*H25 -> 0 | H25: 0 | I25: =$F$25*J25 -> 0 | J25: 0 | K25: =$F$25*L25 -> 0 | L25: 0 | M25: =$F$25*N25 -> 0 | N25: 0 | O25: =$F$25*P25 -> 0 | P25: 0 | Q25: =$F$25*R25 -> 0 | R25: 0 | S25: =$F$25*T25 -> 0 | T25: 0 | U25: =$F$25*V25 -> 0 | V25: 0 | W25: =$F$25*X25 -> 0 | X25: 0 | Y25: =$F$25*Z25 -> 0 | Z25: 0 | AA25: =$F$25*AB25 -> 0 | AB25: 0 | AC25: =$F$25*AD25 -> 0 | AD25: 0 | AF25: MI | AG25: lerisus1 | AH25: SUS | AI25: SUS | AJ25: Resample full network & waterlevels | AK25: Fall | AL25: 29
A26: ='SC Staffing Summary'!$A$26 -> 0 | B26: ='SC Staffing Summary'!$B$26 -> Specify | C26: =SUM(H26,J26,L26,N26,P26,R26,T26,V26,X26,Z26,AB26,AD26) -> 0 | D26: ='SC Staffing Summary'!D26 -> 0 | E26: ='SC Staffing Summary'!E26 -> 0 | F26: ='SC Staffing Summary'!F26 -> 0 | G26: =$F$26*H26 -> 0 | H26: 0 | I26: =$F$26*J26 -> 0 | J26: 0 | K26: =$F$26*L26 -> 0 | L26: 0 | M26: =$F$26*N26 -> 0 | N26: 0 | O26: =$F$26*P26 -> 0 | P26: 0 | Q26: =$F$26*R26 -> 0 | R26: 0 | S26: =$F$26*T26 -> 0 | T26: 0 | U26: =$F$26*V26 -> 0 | V26: 0 | W26: =$F$26*X26 -> 0 | X26: 0 | Y26: =$F$26*Z26 -> 0 | Z26: 0 | AA26: =$F$26*AB26 -> 0 | AB26: 0 | AC26: =$F$26*AD26 -> 0 | AD26: 0 | AF26: MI | AG26: glacvfps1 | AH26: VFPS | AI26: VFPS | AJ26: Sample new network | AK26: Fall | AL26: 15
A27: ='SC Staffing Summary'!$A$27 -> 0 | B27: ='SC Staffing Summary'!$B$27 -> Specify | C27: =SUM(H27,J27,L27,N27,P27,R27,T27,V27,X27,Z27,AB27,AD27) -> 0 | D27: ='SC Staffing Summary'!D27 -> 0 | E27: ='SC Staffing Summary'!E27 -> 0 | F27: ='SC Staffing Summary'!F27 -> 0 | G27: =$F$27*H27 -> 0 | H27: 0 | I27: =$F$27*J27 -> 0 | J27: 0 | K27: =$F$27*L27 -> 0 | L27: 0 | M27: =$F$27*N27 -> 0 | N27: 0 | O27: =$F$27*P27 -> 0 | P27: 0 | Q27: =$F$27*R27 -> 0 | R27: 0 | S27: =$F$27*T27 -> 0 | T27: 0 | U27: =$F$27*V27 -> 0 | V27: 0 | W27: =$F$27*X27 -> 0 | X27: 0 | Y27: =$F$27*Z27 -> 0 | Z27: 0 | AA27: =$F$27*AB27 -> 0 | AB27: 0 | AC27: =$F$27*AD27 -> 0 | AD27: 0 | AF27: MN | AG27: umislusrc1 | AH27: LUS | AI27: LUS | AJ27: Resample full network & waterlevels | AK27: Summer | AL27: 30
A28: ='SC Staffing Summary'!$A$28 -> 0 | B28: ='SC Staffing Summary'!$B$28 -> Specify | C28: =SUM(H28,J28,L28,N28,P28,R28,T28,V28,X28,Z28,AB28,AD28) -> 0 | D28: ='SC Staffing Summary'!D28 -> 0 | E28: ='SC Staffing Summary'!E28 -> 0 | F28: ='SC Staffing Summary'!F28 -> 0 | G28: =$F$28*H28 -> 0 | H28: 0 | I28: =$F$28*J28 -> 0 | J28: 0 | K28: =$F$28*L28 -> 0 | L28: 0 | M28: =$F$28*N28 -> 0 | N28: 0 | O28: =$F$28*P28 -> 0 | P28: 0 | Q28: =$F$28*R28 -> 0 | R28: 0 | S28: =$F$28*T28 -> 0 | T28: 0 | U28: =$F$28*V28 -> 0 | V28: 0 | W28: =$F$28*X28 -> 0 | X28: 0 | Y28: =$F$28*Z28 -> 0 | Z28: 0 | AA28: =$F$28*AB28 -> 0 | AB28: 0 | AC28: =$F$28*AD28 -> 0 | AD28: 0 | AF28: MN | AG28: umissus3 | AH28: SUS | AI28: SUS | AJ28: Synoptic waterlevels only | AK28: Summer | AL28: 30
A29: ='SC Staffing Summary'!$A$29 -> 0 | B29: ='SC Staffing Summary'!$B$29 -> Specify | C29: =SUM(H29,J29,L29,N29,P29,R29,T29,V29,X29,Z29,AB29,AD29) -> 0 | D29: ='SC Staffing Summary'!D29 -> 0 | E29: ='SC Staffing Summary'!E29 -> 0 | F29: ='SC Staffing Summary'!F29 -> 0 | G29: =$F$29*H29 -> 0 | H29: 0 | I29: =$F$29*J29 -> 0 | J29: 0 | K29: =$F$29*L29 -> 0 | L29: 0 | M29: =$F$29*N29 -> 0 | N29: 0 | O29: =$F$29*P29 -> 0 | P29: 0 | Q29: =$F$29*R29 -> 0 | R29: 0 | S29: =$F$29*T29 -> 0 | T29: 0 | U29: =$F$29*V29 -> 0 | V29: 0 | W29: =$F$29*X29 -> 0 | X29: 0 | Y29: =$F$29*Z29 -> 0 | Z29: 0 | AA29: =$F$29*AB29 -> 0 | AB29: 0 | AC29: =$F$29*AD29 -> 0 | AD29: 0 | AF29: NC | AG29: albelusag1 | AH29: LUS | AI29: LUS | AJ29: Synoptic waterlevels only | AK29: Spring | AL29: 30
A30: ='SC Staffing Summary'!$A$30 -> 0 | B30: ='SC Staffing Summary'!$B$30 -> Specify | C30: =SUM(H30,J30,L30,N30,P30,R30,T30,V30,X30,Z30,AB30,AD30) -> 0 | D30: ='SC Staffing Summary'!D30 -> 0 | E30: ='SC Staffing Summary'!E30 -> 0 | F30: ='SC Staffing Summary'!F30 -> 0 | G30: =$F$30*H30 -> 0 | H30: 0 | I30: =$F$30*J30 -> 0 | J30: 0 | K30: =$F$30*L30 -> 0 | L30: 0 | M30: =$F$30*N30 -> 0 | N30: 0 | O30: =$F$30*P30 -> 0 | P30: 0 | Q30: =$F$30*R30 -> 0 | R30: 0 | S30: =$F$30*T30 -> 0 | T30: 0 | U30: =$F$30*V30 -> 0 | V30: 0 | W30: =$F$30*X30 -> 0 | X30: 0 | Y30: =$F$30*Z30 -> 0 | Z30: 0 | AA30: =$F$30*AB30 -> 0 | AB30: 0 | AC30: =$F$30*AD30 -> 0 | AD30: 0 | AF30: NH | AG30: negxetn1 | AH30: ETN | AI30: ETN | AJ30: Sample network bimonthly | AK30: Varies | AL30: 3
A31: ='SC Staffing Summary'!$A$31 -> 0 | B31: ='SC Staffing Summary'!$B$31 -> Specify | C31: =SUM(H31,J31,L31,N31,P31,R31,T31,V31,X31,Z31,AB31,AD31) -> 0 | D31: ='SC Staffing Summary'!D31 -> 0 | E31: ='SC Staffing Summary'!E31 -> 0 | F31: ='SC Staffing Summary'!F31 -> 0 | G31: =$F$31*H31 -> 0 | H31: 0 | I31: =$F$31*J31 -> 0 | J31: 0 | K31: =$F$31*L31 -> 0 | L31: 0 | M31: =$F$31*N31 -> 0 | N31: 0 | O31: =$F$31*P31 -> 0 | P31: 0 | Q31: =$F$31*R31 -> 0 | R31: 0 | S31: =$F$31*T31 -> 0 | T31: 0 | U31: =$F$31*V31 -> 0 | V31: 0 | W31: =$F$31*X31 -> 0 | X31: 0 | Y31: =$F$31*Z31 -> 0 | Z31: 0 | AA31: =$F$31*AB31 -> 0 | AB31: 0 | AC31: =$F$31*AD31 -> 0 | AD31: 0 | AF31: NJ | AG31: linjlusrc1 | AH31: LUS | AI31: LUS | AJ31: Synoptic waterlevels only | AK31: Fall | AL31: 29
A32: ='SC Staffing Summary'!$A$32 -> 0 | B32: ='SC Staffing Summary'!$B$32 -> Specify | C32: =SUM(H32,J32,L32,N32,P32,R32,T32,V32,X32,Z32,AB32,AD32) -> 0 | D32: ='SC Staffing Summary'!D32 -> 0 | E32: ='SC Staffing Summary'!E32 -> 0 | F32: ='SC Staffing Summary'!F32 -> 0 | G32: =$F$32*H32 -> 0 | H32: 0 | I32: =$F$32*J32 -> 0 | J32: 0 | K32: =$F$32*L32 -> 0 | L32: 0 | M32: =$F$32*N32 -> 0 | N32: 0 | O32: =$F$32*P32 -> 0 | P32: 0 | Q32: =$F$32*R32 -> 0 | R32: 0 | S32: =$F$32*T32 -> 0 | T32: 0 | U32: =$F$32*V32 -> 0 | V32: 0 | W32: =$F$32*X32 -> 0 | X32: 0 | Y32: =$F$32*Z32 -> 0 | Z32: 0 | AA32: =$F$32*AB32 -> 0 | AB32: 0 | AC32: =$F$32*AD32 -> 0 | AD32: 0 | AF32: NJ | AG32: linjsus2 | AH32: SUS | AI32: SUS | AJ32: Synoptic waterlevels only | AK32: Fall | AL32: 29
A33: ='SC Staffing Summary'!$A$33 -> 0 | B33: ='SC Staffing Summary'!$B$33 -> Specify | C33: =SUM(H33,J33,L33,N33,P33,R33,T33,V33,X33,Z33,AB33,AD33) -> 0 | D33: ='SC Staffing Summary'!D33 -> 0 | E33: ='SC Staffing Summary'!E33 -> 0 | F33: ='SC Staffing Summary'!F33 -> 0 | G33: =$F$33*H33 -> 0 | H33: 0 | I33: =$F$33*J33 -> 0 | J33: 0 | K33: =$F$33*L33 -> 0 | L33: 0 | M33: =$F$33*N33 -> 0 | N33: 0 | O33: =$F$33*P33 -> 0 | P33: 0 | Q33: =$F$33*R33 -> 0 | R33: 0 | S33: =$F$33*T33 -> 0 | T33: 0 | U33: =$F$33*V33 -> 0 | V33: 0 | W33: =$F$33*X33 -> 0 | X33: 0 | Y33: =$F$33*Z33 -> 0 | Z33: 0 | AA33: =$F$33*AB33 -> 0 | AB33: 0 | AC33: =$F$33*AD33 -> 0 | AD33: 0 | AF33: NM | AG33: rioglusag1 | AH33: LUS | AI33: LUS | AJ33: Resample full network & waterlevels | AK33: Spring | AL33: 30
A34: ='SC Staffing Summary'!$A$34 -> 0 | B34: ='SC Staffing Summary'!$B$34 -> Specify | C34: =SUM(H34,J34,L34,N34,P34,R34,T34,V34,X34,Z34,AB34,AD34) -> 0 | D34: ='SC Staffing Summary'!D34 -> 0 | E34: ='SC Staffing Summary'!E34 -> 0 | F34: ='SC Staffing Summary'!F34 -> 0 | G34: =$F$34*H34 -> 0 | H34: 0 | I34: =$F$34*J34 -> 0 | J34: 0 | K34: =$F$34*L34 -> 0 | L34: 0 | M34: =$F$34*N34 -> 0 | N34: 0 | O34: =$F$34*P34 -> 0 | P34: 0 | Q34: =$F$34*R34 -> 0 | R34: 0 | S34: =$F$34*T34 -> 0 | T34: 0 | U34: =$F$34*V34 -> 0 | V34: 0 | W34: =$F$34*X34 -> 0 | X34: 0 | Y34: =$F$34*Z34 -> 0 | Z34: 0 | AA34: =$F$34*AB34 -> 0 | AB34: 0 | AC34: =$F$34*AD34 -> 0 | AD34: 0 | AF34: NM | AG34: rioglusrc1 | AH34: LUS | AI34: LUS | AJ34: Resample full network & waterlevels | AK34: Summer | AL34: 29
A35: ='SC Staffing Summary'!$A$35 -> 0 | B35: ='SC Staffing Summary'!$B$35 -> Specify | C35: =SUM(H35,J35,L35,N35,P35,R35,T35,V35,X35,Z35,AB35,AD35) -> 0 | D35: ='SC Staffing Summary'!D35 -> 0 | E35: ='SC Staffing Summary'!E35 -> 0 | F35: ='SC Staffing Summary'!F35 -> 0 | G35: =$F$35*H35 -> 0 | H35: 0 | I35: =$F$35*J35 -> 0 | J35: 0 | K35: =$F$35*L35 -> 0 | L35: 0 | M35: =$F$35*N35 -> 0 | N35: 0 | O35: =$F$35*P35 -> 0 | P35: 0 | Q35: =$F$35*R35 -> 0 | R35: 0 | S35: =$F$35*T35 -> 0 | T35: 0 | U35: =$F$35*V35 -> 0 | V35: 0 | W35: =$F$35*X35 -> 0 | X35: 0 | Y35: =$F$35*Z35 -> 0 | Z35: 0 | AA35: =$F$35*AB35 -> 0 | AB35: 0 | AC35: =$F$35*AD35 -> 0 | AD35: 0 | AF35: NM | AG35: rgaqetn1 | AH35: ETN | AI35: ETN | AJ35: Sample network Yearly | AK35: Varies | AL35: 3
A36: ='SC Staffing Summary'!$A$36 -> 0 | B36: ='SC Staffing Summary'!$B$36 -> Specify | C36: =SUM(H36,J36,L36,N36,P36,R36,T36,V36,X36,Z36,AB36,AD36) -> 0 | D36: ='SC Staffing Summary'!D36 -> 0 | E36: ='SC Staffing Summary'!E36 -> 0 | F36: ='SC Staffing Summary'!F36 -> 0 | G36: =$F$36*H36 -> 0 | H36: 0 | I36: =$F$36*J36 -> 0 | J36: 0 | K36: =$F$36*L36 -> 0 | L36: 0 | M36: =$F$36*N36 -> 0 | N36: 0 | O36: =$F$36*P36 -> 0 | P36: 0 | Q36: =$F$36*R36 -> 0 | R36: 0 | S36: =$F$36*T36 -> 0 | T36: 0 | U36: =$F$36*V36 -> 0 | V36: 0 | W36: =$F$36*X36 -> 0 | X36: 0 | Y36: =$F$36*Z36 -> 0 | Z36: 0 | AA36: =$F$36*AB36 -> 0 | AB36: 0 | AC36: =$F$36*AD36 -> 0 | AD36: 0 | AF36: NM | AG36: rgaqvfps1 | AH36: VFPS | AI36: VFPS | AJ36: Sample new network | AK36: Summer | AL36: 15
A37: ='SC Staffing Summary'!$A$37 -> 0 | B37: ='SC Staffing Summary'!$B$37 -> Specify | C37: =SUM(H37,J37,L37,N37,P37,R37,T37,V37,X37,Z37,AB37,AD37) -> 0 | D37: ='SC Staffing Summary'!D37 -> 0 | E37: ='SC Staffing Summary'!E37 -> 0 | F37: ='SC Staffing Summary'!F37 -> 0 | G37: =$F$37*H37 -> 0 | H37: 0 | I37: =$F$37*J37 -> 0 | J37: 0 | K37: =$F$37*L37 -> 0 | L37: 0 | M37: =$F$37*N37 -> 0 | N37: 0 | O37: =$F$37*P37 -> 0 | P37: 0 | Q37: =$F$37*R37 -> 0 | R37: 0 | S37: =$F$37*T37 -> 0 | T37: 0 | U37: =$F$37*V37 -> 0 | V37: 0 | W37: =$F$37*X37 -> 0 | X37: 0 | Y37: =$F$37*Z37 -> 0 | Z37: 0 | AA37: =$F$37*AB37 -> 0 | AB37: 0 | AC37: =$F$37*AD37 -> 0 | AD37: 0 | AF37: NV | AG37: nvbrsus2 | AH37: SUS | AI37: SUS | AJ37: Resample full network & waterlevels | AK37: Spring | AL37: 30
A38: ='SC Staffing Summary'!$A$38 -> 0 | B38: ='SC Staffing Summary'!$B$38 -> Specify | C38: =SUM(H38,J38,L38,N38,P38,R38,T38,V38,X38,Z38,AB38,AD38) -> 0 | D38: ='SC Staffing Summary'!D38 -> 0 | E38: ='SC Staffing Summary'!E38 -> 0 | F38: ='SC Staffing Summary'!F38 -> 0 | G38: =$F$38*H38 -> 0 | H38: 0 | I38: =$F$38*J38 -> 0 | J38: 0 | K38: =$F$38*L38 -> 0 | L38: 0 | M38: =$F$38*N38 -> 0 | N38: 0 | O38: =$F$38*P38 -> 0 | P38: 0 | Q38: =$F$38*R38 -> 0 | R38: 0 | S38: =$F$38*T38 -> 0 | T38: 0 | U38: =$F$38*V38 -> 0 | V38: 0 | W38: =$F$38*X38 -> 0 | X38: 0 | Y38: =$F$38*Z38 -> 0 | Z38: 0 | AA38: =$F$38*AB38 -> 0 | AB38: 0 | AC38: =$F$38*AD38 -> 0 | AD38: 0 | AF38: OH | AG38: miamluscr1 | AH38: LUS | AI38: LUS | AJ38: Synoptic waterlevels only | AK38: Summer | AL38: 26
A39: ='SC Staffing Summary'!$A$39 -> 0 | B39: ='SC Staffing Summary'!$B$39 -> Specify | C39: =SUM(H39,J39,L39,N39,P39,R39,T39,V39,X39,Z39,AB39,AD39) -> 0 | D39: ='SC Staffing Summary'!D39 -> 0 | E39: ='SC Staffing Summary'!E39 -> 0 | F39: ='SC Staffing Summary'!F39 -> 0 | G39: =$F$38*H39 -> 0 | H39: 0 | I39: =$F$38*J39 -> 0 | J39: 0 | K39: =$F$38*L39 -> 0 | L39: 0 | M39: =$F$38*N39 -> 0 | N39: 0 | O39: =$F$38*P39 -> 0 | P39: 0 | Q39: =$F$38*R39 -> 0 | R39: 0 | S39: =$F$38*T39 -> 0 | T39: 0 | U39: =$F$38*V39 -> 0 | V39: 0 | W39: =$F$38*X39 -> 0 | X39: 0 | Y39: =$F$38*Z39 -> 0 | Z39: 0 | AA39: =$F$38*AB39 -> 0 | AB39: 0 | AC39: =$F$38*AD39 -> 0 | AD39: 0 | AF39: OR | AG39: clptetn1 | AH39: ETN | AI39: ETN | AJ39: Sample network Yearly | AK39: Varies | AL39: 3
A40: ='SC Staffing Summary'!$A$40 -> 0 | B40: ='SC Staffing Summary'!$B$40 -> Specify | C40: =SUM(H40,J40,L40,N40,P40,R40,T40,V40,X40,Z40,AB40,AD40) -> 0 | D40: ='SC Staffing Summary'!D40 -> 0 | E40: ='SC Staffing Summary'!E40 -> 0 | F40: ='SC Staffing Summary'!F40 -> 0 | G40: =$F$40*H40 -> 0 | H40: 0 | I40: =$F$40*J40 -> 0 | J40: 0 | K40: =$F$40*L40 -> 0 | L40: 0 | M40: =$F$40*N40 -> 0 | N40: 0 | O40: =$F$40*P40 -> 0 | P40: 0 | Q40: =$F$40*R40 -> 0 | R40: 0 | S40: =$F$40*T40 -> 0 | T40: 0 | U40: =$F$40*V40 -> 0 | V40: 0 | W40: =$F$40*X40 -> 0 | X40: 0 | Y40: =$F$40*Z40 -> 0 | Z40: 0 | AA40: =$F$40*AB40 -> 0 | AB40: 0 | AC40: =$F$40*AD40 -> 0 | AD40: 0 | AF40: SC | AG40: santlusrc1 | AH40: LUS | AI40: LUS | AJ40: Resample full network & waterlevels | AK40: Fall | AL40: 26
A41: ='SC Staffing Summary'!$A$41 -> 0 | B41: ='SC Staffing Summary'!$B$41 -> Specify | C41: =SUM(H41,J41,L41,N41,P41,R41,T41,V41,X41,Z41,AB41,AD41) -> 0 | D41: ='SC Staffing Summary'!D41 -> 0 | E41: ='SC Staffing Summary'!E41 -> 0 | F41: ='SC Staffing Summary'!F41 -> 0 | G41: =$F$41*H41 -> 0 | H41: 0 | I41: =$F$41*J41 -> 0 | J41: 0 | K41: =$F$41*L41 -> 0 | L41: 0 | M41: =$F$41*N41 -> 0 | N41: 0 | O41: =$F$41*P41 -> 0 | P41: 0 | Q41: =$F$41*R41 -> 0 | R41: 0 | S41: =$F$41*T41 -> 0 | T41: 0 | U41: =$F$41*V41 -> 0 | V41: 0 | W41: =$F$41*X41 -> 0 | X41: 0 | Y41: =$F$41*Z41 -> 0 | Z41: 0 | AA41: =$F$41*AB41 -> 0 | AB41: 0 | AC41: =$F$41*AD41 -> 0 | AD41: 0 | AF41: SC | AG41: santsus2 | AH41: SUS | AI41: SUS | AJ41: Synoptic waterlevels only | AK41: Spring | AL41: 29
A42: ='SC Staffing Summary'!$A$42 -> 0 | B42: ='SC Staffing Summary'!$B$42 -> Specify | C42: =SUM(H42,J42,L42,N42,P42,R42,T42,V42,X42,Z42,AB42,AD42) -> 0 | D42: ='SC Staffing Summary'!D42 -> 0 | E42: ='SC Staffing Summary'!E42 -> 0 | F42: ='SC Staffing Summary'!F42 -> 0 | G42: =$F$42*H42 -> 0 | H42: 0 | I42: =$F$42*J42 -> 0 | J42: 0 | K42: =$F$42*L42 -> 0 | L42: 0 | M42: =$F$42*N42 -> 0 | N42: 0 | O42: =$F$42*P42 -> 0 | P42: 0 | Q42: =$F$42*R42 -> 0 | R42: 0 | S42: =$F$42*T42 -> 0 | T42: 0 | U42: =$F$42*V42 -> 0 | V42: 0 | W42: =$F$42*X42 -> 0 | X42: 0 | Y42: =$F$42*Z42 -> 0 | Z42: 0 | AA42: =$F$42*AB42 -> 0 | AB42: 0 | AC42: =$F$42*AD42 -> 0 | AD42: 0 | AF42: TN | AG42: metxetn1 | AH42: ETN | AI42: ETN | AJ42: Sample network bimonthly | AK42: Varies | AL42: 2
A43: Reference Column / Row (ie., F36) | B43: Comments: | AF43: TN | AG43: ltenlusag1 | AH43: LUS | AI43: LUS | AJ43: Synoptic waterlevels only | AK43: Spring | AL43: 29
A44: 1 | B44: 1 | C44: 1 | AF44: TN | AG44: tennluscr2 | AH44: LUS | AI44: LUS | AJ44: Synoptic waterlevels only | AK44: Spring | AL44: 30
B45: 2 | C45: 1 | AF45: TX | AG45: hpaqpas1 | AH45: PAS | AI45: PAS | AJ45: Continue sampling network | AK45: TBD | AL45: 16
B46: 3 | C46: 1 | AF46: TX | AG46: edtretn1 | AH46: ETN | AI46: ETN | AJ46: Sample network bimonthly | AK46: Varies | AL46: 3
B47: 4 | C47: 1 | AF47: TX | AG47: TBD | AH47: GWOG | AI47: GWOG | AJ47: Sample new network | AK47: TBD | AL47: 30
B48: 5 | C48: 1 | AF48: TX | AG48: sctxlusrc1 | AH48: LUS | AI48: LUS | AJ48: Synoptic waterlevels only | AK48: Winter | AL48: 30
B49: 6 | AF49: TX | AG49: sctxsus1 | AH49: SUS | AI49: SUS | AJ49: Synoptic waterlevels only | AK49: Summer | AL49: 23
B50: 7 | AF50: UT | AG50: grslsus2 | AH50: SUS | AI50: SUS | AJ50: Synoptic waterlevels only | AK50: Fall | AL50: 27
B51: 8 | AF51: WA | AG51: pugtsus1 | AH51: SUS | AI51: SUS | AJ51: Resample full network & waterlevels | AK51: Fall | AL51: 30
AF52: WA | AG52: ccptlusag2b | AH52: LUS | AI52: LUS | AJ52: Synoptic waterlevels only | AK52: Summer | AL52: 25
AF53: WA | AG53: ccptsus1b | AH53: SUS | AI53: SUS | AJ53: Synoptic waterlevels only | AK53: Summer | AL53: 30
B54: Total Personnel Cost | AF54: WA | AG54: pugtluscr1 | AH54: LUS | AI54: LUS | AJ54: Synoptic waterlevels only | AK54: Summer | AL54: 22
B55: =SUM(G55:AD55) -> 0 | G55: =G7 -> 0 | I55: =I7 -> 0 | K55: =K7 -> 0 | M55: =M7 -> 0 | O55: =O7 -> 0 | Q55: =Q7 -> 0 | S55: =S7 -> 0 | U55: =U7 -> 0 | W55: =W7 -> 0 | Y55: =Y7 -> 0 | AA55: =AA7 -> 0 | AC55: =AC7 -> 0 | AF55: WI | AG55: glacgwiws1 | AH55: GWIWS | AI55: GWIWS | AJ55: Continue sampling network | AK55: Varies | AL55: 4
AF56: WI | AG56: glacetn1 | AH56: ETN | AI56: ETN | AJ56: Sample network Yearly | AK56: Varies | AL56: 4
AF57: WI | AG57: wmiclusag2 | AH57: LUS | AI57: LUS | AJ57: Synoptic waterlevels only | AK57: Fall | AL57: 30
AF58: TBD (possibly AR, IL, KS, KY, MO, OK) | AG58: ozrkpas1 | AH58: PAS | AI58: PAS | AJ58: Sample new network | AK58: TBD | AL58: 60
AF59: TBD (possibly ID, OR, WA) | AG59: clptpas1 | AH59: PAS | AI59: PAS | AJ59: Sample new network | AK59: TBD | AL59: 40

Sheet GWST Budget
A1: FY 2016 | I1: TOTAL Ground Water S&T | J1: GW Program Principal Aquifer Analysts | K1: GW S&T Sub-Total Data Collection | L1: GW Network #1 | M1: GW Network #2 | N1: GW Network #3 | O1: GW Network #4 | P1: GW Network #5 | Q1: GW Network #6 | R1: GW Network #7 | S1: GW Network #8 | T1: GW S&T Sub-Total Data Analysis & Report | U1: GW Report | V1: GW Report | W1: GW Report
A3: ='START HERE'!$C$3 -> XX
A4: ='START HERE'!$C$4 -> GGXXXX0000 | L4: Row 5 automatically entered from row 5 of GW Staffing worksheet | U4: Row 5 automatically entered from row 5 of GW Staffing worksheet
I5: Sum of columns J, K & T | K5: Sum of columns L-S | L5: ='GWST Staffing'!I$5 -> enter network sucode | M5: ='GWST Staffing'!K$5 -> enter network sucode | N5: ='GWST Staffing'!M$5 -> enter network sucode | O5: ='GWST Staffing'!O$5 -> enter network sucode | P5: ='GWST Staffing'!Q$5 -> enter network sucode | Q5: ='GWST Staffing'!S$5 -> enter network sucode | R5: ='GWST Staffing'!U$5 -> enter network sucode | S5: ='GWST Staffing'!W$5 -> enter network sucode | T5: Sum of columns U-W | U5: ='GWST Staffing'!Y5 -> xxxx | V5: ='GWST Staffing'!AA5 -> xxxx# | W5: ='GWST Staffing'!AC5 -> xxxx#
A6: COST CENTER FULL ASSESSMENT RATE | I6: ='START HERE'!$C$2 -> 0 | J6: ='START HERE'!$C$2 -> 0 | K6: ='START HERE'!$C$2 -> 0 | L6: ='START HERE'!$C$2 -> 0 | M6: ='START HERE'!$C$2 -> 0 | N6: ='START HERE'!$C$2 -> 0 | O6: ='START HERE'!$C$2 -> 0 | P6: ='START HERE'!$C$2 -> 0 | ... W6: ='START HERE'!$C$2 -> 0
A9: COLA Rate | I9: =(0.045/26)*18 -> 0.031153846
A10: A. Gross Costs (inclusive of overhead or special rates):
B11: NWQL analytical services paid by NAWQA Headquarters
B12: Other Laboratory analytical services paid by NAWQA Headquarters
B13: Drilling | I13: =SUM(J13,K13,T13) -> 0 | J13: 0 | K13: =SUM(L13:S13) -> 0 | L13: 0 | M13: 0 | N13: 0 | O13: 0 | P13: 0 | Q13: 0 | R13: 0 | S13: 0 | T13: =SUM(U13:W13) -> 0 | U13: 0 | V13: 0 | W13: 0
B14: Equipment | I14: =SUM(J14,K14,T14) -> 0 | J14: 0 | K14: =SUM(L14:S14) -> 0 | L14: 0 | M14: 0 | N14: 0 | O14: 0 | P14: 0 | Q14: 0 | R14: 0 | S14: 0 | T14: =SUM(U14:W14) -> 0 | U14: 0 | V14: 0 | W14: 0
B15: SW Streamflow Gaging Operation & Maintenance
B16: Contracts - must specify | I16: =SUM(J16,K16,T16) -> 0 | J16: 0 | K16: =SUM(L16:S16) -> 0 | L16: 0 | M16: 0 | N16: 0 | O16: 0 | P16: 0 | Q16: 0 | R16: 0 | S16: 0 | T16: =SUM(U16:W16) -> 0 | U16: 0 | V16: 0 | W16: 0
B17: Science Publishing Network (SPN) | I17: =SUM(J17,K17,T17) -> 0 | J17: 0 | K17: =SUM(L17:S17) -> 0 | L17: 0 | M17: 0 | N17: 0 | O17: 0 | P17: 0 | Q17: 0 | R17: 0 | S17: 0 | T17: =SUM(U17:W17) -> 0 | U17: 0 | V17: 0 | W17: 0
B18: Other - must specify | I18: =SUM(J18,K18,T18) -> 0 | J18: 0 | K18: =SUM(L18:S18) -> 0 | L18: 0 | M18: 0 | N18: 0 | O18: 0 | P18: 0 | Q18: 0 | R18: 0 | S18: 0 | T18: =SUM(U18:W18) -> 0 | U18: 0 | V18: 0 | W18: 0
B19: Other - must specify | I19: =SUM(J19,K19,T19) -> 0 | J19: 0 | K19: =SUM(L19:S19) -> 0 | L19: 0 | M19: 0 | N19: 0 | O19: 0 | P19: 0 | Q19: 0 | R19: 0 | S19: 0 | T19: =SUM(U19:W19) -> 0 | U19: 0 | V19: 0 | W19: 0
B20: Other - must specify | I20: =SUM(J20,K20,T20) -> 0 | J20: 0 | K20: =SUM(L20:S20) -> 0 | L20: 0 | M20: 0 | N20: 0 | O20: 0 | P20: 0 | Q20: 0 | R20: 0 | S20: 0 | T20: =SUM(U20:W20) -> 0 | U20: 0 | V20: 0 | W20: 0
B21: Other - must specify | I21: =SUM(J21,K21,T21) -> 0 | J21: 0 | K21: =SUM(L21:S21) -> 0 | L21: 0 | M21: 0 | N21: 0 | O21: 0 | P21: 0 | Q21: 0 | R21: 0 | S21: 0 | T21: =SUM(U21:W21) -> 0 | U21: 0 | V21: 0 | W21: 0
A22: B. Net Costs (cost center overhead to be applied):
B23: Overtime | I23: =SUM(J23,K23,T23) -> 0 | J23: 0 | K23: =SUM(L23:S23) -> 0 | L23: 0 | M23: 0 | N23: 0 | O23: 0 | P23: 0 | Q23: 0 | R23: 0 | S23: 0 | T23: =SUM(U23:W23) -> 0 | U23: 0 | V23: 0 | W23: 0
B24: Salary (linked to salary for task in Staffing worksheet) | I24: =SUM(J24,K24,T24) -> 0 | J24: ='GWST Staffing'!G7 -> 0 | K24: =SUM(L24:S24) -> 0 | L24: ='GWST Staffing'!I7 -> 0 | M24: ='GWST Staffing'!K7 -> 0 | N24: ='GWST Staffing'!M7 -> 0 | O24: ='GWST Staffing'!O7 -> 0 | P24: ='GWST Staffing'!Q7 -> 0 | Q24: ='GWST Staffing'!S7 -> 0 | R24: ='GWST Staffing'!U7 -> 0 | S24: ='GWST Staffing'!W7 -> 0 | T24: =SUM(U24:W24) -> 0 | U24: ='GWST Staffing'!Y7 -> 0 | V24: ='GWST Staffing'!AA7 -> 0 | W24: ='GWST Staffing'!AC7 -> 0
B25: Leave (no entry necessary, leave must be included in Salary Line 24)
B26: Awards | I26: =SUM(J26,K26,T26) -> 0 | J26: 0 | K26: =SUM(L26:S26) -> 0 | L26: 0 | M26: 0 | N26: 0 | O26: 0 | P26: 0 | Q26: 0 | R26: 0 | S26: 0 | T26: =SUM(U26:W26) -> 0 | U26: 0 | V26: 0 | W26: 0
B27: Change of HQs | I27: =SUM(J27,K27,T27) -> 0 | J27: 0 | K27: =SUM(L27:S27) -> 0 | L27: 0 | M27: 0 | N27: 0 | O27: 0 | P27: 0 | Q27: 0 | R27: 0 | S27: 0 | T27: =SUM(U27:W27) -> 0 | U27: 0 | V27: 0 | W27: 0
B28: Travel | I28: =SUM(J28,K28,T28) -> 0 | J28: 0 | K28: =SUM(L28:S28) -> 0 | L28: 0 | M28: 0 | N28: 0 | O28: 0 | P28: 0 | Q28: 0 | R28: 0 | S28: 0 | T28: =SUM(U28:W28) -> 0 | U28: 0 | V28: 0 | W28: 0
B29: Postage & Shipping | I29: =SUM(J29,K29,T29) -> 0 | J29: 0 | K29: =SUM(L29:S29) -> 0 | L29: 0 | M29: 0 | N29: 0 | O29: 0 | P29: 0 | Q29: 0 | R29: 0 | S29: 0 | T29: =SUM(U29:W29) -> 0 | U29: 0 | V29: 0 | W29: 0
B30: Vehicles | I30: =SUM(J30,K30,T30) -> 0 | J30: 0 | K30: =SUM(L30:S30) -> 0 | L30: 0 | M30: 0 | N30: 0 | O30: 0 | P30: 0 | Q30: 0 | R30: 0 | S30: 0 | T30: =SUM(U30:W30) -> 0 | U30: 0 | V30: 0 | W30: 0
B31: Printing | I31: =SUM(J31,K31,T31) -> 0 | J31: 0 | K31: =SUM(L31:S31) -> 0 | L31: 0 | M31: 0 | N31: 0 | O31: 0 | P31: 0 | Q31: 0 | R31: 0 | S31: 0 | T31: =SUM(U31:W31) -> 0 | U31: 0 | V31: 0 | W31: 0
B32: Reports processing (for SPN charges use row 17) | I32: =SUM(J32,K32,T32) -> 0 | J32: 0 | K32: =SUM(L32:S32) -> 0 | L32: 0 | M32: 0 | N32: 0 | O32: 0 | P32: 0 | Q32: 0 | R32: 0 | S32: 0 | T32: =SUM(U32:W32) -> 0 | U32: 0 | V32: 0 | W32: 0
B33: Contracts - must specify | I33: =SUM(J33,K33,T33) -> 0 | J33: 0 | K33: =SUM(L33:S33) -> 0 | L33: 0 | M33: 0 | N33: 0 | O33: 0 | P33: 0 | Q33: 0 | R33: 0 | S33: 0 | T33: =SUM(U33:W33) -> 0 | U33: 0 | V33: 0 | W33: 0
B34: Contracts - must specify | I34: =SUM(J34,K34,T34) -> 0 | J34: 0 | K34: =SUM(L34:S34) -> 0 | L34: 0 | M34: 0 | N34: 0 | O34: 0 | P34: 0 | Q34: 0 | R34: 0 | S34: 0 | T34: =SUM(U34:W34) -> 0 | U34: 0 | V34: 0 | W34: 0
B35: Contracts - must specify | I35: =SUM(J35,K35,T35) -> 0 | J35: 0 | K35: =SUM(L35:S35) -> 0 | L35: 0 | M35: 0 | N35: 0 | O35: 0 | P35: 0 | Q35: 0 | R35: 0 | S35: 0 | T35: =SUM(U35:W35) -> 0 | U35: 0 | V35: 0 | W35: 0
B36: Training - must specify in comment rows below | I36: =SUM(J36,K36,T36) -> 0 | J36: 0 | K36: =SUM(L36:S36) -> 0 | L36: 0 | M36: 0 | N36: 0 | O36: 0 | P36: 0 | Q36: 0 | R36: 0 | S36: 0 | T36: =SUM(U36:W36) -> 0 | U36: 0 | V36: 0 | W36: 0
B37: Supplies | I37: =SUM(J37,K37,T37) -> 0 | J37: 0 | K37: =SUM(L37:S37) -> 0 | L37: 0 | M37: 0 | N37: 0 | O37: 0 | P37: 0 | Q37: 0 | R37: 0 | S37: 0 | T37: =SUM(U37:W37) -> 0 | U37: 0 | V37: 0 | W37: 0
... B40: Miscellaneous [cell phones, etc.] | I40: =SUM(J40,K40,T40) -> 0 | J40: 0 | K40: =SUM(L40:S40) -> 0 | L40: 0 | M40: 0 | N40: 0 | O40: 0 | P40: 0 | Q40: 0 | R40: 0 | S40: 0 | T40: =SUM(U40:W40) -> 0 | U40: 0 | V40: 0 | W40: 0
B41: NWQL analytical services
B42: Other Laboratory analytical services
B43: Water Science Center's Sediment Concentration Laboratory | I43: =SUM(J43,K43,T43) -> 0 | J43: 0 | K43: =SUM(L43:S43) -> 0 | L43: 0 | M43: 0 | N43: 0 | O43: 0 | P43: 0 | Q43: 0 | R43: 0 | S43: 0 | T43: =SUM(U43:W43) -> 0 | U43: 0 | V43: 0 | W43: 0
I44: =SUM(J44,K44,T44) -> 0 | J44: 0 | K44: =SUM(L44:S44) -> 0 | L44: 0 | M44: 0 | N44: 0 | O44: 0 | P44: 0 | Q44: 0 | R44: 0 | S44: 0 | T44: =SUM(U44:W44) -> 0 | U44: 0 | V44: 0 | W44: 0
B45: SW Streamflow Gaging Operation & Maintenance
B46: Enter Distributed Direct Costs in rows 47-52: | I46: =SUM(J46,K46,T46) -> 0 | J46: 0 | K46: =SUM(L46:S46) -> 0 | L46: 0 | M46: 0 | N46: 0 | O46: 0 | P46: 0 | Q46: 0 | R46: 0 | S46: 0 | T46: =SUM(U46:W46) -> 0 | U46: 0 | V46: 0 | W46: 0
B47: Other - must specify | I47: =SUM(J47,K47,T47) -> 0 | J47: 0 | K47: =SUM(L47:S47) -> 0 | L47: 0 | M47: 0 | N47: 0 | O47: 0 | P47: 0 | Q47: 0 | R47: 0 | S47: 0 | T47: =SUM(U47:W47) -> 0 | U47: 0 | V47: 0 | W47: 0
B48: Other - must specify | I48: =SUM(J48,K48,T48) -> 0 | J48: 0 | K48: =SUM(L48:S48) -> 0 | L48: 0 | M48: 0 | N48: 0 | O48: 0 | P48: 0 | Q48: 0 | R48: 0 | S48: 0 | T48: =SUM(U48:W48) -> 0 | U48: 0 | V48: 0 | W48: 0
B49: Other - must specify | I49: =SUM(J49,K49,T49) -> 0 | J49: 0 | K49: =SUM(L49:S49) -> 0 | L49: 0 | M49: 0 | N49: 0 | O49: 0 | P49: 0 | Q49: 0 | R49: 0 | S49: 0 | T49: =SUM(U49:W49) -> 0 | U49: 0 | V49: 0 | W49: 0
B50: Other - must specify | I50: =SUM(J50,K50,T50) -> 0 | J50: 0 | K50: =SUM(L50:S50) -> 0 | L50: 0 | M50: 0 | N50: 0 | O50: 0 | P50: 0 | Q50: 0 | R50: 0 | S50: 0 | T50: =SUM(U50:W50) -> 0 | U50: 0 | V50: 0 | W50: 0
B51: Other - must specify | I51: =SUM(J51,K51,T51) -> 0 | J51: 0 | K51: =SUM(L51:S51) -> 0 | L51: 0 | M51: 0 | N51: 0 | O51: 0 | P51: 0 | Q51: 0 | R51: 0 | S51: 0 | T51: =SUM(U51:W51) -> 0 | U51: 0 | V51: 0 | W51: 0
B52: Other - must specify | I52: =SUM(J52,K52,T52) -> 0 | J52: 0 | K52: =SUM(L52:S52) -> 0 | L52: 0 | M52: 0 | N52: 0 | O52: 0 | P52: 0 | Q52: 0 | R52: 0 | S52: 0 | T52: =SUM(U52:W52) -> 0 | U52: 0 | V52: 0 | W52: 0
A53: TOTAL WSC FUNDS W/O DIST OH | I53: =SUM(I11:I52) -> 0 | J53: =SUM(J12:J52) -> 0 | K53: =SUM(K12:K52) -> 0 | L53: =SUM(L12:L52) -> 0 | M53: =SUM(M12:M52) -> 0 | N53: =SUM(N12:N52) -> 0 | O53: =SUM(O12:O52) -> 0 | P53: =SUM(P12:P52) -> 0 | Q53: =SUM(Q12:Q52) -> 0 | ... W53: =SUM(W12:W52) -> 0
A54: 2. CALCULATE GROSS FUNDS TO THE WSC
A55: A. Subtotal: Funds passed through to other cost centers | I55: =SUM(I13:I21) -> 0 | J55: =SUM(J13:J21) -> 0 | K55: =SUM(K13:K21) -> 0 | L55: =SUM(L13:L21) -> 0 | M55: =SUM(M13:M21) -> 0 | N55: =SUM(N13:N21) -> 0 | O55: =SUM(O13:O21) -> 0 | P55: =SUM(P13:P21) -> 0 | ... W55: =SUM(W13:W21) -> 0
I56: 0
A57: B. Subtotal: Funds changed full cost center assessment | I57: =SUM(I23:I40,I43:I52) -> 0 | J57: =SUM(J23:J40,J43:J52) -> 0 | K57: =SUM(K23:K40,K43:K52) -> 0 | L57: =SUM(L23:L40,L43:L52) -> 0 | M57: =SUM(M23:M40,M43:M52) -> 0 | N57: =SUM(N23:N40,N43:N52) -> 0 | O57: =SUM(O23:O40,O43:O52) -> 0 | P57: =SUM(P23:P40,P43:P52) -> 0 | ... W57: =SUM(W23:W40,W43:W52) -> 0
B58: B1. Apply Cost Center Assessment | I58: =(I57)*(I6) -> 0 | J58: =(J57)*(J6) -> 0 | K58: =(K57)*(K6) -> 0 | L58: =(L57)*(L6) -> 0 | M58: =(M57)*(M6) -> 0 | N58: =(N57)*(N6) -> 0 | O58: =(O57)*(O6) -> 0 | P58: =(P57)*(P6) -> 0 | ... W58: =(W57)*(W6) -> 0
A61: REQUESTED GROSS FUNDS | I61: =SUM(I55:I58) -> 0 | J61: =SUM(J55:J58) -> 0 | K61: =SUM(K55:K58) -> 0 | L61: =SUM(L55:L58) -> 0 | M61: =SUM(M55:M58) -> 0 | N61: =SUM(N55:N58) -> 0 | O61: =SUM(O55:O58) -> 0 | P61: =SUM(P55:P58) -> 0 | ... W61: =SUM(W55:W58) -> 0
A62: Reference Column / Row (ie., F36) | F62: Comments: | I62: 1
I63: 2
K65: Percentage of requested gross funds to withhold until FY17 | L65: 0 | M65: 0 | N65: 0 | O65: 0 | P65: 0 | Q65: 0 | R65: 0 | S65: 0
K66: (0% for waterlevels, 5% default for QW sampling)
H73: Check | I73: ='GWST Staffing'!B55 -> 0 | J73: GW S&T Staffing
I74: =SUM(J13:J52,L13:S52,U13:W52) -> 0 | J74: Net Total
I75: =SUM(J55:J58,L55:S58,U55:W58) -> 0 | J75: Gross Total

Sheet GW M&M Staffing
A1: ='SC Staffing Summary'!A1:F2 -> FY 2016 | I1: Ground-Water Modeling and Mapping
I2: Tasks | Y2: Reports
A3: ='START HERE'!$C$3 -> XX | G3: GW M&M Managers and Teams (Network Coordinators, PA Leads, Modelers) | I3: Task 1 | K3: Task 2 | M3: Task 3 | O3: Task 4 | Q3: Task 5 | S3: Task 6 | U3: Task 7 | W3: Task 8 | Y3: GW M&M Report (Title) | AA3: GW M&M Report (Title) | AC3: GW M&M Report (Title)
A4: ='START HERE'!C4 -> GGXXXX0000 | I4: For each column pair (example I,J), replace task# with a brief task description and amount of hours | Y4: Insert Rept Code in Cell Y5 | AA4: Insert Rept Code in Cell AA5 | AC4: Insert Rept Code in Cell AC5
Y5: xxxx | AA5: xxxx# | AC5: xxxx#
A6: Name | B6: Position | C6: TOTAL HOURS (work + leave), max 2096 hr per FTE | D6: Grade | E6: Step | F6: Net salary per hr with benefits | G6: Task, net salary with benefits | H6: Hours for Task | I6: Task, net salary with benefits | J6: Hours for Task | K6: Task, net salary with benefits | L6: Hours for Task | M6: Task, net salary with benefits | N6: Hours for Task | O6: Task, net salary with benefits | P6: Hours for Task | Q6: Task, net salary with benefits | R6: Hours for Task | S6: Task, net salary with benefits | T6: Hours for Task | U6: Task, net salary with benefits | V6: Hours for Task | W6: Task, net salary with benefits | X6: Hours for Task | Y6: Task, net salary with benefits | Z6: Hours for Task | AA6: Task, net salary with benefits | AB6: Hours for Task | AC6: Task, net salary with benefits | AD6: Hours for Task
B7: TOTAL | C7: =SUM(C8:C42) -> 0 | F7: =SUM(G7,I7,K7,M7,O7,Q7,S7,U7,W7,Y7,AA7,AC7) -> 0 | G7: =SUM(G8:G42) -> 0 | H7: =SUM(H8:H42) -> 0 | I7: =SUM(I8:I42) -> 0 | J7: =SUM(J8:J42) -> 0 | K7: =SUM(K8:K42) -> 0 | L7: =SUM(L8:L42) -> 0 | M7: =SUM(M8:M42) -> 0 | N7: =SUM(N8:N42) -> 0 | ... AD7: =SUM(AD8:AD42) -> 0
A8: ='SC Staffing Summary'!$A$8 -> 0 | B8: ='SC Staffing Summary'!B8 -> NAWQA-- SC Contact | C8: =SUM(H8,J8,L8,N8,P8,R8,T8,V8,X8,Z8,AB8,AD8) -> 0 | D8: ='SC Staffing Summary'!D8 -> 0 | E8: ='SC Staffing Summary'!E8 -> 0 | F8: ='SC Staffing Summary'!F8 -> 0 | G8: =$F$8*H8 -> 0 | H8: 0 | I8: =$F$8*J8 -> 0 | J8: 0 | K8: =$F$8*L8 -> 0 | L8: 0 | M8: =$F$8*N8 -> 0 | N8: 0 | O8: =$F$8*P8 -> 0 | P8: 0 | Q8: =$F$8*R8 -> 0 | R8: 0 | S8: =$F$8*T8 -> 0 | T8: 0 | U8: =$F$8*V8 -> 0 | V8: 0 | W8: =$F$8*X8 -> 0 | X8: 0 | Y8: =$F$8*Z8 -> 0 | Z8: 0 | AA8: =$F$8*AB8 -> 0 | AB8: 0 | AC8: =$F$8*AD8 -> 0 | AD8: 0
A9: ='SC Staffing Summary'!$A$9 -> 0 | B9: ='SC Staffing Summary'!$B$9 -> Specify | C9: =SUM(H9,J9,L9,N9,P9,R9,T9,V9,X9,Z9,AB9,AD9) -> 0 | D9: ='SC Staffing Summary'!D9 -> 0 | E9: ='SC Staffing Summary'!E9 -> 0 | F9: ='SC Staffing Summary'!F9 -> 0 | G9: =$F$9*H9 -> 0 | H9: 0 | I9: =$F$9*J9 -> 0 | J9: 0 | K9: =$F$9*L9 -> 0 | L9: 0 | M9: =$F$9*N9 -> 0 | N9: 0 | O9: =$F$9*P9 -> 0 | P9: 0 | Q9: =$F$9*R9 -> 0 | R9: 0 | S9: =$F$9*T9 -> 0 | T9: 0 | U9: =$F$9*V9 -> 0 | V9: 0 | W9: =$F$9*X9 -> 0 | X9: 0 | Y9: =$F$9*Z9 -> 0 | Z9: 0 | AA9: =$F$9*AB9 -> 0 | AB9: 0 | AC9: =$F$9*AD9 -> 0 | AD9: 0
A10: ='SC Staffing Summary'!$A$10 -> 0 | B10: ='SC Staffing Summary'!$B$10 -> Specify | C10: =SUM(H10,J10,L10,N10,P10,R10,T10,V10,X10,Z10,AB10,AD10) -> 0 | D10: ='SC Staffing Summary'!D10 -> 0 | E10: ='SC Staffing Summary'!E10 -> 0 | F10: ='SC Staffing Summary'!F10 -> 0 | G10: =$F$10*H10 -> 0 | H10: 0 | I10: =$F$10*J10 -> 0 | J10: 0 | K10: =$F$10*L10 -> 0 | L10: 0 | M10: =$F$10*N10 -> 0 | N10: 0 | O10: =$F$10*P10 -> 0 | P10: 0 | Q10: =$F$10*R10 -> 0 | R10: 0 | S10: =$F$10*T10 -> 0 | T10: 0 | U10: =$F$10*V10 -> 0 | V10: 0 | W10: =$F$10*X10 -> 0 | X10: 0 | Y10: =$F$10*Z10 -> 0 | Z10: 0 | AA10: =$F$10*AB10 -> 0 | AB10: 0 | AC10: =$F$10*AD10 -> 0 | AD10: 0
A11: ='SC Staffing Summary'!$A$11 -> 0 | B11: ='SC Staffing Summary'!$B$11 -> Specify | C11: =SUM(H11,J11,L11,N11,P11,R11,T11,V11,X11,Z11,AB11,AD11) -> 0 | D11: ='SC Staffing Summary'!D11 -> 0 | E11: ='SC Staffing Summary'!E11 -> 0 | F11: ='SC Staffing Summary'!F11 -> 0 | G11: =$F$11*H11 -> 0 | H11: 0 | I11: =$F$11*J11 -> 0 | J11: 0 | K11: =$F$11*L11 -> 0 | L11: 0 | M11: =$F$11*N11 -> 0 | N11: 0 | O11: =$F$11*P11 -> 0 | P11: 0 | Q11: =$F$11*R11 -> 0 | R11: 0 | S11: =$F$11*T11 -> 0 | T11: 0 | U11: =$F$11*V11 -> 0 | V11: 0 | W11: =$F$11*X11 -> 0 | X11: 0 | Y11: =$F$11*Z11 -> 0 | Z11: 0 | AA11: =$F$11*AB11 -> 0 | AB11: 0 | AC11: =$F$11*AD11 -> 0 | AD11: 0
A12: ='SC Staffing Summary'!$A$12 -> 0 | B12: ='SC Staffing Summary'!$B$12 -> Specify | C12: =SUM(H12,J12,L12,N12,P12,R12,T12,V12,X12,Z12,AB12,AD12) -> 0 | D12: ='SC Staffing Summary'!D12 -> 0 | E12: ='SC Staffing Summary'!E12 -> 0 | F12: ='SC Staffing Summary'!F12 -> 0 | G12: =$F$12*H12 -> 0 | H12: 0 | I12: =$F$12*J12 -> 0 | J12: 0 | K12: =$F$12*L12 -> 0 | L12: 0 | M12: =$F$12*N12 -> 0 | N12: 0 | O12: =$F$12*P12 -> 0 | P12: 0 | Q12: =$F$12*R12 -> 0 | R12: 0 | S12: =$F$12*T12 -> 0 | T12: 0 | U12: =$F$12*V12 -> 0 | V12: 0 | W12: =$F$12*X12 -> 0 | X12: 0 | Y12: =$F$12*Z12 -> 0 | Z12: 0 | AA12: =$F$12*AB12 -> 0 | AB12: 0 | AC12: =$F$12*AD12 -> 0 | AD12: 0
A13: ='SC Staffing Summary'!$A$13 -> 0 | B13: ='SC Staffing Summary'!$B$13 -> Specify | C13: =SUM(H13,J13,L13,N13,P13,R13,T13,V13,X13,Z13,AB13,AD13) -> 0 | D13: ='SC Staffing Summary'!D13 -> 0 | E13: ='SC Staffing Summary'!E13 -> 0 | F13: ='SC Staffing Summary'!F13 -> 0 | G13: =$F$13*H13 -> 0 | H13: 0 | I13: =$F$13*J13 -> 0 | J13: 0 | K13: =$F$13*L13 -> 0 | L13: 0 | M13: =$F$13*N13 -> 0 | N13: 0 | O13: =$F$13*P13 -> 0 | P13: 0 | Q13: =$F$13*R13 -> 0 | R13: 0 | S13: =$F$13*T13 -> 0 | T13: 0 | U13: =$F$13*V13 -> 0 | V13: 0 | W13: =$F$13*X13 -> 0 | X13: 0 | Y13: =$F$13*Z13 -> 0 | Z13: 0 | AA13: =$F$13*AB13 -> 0 | AB13: 0 | AC13: =$F$13*AD13 -> 0 | AD13: 0
A14: ='SC Staffing Summary'!$A$14 -> 0 | B14: ='SC Staffing Summary'!$B$14 -> Specify | C14: =SUM(H14,J14,L14,N14,P14,R14,T14,V14,X14,Z14,AB14,AD14) -> 0 | D14: ='SC Staffing Summary'!D14 -> 0 | E14: ='SC Staffing Summary'!E14 -> 0 | F14: ='SC Staffing Summary'!F14 -> 0 | G14: =$F$14*H14 -> 0 | H14: 0 | I14: =$F$14*J14 -> 0 | J14: 0 | K14: =$F$14*L14 -> 0 | L14: 0 | M14: =$F$14*N14 -> 0 | N14: 0 | O14: =$F$14*P14 -> 0 | P14: 0 | Q14: =$F$14*R14 -> 0 | R14: 0 | S14: =$F$14*T14 -> 0 | T14: 0 | U14: =$F$14*V14 -> 0 | V14: 0 | W14: =$F$14*X14 -> 0 | X14: 0 | Y14: =$F$14*Z14 -> 0 | Z14: 0 | AA14: =$F$14*AB14 -> 0 | AB14: 0 | AC14: =$F$14*AD14 -> 0 | AD14: 0
A15: ='SC Staffing Summary'!$A$15 -> 0 | B15: ='SC Staffing Summary'!$B$15 -> Specify | C15: =SUM(H15,J15,L15,N15,P15,R15,T15,V15,X15,Z15,AB15,AD15) -> 0 | D15: ='SC Staffing Summary'!D15 -> 0 | E15: ='SC Staffing Summary'!E15 -> 0 | F15: ='SC Staffing Summary'!F15 -> 0 | G15: =$F$15*H15 -> 0 | H15: 0 | I15: =$F$15*J15 -> 0 | J15: 0 | K15: =$F$15*L15 -> 0 | L15: 0 | M15: =$F$15*N15 -> 0 | N15: 0 | O15: =$F$15*P15 -> 0 | P15: 0 | Q15: =$F$15*R15 -> 0 | R15: 0 | S15: =$F$15*T15 -> 0 | T15: 0 | U15: =$F$15*V15 -> 0 | V15: 0 | W15: =$F$15*X15 -> 0 | X15: 0 | Y15: =$F$15*Z15 -> 0 | Z15: 0 | AA15: =$F$15*AB15 -> 0 | AB15: 0 | AC15: =$F$15*AD15 -> 0 | AD15: 0
A16: ='SC Staffing Summary'!$A$16 -> 0 | B16: ='SC Staffing Summary'!$B$16 -> Specify | C16: =SUM(H16,J16,L16,N16,P16,R16,T16,V16,X16,Z16,AB16,AD16) -> 0 | D16: ='SC Staffing Summary'!D16 -> 0 | E16: ='SC Staffing Summary'!E16 -> 0 | F16: ='SC Staffing Summary'!F16 -> 0 | G16: =$F$16*H16 -> 0 | H16: 0 | I16: =$F$16*J16 -> 0 | J16: 0 | K16: =$F$16*L16 -> 0 | L16: 0 | M16: =$F$16*N16 -> 0 | N16: 0 | O16: =$F$16*P16 -> 0 | P16: 0 | Q16: =$F$16*R16 -> 0 | R16: 0 | S16: =$F$16*T16 -> 0 | T16: 0 | U16: =$F$16*V16 -> 0 | V16: 0 | W16: =$F$16*X16 -> 0 | X16: 0 | Y16: =$F$16*Z16 -> 0 | Z16: 0 | AA16: =$F$16*AB16 -> 0 | AB16: 0 | AC16: =$F$16*AD16 -> 0 | AD16: 0
A17: ='SC Staffing Summary'!$A$17 -> 0 | B17: ='SC Staffing Summary'!$B$17 -> Specify | C17: =SUM(H17,J17,L17,N17,P17,R17,T17,V17,X17,Z17,AB17,AD17) -> 0 | D17: ='SC Staffing Summary'!D17 -> 0 | E17: ='SC Staffing Summary'!E17 -> 0 | F17: ='SC Staffing Summary'!F17 -> 0 | G17: =$F$17*H17 -> 0 | H17: 0 | I17: =$F$17*J17 -> 0 | J17: 0 | K17: =$F$17*L17 -> 0 | L17: 0 | M17: =$F$17*N17 -> 0 | N17: 0 | O17: =$F$17*P17 -> 0 | P17: 0 | Q17: =$F$17*R17 -> 0 | R17: 0 | S17: =$F$17*T17 -> 0 | T17: 0 | U17: =$F$17*V17 -> 0 | V17: 0 | W17: =$F$17*X17 -> 0 | X17: 0 | Y17: =$F$17*Z17 -> 0 | Z17: 0 | AA17: =$F$17*AB17 -> 0 | AB17: 0 | AC17: =$F$17*AD17 -> 0 | AD17: 0
A18: ='SC Staffing Summary'!$A$18 -> 0 | B18: ='SC Staffing Summary'!$B$18 -> Specify | C18: =SUM(H18,J18,L18,N18,P18,R18,T18,V18,X18,Z18,AB18,AD18) -> 0 | D18: ='SC Staffing Summary'!D18 -> 0 | E18: ='SC Staffing Summary'!E18 -> 0 | F18: ='SC Staffing Summary'!F18 -> 0 | G18: =$F$18*H18 -> 0 | H18: 0 | I18: =$F$18*J18 -> 0 | J18: 0 | K18: =$F$18*L18 -> 0 | L18: 0 | M18: =$F$18*N18 -> 0 | N18: 0 | O18: =$F$18*P18 -> 0 | P18: 0 | Q18: =$F$18*R18 -> 0 | R18: 0 | S18: =$F$18*T18 -> 0 | T18: 0 | U18: =$F$18*V18 -> 0 | V18: 0 | W18: =$F$18*X18 -> 0 | X18: 0 | Y18: =$F$18*Z18 -> 0 | Z18: 0 | AA18: =$F$18*AB18 -> 0 | AB18: 0 | AC18: =$F$18*AD18 -> 0 | AD18: 0
A19: ='SC Staffing Summary'!$A$19 -> 0 | B19: ='SC Staffing Summary'!$B$19 -> Specify | C19: =SUM(H19,J19,L19,N19,P19,R19,T19,V19,X19,Z19,AB19,AD19) -> 0 | D19: ='SC Staffing Summary'!D19 -> 0 | E19: ='SC Staffing Summary'!E19 -> 0 | F19: ='SC Staffing Summary'!F19 -> 0 | G19: =$F$19*H19 -> 0 | H19: 0 | I19: =$F$19*J19 -> 0 | J19: 0 | K19: =$F$19*L19 -> 0 | L19: 0 | M19: =$F$19*N19 -> 0 | N19: 0 | O19: =$F$19*P19 -> 0 | P19: 0 | Q19: =$F$19*R19 -> 0 | R19: 0 | S19: =$F$19*T19 -> 0 | T19: 0 | U19: =$F$19*V19 -> 0 | V19: 0 | W19: =$F$19*X19 -> 0 | X19: 0 | Y19: =$F$19*Z19 -> 0 | Z19: 0 | AA19: =$F$19*AB19 -> 0 | AB19: 0 | AC19: =$F$19*AD19 -> 0 | AD19: 0
A20: ='SC Staffing Summary'!$A$20 -> 0 | B20: ='SC Staffing Summary'!$B$20 -> Specify | C20: =SUM(H20,J20,L20,N20,P20,R20,T20,V20,X20,Z20,AB20,AD20) -> 0 | D20: ='SC Staffing Summary'!D20 -> 0 | E20: ='SC Staffing Summary'!E20 -> 0 | F20: ='SC Staffing Summary'!F20 -> 0 | G20: =$F$20*H20 -> 0 | H20: 0 | I20: =$F$20*J20 -> 0 | J20: 0 | K20: =$F$20*L20 -> 0 | L20: 0 | M20: =$F$20*N20 -> 0 | N20: 0 | O20: =$F$20*P20 -> 0 | P20: 0 | Q20: =$F$20*R20 -> 0 | R20: 0 | S20: =$F$20*T20 -> 0 | T20: 0 | U20: =$F$20*V20 -> 0 | V20: 0 | W20: =$F$20*X20 -> 0 | X20: 0 | Y20: =$F$20*Z20 -> 0 | Z20: 0 | AA20: =$F$20*AB20 -> 0 | AB20: 0 | AC20: =$F$20*AD20 -> 0 | AD20: 0
A21: ='SC Staffing Summary'!$A$21 -> 0 | B21: ='SC Staffing Summary'!$B$21 -> Specify | C21: =SUM(H21,J21,L21,N21,P21,R21,T21,V21,X21,Z21,AB21,AD21) -> 0 | D21: ='SC Staffing Summary'!D21 -> 0 | E21: ='SC Staffing Summary'!E21 -> 0 | F21: ='SC Staffing Summary'!F21 -> 0 | G21: =$F$21*H21 -> 0 | H21: 0 | I21: =$F$21*J21 -> 0 | J21: 0 | K21: =$F$21*L21 -> 0 | L21: 0 | M21: =$F$21*N21 -> 0 | N21: 0 | O21: =$F$21*P21 -> 0 | P21: 0 | Q21: =$F$21*R21 -> 0 | R21: 0 | S21: =$F$21*T21 -> 0 | T21: 0 | U21: =$F$21*V21 -> 0 | V21: 0 | W21: =$F$21*X21 -> 0 | X21: 0 | Y21: =$F$21*Z21 -> 0 | Z21: 0 | AA21: =$F$21*AB21 -> 0 | AB21: 0 | AC21: =$F$21*AD21 -> 0 | AD21: 0
A22: ='SC Staffing Summary'!$A$22 -> 0 | B22: ='SC Staffing Summary'!$B$22 -> Specify | C22: =SUM(H22,J22,L22,N22,P22,R22,T22,V22,X22,Z22,AB22,AD22) -> 0 | D22: ='SC Staffing Summary'!D22 -> 0 | E22: ='SC Staffing Summary'!E22 -> 0 | F22: ='SC Staffing Summary'!F22 -> 0 | G22: =$F$22*H22 -> 0 | H22: 0 | I22: =$F$22*J22 -> 0 | J22: 0 | K22: =$F$22*L22 -> 0 | L22: 0 | M22: =$F$22*N22 -> 0 | N22: 0 | O22: =$F$22*P22 -> 0 | P22: 0 | Q22: =$F$22*R22 -> 0 | R22: 0 | S22: =$F$22*T22 -> 0 | T22: 0 | U22: =$F$22*V22 -> 0 | V22: 0 | W22: =$F$22*X22 -> 0 | X22: 0 | Y22: =$F$22*Z22 -> 0 | Z22: 0 | AA22: =$F$22*AB22 -> 0 | AB22: 0 | AC22: =$F$22*AD22 -> 0 | AD22: 0
A23: ='SC Staffing Summary'!$A$23 -> 0 | B23: ='SC Staffing Summary'!$B$23 -> Specify | C23: =SUM(H23,J23,L23,N23,P23,R23,T23,V23,X23,Z23,AB23,AD23) -> 0 | D23: ='SC Staffing Summary'!D23 -> 0 | E23: ='SC Staffing Summary'!E23 -> 0 | F23: ='SC Staffing Summary'!F23 -> 0 | G23: =$F$23*H23 -> 0 | H23: 0 | I23: =$F$23*J23 -> 0 | J23: 0 | K23: =$F$23*L23 -> 0 | L23: 0 | M23: =$F$23*N23 -> 0 | N23: 0 | O23: =$F$23*P23 -> 0 | P23: 0 | Q23: =$F$23*R23 -> 0 | R23: 0 | S23: =$F$23*T23 -> 0 | T23: 0 | U23: =$F$23*V23 -> 0 | V23: 0 | W23: =$F$23*X23 -> 0 | X23: 0 | Y23: =$F$23*Z23 -> 0 | Z23: 0 | AA23: =$F$23*AB23 -> 0 | AB23: 0 | AC23: =$F$23*AD23 -> 0 | AD23: 0
A24: ='SC Staffing Summary'!$A$24 -> 0 | B24: ='SC Staffing Summary'!$B$24 -> Specify | C24: =SUM(H24,J24,L24,N24,P24,R24,T24,V24,X24,Z24,AB24,AD24) -> 0 | D24: ='SC Staffing Summary'!D24 -> 0 | E24: ='SC Staffing Summary'!E24 -> 0 | F24: ='SC Staffing Summary'!F24 -> 0 | G24: =$F$24*H24 -> 0 | H24: 0 | I24: =$F$24*J24 -> 0 | J24: 0 | K24: =$F$24*L24 -> 0 | L24: 0 | M24: =$F$24*N24 -> 0 | N24: 0 | O24: =$F$24*P24 -> 0 | P24: 0 | Q24: =$F$24*R24 -> 0 | R24: 0 | S24: =$F$24*T24 -> 0 | T24: 0 | U24: =$F$24*V24 -> 0 | V24: 0 | W24: =$F$24*X24 -> 0 | X24: 0 | Y24: =$F$24*Z24 -> 0 | Z24: 0 | AA24: =$F$24*AB24 -> 0 | AB24: 0 | AC24: =$F$24*AD24 -> 0 | AD24: 0
A25: ='SC Staffing Summary'!$A$25 -> 0 | B25: ='SC Staffing Summary'!$B$25 -> Specify | C25: =SUM(H25,J25,L25,N25,P25,R25,T25,V25,X25,Z25,AB25,AD25) -> 0 | D25: ='SC Staffing Summary'!D25 -> 0 | E25: ='SC Staffing Summary'!E25 -> 0 | F25: ='SC Staffing Summary'!F25 -> 0 | G25: =$F$25*H25 -> 0 | H25: 0 | I25: =$F$25*J25 -> 0 | J25: 0 | K25: =$F$25*L25 -> 0 | L25: 0 | M25: =$F$25*N25 -> 0 | N25: 0 | O25: =$F$25*P25 -> 0 | P25: 0 | Q25: =$F$25*R25 -> 0 | R25: 0 | S25: =$F$25*T25 -> 0 | T25: 0 | U25: =$F$25*V25 -> 0 | V25: 0 | W25: =$F$25*X25 -> 0 | X25: 0 | Y25: =$F$25*Z25 -> 0 | Z25: 0 | AA25: =$F$25*AB25 -> 0 | AB25: 0 | AC25: =$F$25*AD25 -> 0 | AD25: 0
A26: ='SC Staffing Summary'!$A$26 -> 0 | B26: ='SC Staffing Summary'!$B$26 -> Specify | C26: =SUM(H26,J26,L26,N26,P26,R26,T26,V26,X26,Z26,AB26,AD26) -> 0 | D26: ='SC Staffing Summary'!D26 -> 0 | E26: ='SC Staffing Summary'!E26 -> 0 | F26: ='SC Staffing Summary'!F26 -> 0 | G26: =$F$26*H26 -> 0 | H26: 0 | I26: =$F$26*J26 -> 0 | J26: 0 | K26: =$F$26*L26 -> 0 | L26: 0 | M26: =$F$26*N26 -> 0 | N26: 0 | O26: =$F$26*P26 -> 0 | P26: 0 | Q26: =$F$26*R26 -> 0 | R26: 0 | S26: =$F$26*T26 -> 0 | T26: 0 | U26: =$F$26*V26 -> 0 | V26: 0 | W26: =$F$26*X26 -> 0 | X26: 0 | Y26: =$F$26*Z26 -> 0 | Z26: 0 | AA26: =$F$26*AB26 -> 0 | AB26: 0 | AC26: =$F$26*AD26 -> 0 | AD26: 0
A27: ='SC Staffing Summary'!$A$27 -> 0 | B27: ='SC Staffing Summary'!$B$27 -> Specify | C27: =SUM(H27,J27,L27,N27,P27,R27,T27,V27,X27,Z27,AB27,AD27) -> 0 | D27: ='SC Staffing Summary'!D27 -> 0 | E27: ='SC Staffing Summary'!E27 -> 0 | F27: ='SC Staffing Summary'!F27 -> 0 | G27: =$F$27*H27 -> 0 | H27: 0 | I27: =$F$27*J27 -> 0 | J27: 0 | K27: =$F$27*L27 -> 0 | L27: 0 | M27: =$F$27*N27 -> 0 | N27: 0 | O27: =$F$27*P27 -> 0 | P27: 0 | Q27: =$F$27*R27 -> 0 | R27: 0 | S27: =$F$27*T27 -> 0 | T27: 0 | U27: =$F$27*V27 -> 0 | V27: 0 | W27: =$F$27*X27 -> 0 | X27: 0 | Y27: =$F$27*Z27 -> 0 | Z27: 0 | AA27: =$F$27*AB27 -> 0 | AB27: 0 | AC27: =$F$27*AD27 -> 0 | AD27: 0
A28: ='SC Staffing Summary'!$A$28 -> 0 | B28: ='SC Staffing Summary'!$B$28 -> Specify | C28: =SUM(H28,J28,L28,N28,P28,R28,T28,V28,X28,Z28,AB28,AD28) -> 0 | D28: ='SC Staffing Summary'!D28 -> 0 | E28: ='SC Staffing Summary'!E28 -> 0 | F28: ='SC Staffing Summary'!F28 -> 0 | G28: =$F$28*H28 -> 0 | H28: 0 | I28: =$F$28*J28 -> 0 | J28: 0 | K28: =$F$28*L28 -> 0 | L28: 0 | M28: =$F$28*N28 -> 0 | N28: 0 | O28: =$F$28*P28 -> 0 | P28: 0 | Q28: =$F$28*R28 -> 0 | R28: 0 | S28: =$F$28*T28 -> 0 | T28: 0 | U28: =$F$28*V28 -> 0 | V28: 0 | W28: =$F$28*X28 -> 0 | X28: 0 | Y28: =$F$28*Z28 -> 0 | Z28: 0 | AA28: =$F$28*AB28 -> 0 | AB28: 0 | AC28: =$F$28*AD28 -> 0 | AD28: 0
A29: ='SC Staffing Summary'!$A$29 -> 0 | B29: ='SC Staffing Summary'!$B$29 -> Specify | C29: =SUM(H29,J29,L29,N29,P29,R29,T29,V29,X29,Z29,AB29,AD29) -> 0 | D29: ='SC Staffing Summary'!D29 -> 0 | E29: ='SC Staffing Summary'!E29 -> 0 | F29: ='SC Staffing Summary'!F29 -> 0 | G29: =$F$29*H29 -> 0 | H29: 0 | I29: =$F$29*J29 -> 0 | J29: 0 | K29: =$F$29*L29 -> 0 | L29: 0 | M29: =$F$29*N29 -> 0 | N29: 0 | O29: =$F$29*P29 -> 0 | P29: 0 | Q29: =$F$29*R29 -> 0 | R29: 0 | S29: =$F$29*T29 -> 0 | T29: 0 | U29: =$F$29*V29 -> 0 | V29: 0 | W29: =$F$29*X29 -> 0 | X29: 0 | Y29: =$F$29*Z29 -> 0 | Z29: 0 | AA29: =$F$29*AB29 -> 0 | AB29: 0 | AC29: =$F$29*AD29 -> 0 | AD29: 0
A30: ='SC Staffing Summary'!$A$30 -> 0 | B30: ='SC Staffing Summary'!$B$30 -> Specify | C30: =SUM(H30,J30,L30,N30,P30,R30,T30,V30,X30,Z30,AB30,AD30) -> 0 | D30: ='SC Staffing Summary'!D30 -> 0 | E30: ='SC Staffing Summary'!E30 -> 0 | F30: ='SC Staffing Summary'!F30 -> 0 | G30: =$F$30*H30 -> 0 | H30: 0 | I30: =$F$30*J30 -> 0 | J30: 0 | K30: =$F$30*L30 -> 0 | L30: 0 | M30: =$F$30*N30 -> 0 | N30: 0 | O30: =$F$30*P30 -> 0 | P30: 0 | Q30: =$F$30*R30 -> 0 | R30: 0 | S30: =$F$30*T30 -> 0 | T30: 0 | U30: =$F$30*V30 -> 0 | V30: 0 | W30: =$F$30*X30 -> 0 | X30: 0 | Y30: =$F$30*Z30 -> 0 | Z30: 0 | AA30: =$F$30*AB30 -> 0 | AB30: 0 | AC30: =$F$30*AD30 -> 0 | AD30: 0
A31: ='SC Staffing Summary'!$A$31 -> 0 | B31: ='SC Staffing Summary'!$B$31 -> Specify | C31: =SUM(H31,J31,L31,N31,P31,R31,T31,V31,X31,Z31,AB31,AD31) -> 0 | D31: ='SC Staffing Summary'!D31 -> 0 | E31: ='SC Staffing Summary'!E31 -> 0 | F31: ='SC Staffing Summary'!F31 -> 0 | G31: =$F$31*H31 -> 0 | H31: 0 | I31: =$F$31*J31 -> 0 | J31: 0 | K31: =$F$31*L31 -> 0 | L31: 0 | M31: =$F$31*N31 -> 0 | N31: 0 | O31: =$F$31*P31 -> 0 | P31: 0 | Q31: =$F$31*R31 -> 0 | R31: 0 | S31: =$F$31*T31 -> 0 | T31: 0 | U31: =$F$31*V31 -> 0 | V31: 0 | W31: =$F$31*X31 -> 0 | X31: 0 | Y31: =$F$31*Z31 -> 0 | Z31: 0 | AA31: =$F$31*AB31 -> 0 | AB31: 0 | AC31: =$F$31*AD31 -> 0 | AD31: 0
A32: ='SC Staffing Summary'!$A$32 -> 0 | B32: ='SC Staffing Summary'!$B$32 -> Specify | C32: =SUM(H32,J32,L32,N32,P32,R32,T32,V32,X32,Z32,AB32,AD32) -> 0 | D32: ='SC Staffing Summary'!D32 -> 0 | E32: ='SC Staffing Summary'!E32 -> 0 | F32: ='SC Staffing Summary'!F32 -> 0 | G32: =$F$32*H32 -> 0 | H32: 0 | I32: =$F$32*J32 -> 0 | J32: 0 | K32: =$F$32*L32 -> 0 | L32: 0 | M32: =$F$32*N32 -> 0 | N32: 0 | O32: =$F$32*P32 -> 0 | P32: 0 | Q32: =$F$32*R32 -> 0 | R32: 0 | S32: =$F$32*T32 -> 0 | T32: 0 | U32: =$F$32*V32 -> 0 | V32: 0 | W32: =$F$32*X32 -> 0 | X32: 0 | Y32: =$F$32*Z32 -> 0 | Z32: 0 | AA32: =$F$32*AB32 -> 0 | AB32: 0 | AC32: =$F$32*AD32 -> 0 | AD32: 0
A33: ='SC Staffing Summary'!$A$33 -> 0 | B33: ='SC Staffing Summary'!$B$33 -> Specify | C33: =SUM(H33,J33,L33,N33,P33,R33,T33,V33,X33,Z33,AB33,AD33) -> 0 | D33: ='SC Staffing Summary'!D33 -> 0 | E33: ='SC Staffing Summary'!E33 -> 0 | F33: ='SC Staffing Summary'!F33 -> 0 | G33: =$F$33*H33 -> 0 | H33: 0 | I33: =$F$33*J33 -> 0 | J33: 0 | K33: =$F$33*L33 -> 0 | L33: 0 | M33: =$F$33*N33 -> 0 | N33: 0 | O33: =$F$33*P33 -> 0 | P33: 0 | Q33: =$F$33*R33 -> 0 | R33: 0 | S33: =$F$33*T33 -> 0 | T33: 0 | U33: =$F$33*V33 -> 0 | V33: 0 | W33: =$F$33*X33 -> 0 | X33: 0 | Y33: =$F$33*Z33 -> 0 | Z33: 0 | AA33: =$F$33*AB33 -> 0 | AB33: 0 | AC33: =$F$33*AD33 -> 0 | AD33: 0
A34: ='SC Staffing Summary'!$A$34 -> 0 | B34: ='SC Staffing Summary'!$B$34 -> Specify | C34: =SUM(H34,J34,L34,N34,P34,R34,T34,V34,X34,Z34,AB34,AD34) -> 0 | D34: ='SC Staffing Summary'!D34 -> 0 | E34: ='SC Staffing Summary'!E34 -> 0 | F34: ='SC Staffing Summary'!F34 -> 0 | G34: =$F$34*H34 -> 0 | H34: 0 | I34: =$F$34*J34 -> 0 | J34: 0 | K34: =$F$34*L34 -> 0 | L34: 0 | M34: =$F$34*N34 -> 0 | N34: 0 | O34: =$F$34*P34 -> 0 | P34: 0 | Q34: =$F$34*R34 -> 0 | R34: 0 | S34: =$F$34*T34 -> 0 | T34: 0 | U34: =$F$34*V34 -> 0 | V34: 0 | W34: =$F$34*X34 -> 0 | X34: 0 | Y34: =$F$34*Z34 -> 0 | Z34: 0 | AA34: =$F$34*AB34 -> 0 | AB34: 0 | AC34: =$F$34*AD34 -> 0 | AD34: 0
A35: ='SC Staffing Summary'!$A$35 -> 0 | B35: ='SC Staffing Summary'!$B$35 -> Specify | C35: =SUM(H35,J35,L35,N35,P35,R35,T35,V35,X35,Z35,AB35,AD35) -> 0 | D35: ='SC Staffing Summary'!D35 -> 0 | E35: ='SC Staffing Summary'!E35 -> 0 | F35: ='SC Staffing Summary'!F35 -> 0 | G35: =$F$35*H35 -> 0 | H35: 0 | I35: =$F$35*J35 -> 0 | J35: 0 | K35: =$F$35*L35 -> 0 | L35: 0 | M35: =$F$35*N35 -> 0 | N35: 0 | O35: =$F$35*P35 -> 0 | P35: 0 | Q35: =$F$35*R35 -> 0 | R35: 0 | S35: =$F$35*T35 -> 0 | T35: 0 | U35: =$F$35*V35 -> 0 | V35: 0 | W35: =$F$35*X35 -> 0 | X35: 0 | Y35: =$F$35*Z35 -> 0 | Z35: 0 | AA35: =$F$35*AB35 -> 0 | AB35: 0 | AC35: =$F$35*AD35 -> 0 | AD35: 0
A36: ='SC Staffing Summary'!$A$36 -> 0 | B36: ='SC Staffing Summary'!$B$36 -> Specify | C36: =SUM(H36,J36,L36,N36,P36,R36,T36,V36,X36,Z36,AB36,AD36) -> 0 | D36: ='SC Staffing Summary'!D36 -> 0 | E36: ='SC Staffing Summary'!E36 -> 0 | F36: ='SC Staffing Summary'!F36 -> 0 | G36: =$F$36*H36 -> 0 | H36: 0 | I36: =$F$36*J36 -> 0 | J36: 0 | K36: =$F$36*L36 -> 0 | L36: 0 | M36: =$F$36*N36 -> 0 | N36: 0 | O36: =$F$36*P36 -> 0 | P36: 0 | Q36: =$F$36*R36 -> 0 | R36: 0 | S36: =$F$36*T36 -> 0 | T36: 0 | U36: =$F$36*V36 -> 0 | V36: 0 | W36: =$F$36*X36 -> 0 | X36: 0 | Y36: =$F$36*Z36 -> 0 | Z36: 0 | AA36: =$F$36*AB36 -> 0 | AB36: 0 | AC36: =$F$36*AD36 -> 0 | AD36: 0
A37: ='SC Staffing Summary'!$A$37 -> 0 | B37: ='SC Staffing Summary'!$B$37 -> Specify | C37: =SUM(H37,J37,L37,N37,P37,R37,T37,V37,X37,Z37,AB37,AD37) -> 0 | D37: ='SC Staffing Summary'!D37 -> 0 | E37: ='SC Staffing Summary'!E37 -> 0 | F37: ='SC Staffing Summary'!F37 -> 0 | G37: =$F$37*H37 -> 0 | H37: 0 | I37: =$F$37*J37 -> 0 | J37: 0 | K37: =$F$37*L37 -> 0 | L37: 0 | M37: =$F$37*N37 -> 0 | N37: 0 | O37: =$F$37*P37 -> 0 | P37: 0 | Q37: =$F$37*R37 -> 0 | R37: 0 | S37: =$F$37*T37 -> 0 | T37: 0 | U37: =$F$37*V37 -> 0 | V37: 0 | W37: =$F$37*X37 -> 0 | X37: 0 | Y37: =$F$37*Z37 -> 0 | Z37: 0 | AA37: =$F$37*AB37 -> 0 | AB37: 0 | AC37: =$F$37*AD37 -> 0 | AD37: 0
A38: ='SC Staffing Summary'!$A$38 -> 0 | B38: ='SC Staffing Summary'!$B$38 -> Specify | C38: =SUM(H38,J38,L38,N38,P38,R38,T38,V38,X38,Z38,AB38,AD38) -> 0 | D38: ='SC Staffing Summary'!D38 -> 0 | E38: ='SC Staffing Summary'!E38 -> 0 | F38: ='SC Staffing Summary'!F38 -> 0 | G38: =$F$38*H38 -> 0 | H38: 0 | I38: =$F$38*J38 -> 0 | J38: 0 | K38: =$F$38*L38 -> 0 | L38: 0 | M38: =$F$38*N38 -> 0 | N38: 0 | O38: =$F$38*P38 -> 0 | P38: 0 | Q38: =$F$38*R38 -> 0 | R38: 0 | S38: =$F$38*T38 -> 0 | T38: 0 | U38: =$F$38*V38 -> 0 | V38: 0 | W38: =$F$38*X38 -> 0 | X38: 0 | Y38: =$F$38*Z38 -> 0 | Z38: 0 | AA38: =$F$38*AB38 -> 0 | AB38: 0 | AC38: =$F$38*AD38 -> 0 | AD38: 0
A39: ='SC Staffing Summary'!$A$39 -> 0 | B39: ='SC Staffing Summary'!$B$39 -> Specify | C39: =SUM(H39,J39,L39,N39,P39,R39,T39,V39,X39,Z39,AB39,AD39) -> 0 | D39: ='SC Staffing Summary'!D39 -> 0 | E39: ='SC Staffing Summary'!E39 -> 0 | F39: ='SC Staffing Summary'!F39 -> 0 | G39: =$F$38*H39 -> 0 | H39: 0 | I39: =$F$38*J39 -> 0 | J39: 0 | K39: =$F$38*L39 -> 0 | L39: 0 | M39: =$F$38*N39 -> 0 | N39: 0 | O39: =$F$38*P39 -> 0 | P39: 0 | Q39: =$F$38*R39 -> 0 | R39: 0 | S39: =$F$38*T39 -> 0 | T39: 0 | U39: =$F$38*V39 -> 0 | V39: 0 | W39: =$F$38*X39 -> 0 | X39: 0 | Y39: =$F$38*Z39 -> 0 | Z39: 0 | AA39: =$F$38*AB39 -> 0 | AB39: 0 | AC39: =$F$38*AD39 -> 0 | AD39: 0
A40: ='SC Staffing Summary'!$A$40 -> 0 | B40: ='SC Staffing Summary'!$B$40 -> Specify | C40: =SUM(H40,J40,L40,N40,P40,R40,T40,V40,X40,Z40,AB40,AD40) -> 0 | D40: ='SC Staffing Summary'!D40 -> 0 | E40: ='SC Staffing Summary'!E40 -> 0 | F40: ='SC Staffing Summary'!F40 -> 0 | G40: =$F$40*H40 -> 0 | H40: 0 | I40: =$F$40*J40 -> 0 | J40: 0 | K40: =$F$40*L40 -> 0 | L40: 0 | M40: =$F$40*N40 -> 0 | N40: 0 | O40: =$F$40*P40 -> 0 | P40: 0 | Q40: =$F$40*R40 -> 0 | R40: 0 | S40: =$F$40*T40 -> 0 | T40: 0 | U40: =$F$40*V40 -> 0 | V40: 0 | W40: =$F$40*X40 -> 0 | X40: 0 | Y40: =$F$40*Z40 -> 0 | Z40: 0 | AA40: =$F$40*AB40 -> 0 | AB40: 0 | AC40: =$F$40*AD40 -> 0 | AD40: 0
A41: ='SC Staffing Summary'!$A$41 -> 0 | B41: ='SC Staffing Summary'!$B$41 -> Specify | C41: =SUM(H41,J41,L41,N41,P41,R41,T41,V41,X41,Z41,AB41,AD41) -> 0 | D41: ='SC Staffing Summary'!D41 -> 0 | E41: ='SC Staffing Summary'!E41 -> 0 | F41: ='SC Staffing Summary'!F41 -> 0 | G41: =$F$41*H41 -> 0 | H41: 0 | I41: =$F$41*J41 -> 0 | J41: 0 | K41: =$F$41*L41 -> 0 | L41: 0 | M41: =$F$41*N41 -> 0 | N41: 0 | O41: =$F$41*P41 -> 0 | P41: 0 | Q41: =$F$41*R41 -> 0 | R41: 0 | S41: =$F$41*T41 -> 0 | T41: 0 | U41: =$F$41*V41 -> 0 | V41: 0 | W41: =$F$41*X41 -> 0 | X41: 0 | Y41: =$F$41*Z41 -> 0 | Z41: 0 | AA41: =$F$41*AB41 -> 0 | AB41: 0 | AC41: =$F$41*AD41 -> 0 | AD41: 0
A42: ='SC Staffing Summary'!$A$42 -> 0 | B42: ='SC Staffing Summary'!$B$42 -> Specify | C42: =SUM(H42,J42,L42,N42,P42,R42,T42,V42,X42,Z42,AB42,AD42) -> 0 | D42: ='SC Staffing Summary'!D42 -> 0 | E42: ='SC Staffing Summary'!E42 -> 0 | F42: ='SC Staffing Summary'!F42 -> 0 | G42: =$F$42*H42 -> 0 | H42: 0 | I42: =$F$42*J42 -> 0 | J42: 0 | K42: =$F$42*L42 -> 0 | L42: 0 | M42: =$F$42*N42 -> 0 | N42: 0 | O42: =$F$42*P42 -> 0 | P42: 0 | Q42: =$F$42*R42 -> 0 | R42: 0 | S42: =$F$42*T42 -> 0 | T42: 0 | U42: =$F$42*V42 -> 0 | V42: 0 | W42: =$F$42*X42 -> 0 | X42: 0 | Y42: =$F$42*Z42 -> 0 | Z42: 0 | AA42: =$F$42*AB42 -> 0 | AB42: 0 | AC42: =$F$42*AD42 -> 0 | AD42: 0
A43: Reference Column / Row (ie., F36) | B43: Comments:
A44: 1 | B44: 1 | C44: 1
B45: 2 | C45: 1
B46: 3 | C46: 1
B47: 4 | C47: 1
B48: 5 | C48: 1
B49: 6
B50: 7
B51: 8
B54: Total Personnel Cost
B55: =SUM(G55:AD55) -> 0 | G55: =G7 -> 0 | I55: =I7 -> 0 | K55: =K7 -> 0 | M55: =M7 -> 0 | O55: =O7 -> 0 | Q55: =Q7 -> 0 | S55: =S7 -> 0 | U55: =U7 -> 0 | W55: =W7 -> 0 | Y55: =Y7 -> 0 | AA55: =AA7 -> 0 | AC55: =AC7 -> 0

Sheet GW M&M Budget
A1: ='SC Staffing Summary'!A1:F2 -> FY 2016 | I1: TOTAL GW M&M | J1: GW M&M Managers & Teams (Network Coordinators, PA Leads, Modelers) | K1: ='GW M&M Staffing'!I3 -> Task 1 | L1: ='GW M&M Staffing'!K3 -> Task 2 | M1: ='GW M&M Staffing'!M3 -> Task 3 | N1: ='GW M&M Staffing'!O3 -> Task 4 | O1: ='GW M&M Staffing'!Q3 -> Task 5 | P1: ='GW M&M Staffing'!S3 -> Task 6 | Q1: ='GW M&M Staffing'!U3 -> Task 7 | R1: ='GW M&M Staffing'!W3 -> Task 8 | S1: GW M&M Sub-Total Reports | T1: ='GW M&M Staffing'!Y3 -> GW M&M Report (Title) | U1: ='GW M&M Staffing'!AA3 -> GW M&M Report (Title) | V1: ='GW M&M Staffing'!AC3 -> GW M&M Report (Title)
A3: ='START HERE'!$C$3 -> XX
A4: ='START HERE'!$C$4 -> GGXXXX0000 | K4: The above Tasks will be automatically entered from Row 3 of GW M&M Staffing | T4: Row 5 automatically entered from row 5 of GW M&M Staffing worksheet
I5: Sum of columns J, K & T | S5: Sum of columns U-W | T5: ='GW M&M Staffing'!Y5 -> xxxx | U5: ='GW M&M Staffing'!AA5 -> xxxx# | V5: ='GW M&M Staffing'!AC5 -> xxxx#
A6: COST CENTER FULL ASSESSMENT RATE | I6: ='START HERE'!$C$2 -> 0 | J6: ='START HERE'!$C$2 -> 0 | K6: ='START HERE'!$C$2 -> 0 | L6: ='START HERE'!$C$2 -> 0 | M6: ='START HERE'!$C$2 -> 0 | N6: ='START HERE'!$C$2 -> 0 | O6: ='START HERE'!$C$2 -> 0 | P6: ='START HERE'!$C$2 -> 0 | ... V6: ='START HERE'!$C$2 -> 0
A9: COLA Rate | I9: =(0.045/26)*18 -> 0.031153846
A10: A. Gross Costs (inclusive of overhead or special rates):
B11: NWQL analytical services paid by NAWQA Headquarters
B12: Other Laboratory analytical services paid by NAWQA Headquarters
B13: Drilling | I13: =SUM(J13:S13) -> 0 | J13: 0 | K13: 0 | L13: 0 | M13: 0 | N13: 0 | O13: 0 | P13: 0 | Q13: 0 | R13: 0 | S13: =SUM(T13:V13) -> 0 | T13: 0 | U13: 0 | V13: 0
B14: Equipment | I14: =SUM(J14:S14) -> 0 | J14: 0 | K14: 0 | L14: 0 | M14: 0 | N14: 0 | O14: 0 | P14: 0 | Q14: 0 | R14: 0 | S14: =SUM(T14:V14) -> 0 | T14: 0 | U14: 0 | V14: 0
B15: SW Streamflow Gaging Operation & Maintenance
B16: Contracts - must specify | I16: =SUM(J16:S16) -> 0 | J16: 0 | K16: 0 | L16: 0 | M16: 0 | N16: 0 | O16: 0 | P16: 0 | Q16: 0 | R16: 0 | S16: =SUM(T16:V16) -> 0 | T16: 0 | U16: 0 | V16: 0
I17: =SUM(J17:S17) -> 0 | J17: 0 | K17: 0 | L17: 0 | M17: 0 | N17: 0 | O17: 0 | P17: 0 | Q17: 0 | R17: 0 | S17: =SUM(T17:V17) -> 0 | T17: 0 | U17: 0 | V17: 0
B18: Other - must specify | I18: =SUM(J18:S18) -> 0 | J18: 0 | K18: 0 | L18: 0 | M18: 0 | N18: 0 | O18: 0 | P18: 0 | Q18: 0 | R18: 0 | S18: =SUM(T18:V18) -> 0 | T18: 0 | U18: 0 | V18: 0
B19: Other - must specify | I19: =SUM(J19:S19) -> 0 | J19: 0 | K19: 0 | L19: 0 | M19: 0 | N19: 0 | O19: 0 | P19: 0 | Q19: 0 | R19: 0 | S19: =SUM(T19:V19) -> 0 | T19: 0 | U19: 0 | V19: 0
B20: Other - must specify | I20: =SUM(J20:S20) -> 0 | J20: 0 | K20: 0 | L20: 0 | M20: 0 | N20: 0 | O20: 0 | P20: 0 | Q20: 0 | R20: 0 | S20: =SUM(T20:V20) -> 0 | T20: 0 | U20: 0 | V20: 0
B21: Other - must specify | I21: =SUM(J21:S21) -> 0 | J21: 0 | K21: 0 | L21: 0 | M21: 0 | N21: 0 | O21: 0 | P21: 0 | Q21: 0 | R21: 0 | S21: =SUM(T21:V21) -> 0 | T21: 0 | U21: 0 | V21: 0
A22: B. Net Costs (cost center overhead to be applied):
B23: Overtime | I23: =SUM(J23:S23) -> 0 | J23: 0 | K23: 0 | L23: 0 | M23: 0 | N23: 0 | O23: 0 | P23: 0 | Q23: 0 | R23: 0 | S23: =SUM(T23:V23) -> 0 | T23: 0 | U23: 0 | V23: 0
B24: Salary (linked to salary for task in Staffing worksheet) | I24: =SUM(J24:S24) -> 0 | J24: ='GW M&M Staffing'!G7 -> 0 | K24: ='GW M&M Staffing'!I7 -> 0 | L24: ='GW M&M Staffing'!K7 -> 0 | M24: ='GW M&M Staffing'!M7 -> 0 | N24: ='GW M&M Staffing'!O7 -> 0 | O24: ='GW M&M Staffing'!Q7 -> 0 | P24: ='GW M&M Staffing'!S7 -> 0 | Q24: ='GW M&M Staffing'!U7 -> 0 | R24: ='GW M&M Staffing'!W7 -> 0 | S24: =SUM(T24:V24) -> 0 | T24: ='GW M&M Staffing'!Y7 -> 0 | U24: ='GW M&M Staffing'!AA7 -> 0 | V24: ='GW M&M Staffing'!AC7 -> 0
B25: Leave (no entry necessary, leave must be included in Salary Line 24)
B26: Awards | I26: =SUM(J26:S26) -> 0 | J26: 0 | K26: 0 | L26: 0 | M26: 0 | N26: 0 | O26: 0 | P26: 0 | Q26: 0 | R26: 0 | S26: =SUM(T26:V26) -> 0 | T26: 0 | U26: 0 | V26: 0
B27: Change of HQs | I27: =SUM(J27:S27) -> 0 | J27: 0 | K27: 0 | L27: 0 | M27: 0 | N27: 0 | O27: 0 | P27: 0 | Q27: 0 | R27: 0 | S27: =SUM(T27:V27) -> 0 | T27: 0 | U27: 0 | V27: 0
B28: Travel | I28: =SUM(J28:S28) -> 0 | J28: 0 | K28: 0 | L28: 0 | M28: 0 | N28: 0 | O28: 0 | P28: 0 | Q28: 0 | R28: 0 | S28: =SUM(T28:V28) -> 0 | T28: 0 | U28: 0 | V28: 0
B29: Postage & Shipping | I29: =SUM(J29:S29) -> 0 | J29: 0 | K29: 0 | L29: 0 | M29: 0 | N29: 0 | O29: 0 | P29: 0 | Q29: 0 | R29: 0 | S29: =SUM(T29:V29) -> 0 | T29: 0 | U29: 0 | V29: 0
B30: Vehicles | I30: =SUM(J30:S30) -> 0 | J30: 0 | K30: 0 | L30: 0 | M30: 0 | N30: 0 | O30: 0 | P30: 0 | Q30: 0 | R30: 0 | S30: =SUM(T30:V30) -> 0 | T30: 0 | U30: 0 | V30: 0
B31: Printing | I31: =SUM(J31:S31) -> 0 | J31: 0 | K31: 0 | L31: 0 | M31: 0 | N31: 0 | O31: 0 | P31: 0 | Q31: 0 | R31: 0 | S31: =SUM(T31:V31) -> 0 | T31: 0 | U31: 0 | V31: 0
B32: Reports processing (for SPN charges use row 17) | I32: =SUM(J32:S32) -> 0 | J32: 0 | K32: 0 | L32: 0 | M32: 0 | N32: 0 | O32: 0 | P32: 0 | Q32: 0 | R32: 0 | S32: =SUM(T32:V32) -> 0 | T32: 0 | U32: 0 | V32: 0
B33: Contracts - must specify | I33: =SUM(J33:S33) -> 0 | J33: 0 | K33: 0 | L33: 0 | M33: 0 | N33: 0 | O33: 0 | P33: 0 | Q33: 0 | R33: 0 | S33: =SUM(T33:V33) -> 0 | T33: 0 | U33: 0 | V33: 0
B34: Contracts - must specify | I34: =SUM(J34:S34) -> 0 | J34: 0 | K34: 0 | L34: 0 | M34: 0 | N34: 0 | O34: 0 | P34: 0 | Q34: 0 | R34: 0 | S34: =SUM(T34:V34) -> 0 | T34: 0 | U34: 0 | V34: 0
B35: Contracts - must specify | I35: =SUM(J35:S35) -> 0 | J35: 0 | K35: 0 | L35: 0 | M35: 0 | N35: 0 | O35: 0 | P35: 0 | Q35: 0 | R35: 0 | S35: =SUM(T35:V35) -> 0 | T35: 0 | U35: 0 | V35: 0
B36: Training - must specify in comment rows below | I36: =SUM(J36:S36) -> 0 | J36: 0 | K36: 0 | L36: 0 | M36: 0 | N36: 0 | O36: 0 | P36: 0 | Q36: 0 | R36: 0 | S36: =SUM(T36:V36) -> 0 | T36: 0 | U36: 0 | V36: 0
B37: Supplies | I37: =SUM(J37:S37) -> 0 | J37: 0 | K37: 0 | L37: 0 | M37: 0 | N37: 0 | O37: 0 | P37: 0 | Q37: 0 | R37: 0 | S37: =SUM(T37:V37) -> 0 | T37: 0 | U37: 0 | V37: 0
... B40: Miscellaneous [cell phones, etc.] | I40: =SUM(J40:S40) -> 0 | J40: 0 | K40: 0 | L40: 0 | M40: 0 | N40: 0 | O40: 0 | P40: 0 | Q40: 0 | R40: 0 | S40: =SUM(T40:V40) -> 0 | T40: 0 | U40: 0 | V40: 0
B41: NWQL analytical services
B42: Other Laboratory analytical services
B43: Water Science Center's Sediment Concentration Laboratory | I43: =SUM(J43:S43) -> 0 | J43: 0 | K43: 0 | L43: 0 | M43: 0 | N43: 0 | O43: 0 | P43: 0 | Q43: 0 | R43: 0 | S43: =SUM(T43:V43) -> 0 | T43: 0 | U43: 0 | V43: 0
I44: =SUM(J44:S44) -> 0 | J44: 0 | K44: 0 | L44: 0 | M44: 0 | N44: 0 | O44: 0 | P44: 0 | Q44: 0 | R44: 0 | S44: =SUM(T44:V44) -> 0 | T44: 0 | U44: 0 | V44: 0
B45: SW Streamflow Gaging Operation & Maintenance
B46: Enter Distributed Direct Costs in rows 47-52: | I46: =SUM(J46:S46) -> 0 | J46: 0 | K46: 0 | L46: 0 | M46: 0 | N46: 0 | O46: 0 | P46: 0 | Q46: 0 | R46: 0 | S46: =SUM(T46:V46) -> 0 | T46: 0 | U46: 0 | V46: 0
B47: Other - must specify | I47: =SUM(J47:S47) -> 0 | J47: 0 | K47: 0 | L47: 0 | M47: 0 | N47: 0 | O47: 0 | P47: 0 | Q47: 0 | R47: 0 | S47: =SUM(T47:V47) -> 0 | T47: 0 | U47: 0 | V47: 0
B48: Other - must specify | I48: =SUM(J48:S48) -> 0 | J48: 0 | K48: 0 | L48: 0 | M48: 0 | N48: 0 | O48: 0 | P48: 0 | Q48: 0 | R48: 0 | S48: =SUM(T48:V48) -> 0 | T48: 0 | U48: 0 | V48: 0
B49: Other - must specify | I49: =SUM(J49:S49) -> 0 | J49: 0 | K49: 0 | L49: 0 | M49: 0 | N49: 0 | O49: 0 | P49: 0 | Q49: 0 | R49: 0 | S49: =SUM(T49:V49) -> 0 | T49: 0 | U49: 0 | V49: 0
B50: Other - must specify | I50: =SUM(J50:S50) -> 0 | J50: 0 | K50: 0 | L50: 0 | M50: 0 | N50: 0 | O50: 0 | P50: 0 | Q50: 0 | R50: 0 | S50: =SUM(T50:V50) -> 0 | T50: 0 | U50: 0 | V50: 0
B51: Other - must specify | I51: =SUM(J51:S51) -> 0 | J51: 0 | K51: 0 | L51: 0 | M51: 0 | N51: 0 | O51: 0 | P51: 0 | Q51: 0 | R51: 0 | S51: =SUM(T51:V51) -> 0 | T51: 0 | U51: 0 | V51: 0
B52: Other - must specify | I52: =SUM(J52:S52) -> 0 | J52: 0 | K52: 0 | L52: 0 | M52: 0 | N52: 0 | O52: 0 | P52: 0 | Q52: 0 | R52: 0 | S52: =SUM(T52:V52) -> 0 | T52: 0 | U52: 0 | V52: 0
A53: TOTAL WSC FUNDS W/O DIST OH | I53: =SUM(I11:I52) -> 0 | J53: =SUM(J13:J52) -> 0 | K53: =SUM(K12:K52) -> 0 | L53: =SUM(L12:L52) -> 0 | M53: =SUM(M12:M52) -> 0 | N53: =SUM(N12:N52) -> 0 | O53: =SUM(O12:O52) -> 0 | P53: =SUM(P12:P52) -> 0 | Q53: =SUM(Q12:Q52) -> 0 | R53: =SUM(R12:R52) -> 0 | ... V53: =SUM(V12:V52) -> 0
A54: 2. CALCULATE GROSS FUNDS TO THE WSC
A55: A. Subtotal: Funds passed through to other cost centers | I55: =SUM(I13:I21) -> 0 | J55: =SUM(J13:J21) -> 0 | K55: =SUM(K13:K21) -> 0 | L55: =SUM(L13:L21) -> 0 | M55: =SUM(M13:M21) -> 0 | N55: =SUM(N13:N21) -> 0 | O55: =SUM(O13:O21) -> 0 | P55: =SUM(P13:P21) -> 0 | ... V55: =SUM(V13:V21) -> 0
I56: 0
A57: B. Subtotal: Funds changed full cost center assessment | I57: =SUM(I23:I40,I43:I52) -> 0 | J57: =SUM(J23:J40,J43:J52) -> 0 | K57: =SUM(K23:K40,K43:K52) -> 0 | L57: =SUM(L23:L40,L43:L52) -> 0 | M57: =SUM(M23:M40,M43:M52) -> 0 | N57: =SUM(N23:N40,N43:N52) -> 0 | O57: =SUM(O23:O40,O43:O52) -> 0 | P57: =SUM(P23:P40,P43:P52) -> 0 | ... V57: =SUM(V23:V40,V43:V52) -> 0
B58: B1. Apply Cost Center Assessment | I58: =(I57)*(I6) -> 0 | J58: =(J57)*(J6) -> 0 | K58: =(K57)*(K6) -> 0 | L58: =(L57)*(L6) -> 0 | M58: =(M57)*(M6) -> 0 | N58: =(N57)*(N6) -> 0 | O58: =(O57)*(O6) -> 0 | P58: =(P57)*(P6) -> 0 | ... V58: =(V57)*(V6) -> 0
A61: REQUESTED GROSS FUNDS | I61: =SUM(I55:I58) -> 0 | J61: =SUM(J55:J58) -> 0 | K61: =SUM(K55:K58) -> 0 | L61: =SUM(L55:L58) -> 0 | M61: =SUM(M55:M58) -> 0 | N61: =SUM(N55:N58) -> 0 | O61: =SUM(O55:O58) -> 0 | P61: =SUM(P55:P58) -> 0 | ... V61: =SUM(V55:V58) -> 0
A62: Reference Column / Row (ie., F36) | F62: Comments: | I62: 1
I63: 2
H73: Check | I73: ='GW M&M Staffing'!B55 -> 0 | J73: GW M&M Staffing
I74: =SUM(J13:J52,K13:R52,T13:V52) -> 0 | J74: Net Total
I75: =SUM(J55:J58,K55:R58,T55:V58) -> 0 | J75: Gross Total

Sheet NMSA Staffing
A1: ='SC Staffing Summary'!A1:F2 -> FY 2016 | I1: National Monitoring and Status Assessment
I2: National Monitoring and Status Assessment Sampling & Data Collection
A3: ='START HERE'!$C$3 -> XX | G3: National Monitoring and Status Assessment Team | I3: SW QW Site #1 | K3: SW QW Site #2 | M3: SW QW Site #3 | O3: SW QW Site #4 | Q3: SW QW Site #5 | S3: SW QW Site #6 | U3: Sampling DOC-frac, extras #1 | W3: Sampling DOC-frac, extras #2 | Y3: Sampling DOC-frac, extras #3 | AA3: SW Eco Site #1 | AC3: SW Eco Site #2 | AE3: SW Eco Site #3 | AG3: Continuous QW Monitoring #1 | AI3: Continuous QW Monitoring #2 | AK3: Continuous Temperature Monitoring #1 | AM3: Continuous Temperature Monitoring #2 | AO3: Continuous Temperature Monitoring #3
A4: ='START HERE'!C4 -> GGXXXX0000 | I4: In each paired column (I-AP), copy & paste the respective site ID from column AU
I5: xxxx | K5: xxxx | M5: xxxx | O5: xxxx | Q5: xxxx | S5: xxxx | U5: xxxx | W5: xxxx | Y5: xxxx | AA5: xxxx | AC5: xxxx | AE5: xxxx | AG5: xxxx | AI5: xxxx | AK5: xxxx | AM5: xxxx | AO5: xxxx | AV5: Last Updated 5/26/15
A6: Name | B6: Position | C6: TOTAL HOURS (work + leave), max 2096 hr per FTE | D6: Grade | E6: Step | F6: Net salary per hr with benefits | G6: Task, net salary with benefits | H6: Hours for Task | I6: Task, net salary with benefits | J6: Hours for Task | K6: Task, net salary with benefits | L6: Hours for Task | M6: Task, net salary with benefits | N6: Hours for Task | O6: Task, net salary with benefits | P6: Hours for Task | Q6: Task, net salary with benefits | R6: Hours for Task | S6: Task, net salary with benefits | T6: Hours for Task | U6: Task, net salary with benefits | V6: Hours for Task | W6: Task, net salary with benefits | X6: Hours for Task | Y6: Task, net salary with benefits | Z6: Hours for Task | AA6: Task, net salary with benefits | AB6: Hours for Task | AC6: Task, net salary with benefits | AD6: Hours for Task | AE6: Task, net salary with benefits | AF6: Hours for Task | AG6: Task, net salary with benefits | AH6: Hours for Task | AK6: Task, net salary with benefits | AL6: Hours for Task | AM6: Task, net salary with benefits | AN6: Hours for Task | AO6: Task, net salary with benefits | AP6: Hours for Task | AT6: WSC | AU6: Site Number | AV6: Site name | AW6: Number of samples per year in Cycle 3 | AX6: NWQL ASR Form Proposal Number for FY16 | AY6: NWQL ASR Form Program/Project Code | AZ6: Site Description | BA6: QW Sampling Site | BB6: QW extras Sampling site | BC6: ECO Sampling Site
B7: TOTAL | C7: =SUM(C8:C42) -> 0 | F7: =SUM(G7,I7,K7,M7,O7,Q7,S7,U7,W7,Y7,AA7,AC7,AE7,AG7,AI7,AK7,AM7,AO7) -> 0 | G7: =SUM(G8:G42) -> 0 | H7: =SUM(H8:H42) -> 0 | I7: =SUM(I8:I42) -> 0 | J7: =SUM(J8:J42) -> 0 | K7: =SUM(K8:K42) -> 0 | L7: =SUM(L8:L42) -> 0 | M7: =SUM(M8:M42) -> 0 | N7: =SUM(N8:N42) -> 0 | ... AP7: =SUM(AP8:AP42) -> 0 | AT7: AL | AU7: 02469762 | AV7: Tombigbee River near Coffeeville, AL | AW7: 18 | AX7: CL16NAWAL | AY7: SWMSA | AZ7: large river site | BA7: QW
A8: ='SC Staffing Summary'!$A$8 -> 0 | B8: ='SC Staffing Summary'!$B$8 -> NAWQA-- SC Contact | C8: =SUM(H8,J8,L8,N8,P8,R8,T8,AB8,AD8,AF8,AH8,AJ8,AL8,AN8,AP8) -> 0 | D8: ='SC Staffing Summary'!D8 -> 0 | E8: ='SC Staffing Summary'!E8 -> 0 | F8: ='SC Staffing Summary'!F8 -> 0 | G8: =$F$8*H8 -> 0 | H8: 0 | I8: =$F$8*J8 -> 0 | J8: 0 | K8: =$F$8*L8 -> 0 | L8: 0 | M8: =$F$8*N8 -> 0 | N8: 0 | O8: =$F$8*P8 -> 0 | P8: 0 | Q8: =$F$8*R8 -> 0 | R8: 0 | S8: =$F$8*T8 -> 0 | T8: 0 | U8: =$F$8*V8 -> 0 | V8: 0 | W8: =$F$8*X8 -> 0 | X8: 0 | Y8: =$F$8*Z8 -> 0 | Z8: 0 | AA8: =$F$8*AB8 -> 0 | AB8: 0 | AC8: =$F$8*AD8 -> 0 | AD8: 0 | AE8: =$F$8*AF8 -> 0 | AF8: 0 | AG8: =$F$8*AH8 -> 0 | AH8: 0 | AI8: =$F$8*AJ8 -> 0 | AJ8: 0 | AK8: =$F$8*AL8 -> 0 | AL8: 0 | AM8: =$F$8*AN8 -> 0 | AN8: 0 | AO8: =$F$8*AP8 -> 0 | AT8: AR | AU8: 07055646 | AV8: Buffalo River near Boxley, AR | AW8: 6 | AX8: CL16NAWAR | AY8: SWMSA | AZ8: wadeable undeveloped reference site | BA8: QW | BC8: ECO
A9: ='SC Staffing Summary'!$A$9 -> 0 | B9: ='SC Staffing Summary'!$B$9 -> Specify | C9: =SUM(H9,J9,L9,N9,P9,R9,T9,AB9,AD9,AF9,AH9,AJ9,AL9,AN9,AP9) -> 0 | D9: ='SC Staffing Summary'!D9 -> 0 | E9: ='SC Staffing Summary'!E9 -> 0 | F9: ='SC Staffing Summary'!F9 -> 0 | G9: =$F$9*H9 -> 0 | H9: 0 | I9: =$F$9*J9 -> 0 | J9: 0 | K9: =$F$9*L9 -> 0 | L9: 0 | M9: =$F$9*N9 -> 0 | N9: 0 | O9: =$F$9*P9 -> 0 | P9: 0 | Q9: =$F$9*R9 -> 0 | R9: 0 | S9: =$F$9*T9 -> 0 | T9: 0 | U9: =$F$9*V9 -> 0 | V9: 0 | W9: =$F$9*X9 -> 0 | X9: 0 | Y9: =$F$9*Z9 -> 0 | Z9: 0 | AA9: =$F$9*AB9 -> 0 | AB9: 0 | AC9: =$F$9*AD9 -> 0 | AD9: 0 | AE9: =$F$9*AF9 -> 0 | AF9: 0 | AG9: =$F$9*AH9 -> 0 | AH9: 0 | AI9: =$F$9*AJ9 -> 0 | AJ9: 0 | AK9: =$F$9*AL9 -> 0 | AL9: 0 | AM9: =$F$9*AN9 -> 0 | AN9: 0 | AO9: =$F$9*AP9 -> 0 | AP9: 0 | AT9: AR | AU9: 07060710 | AV9: North Sylamore Creek near Fifty Six, AR | AW9: 6 | AX9: CL16NAWAR | AY9: SWMSA | AZ9: wadeable undeveloped reference site | BA9: QW | BC9: ECO
A10: ='SC Staffing Summary'!$A$10 -> 0 | B10: ='SC Staffing Summary'!$B$10 -> Specify | C10: =SUM(H10,J10,L10,N10,P10,R10,T10,AB10,AD10,AF10,AH10,AJ10,AL10,AN10,AP10) -> 0 | D10: ='SC Staffing Summary'!D10 -> 0 | E10: ='SC Staffing Summary'!E10 -> 0 | F10: ='SC Staffing Summary'!F10 -> 0 | G10: =$F$10*H10 -> 0 | H10: 0 | I10: =$F$10*J10 -> 0 | J10: 0 | K10: =$F$10*L10 -> 0 | L10: 0 | M10: =$F$10*N10 -> 0 | N10: 0 | O10: =$F$10*P10 -> 0 | P10: 0 | Q10: =$F$10*R10 -> 0 | R10: 0 | S10: =$F$10*T10 -> 0 | T10: 0 | U10: =$F$10*V10 -> 0 | V10: 0 | W10: =$F$10*X10 -> 0 | X10: 0 | Y10: =$F$10*Z10 -> 0 | Z10: 0 | AA10: =$F$10*AB10 -> 0 | AB10: 0 | AC10: =$F$10*AD10 -> 0 | AD10: 0 | AE10: =$F$10*AF10 -> 0 | AF10: 0 | AG10: =$F$10*AH10 -> 0 | AH10: 0 | AI10: =$F$10*AJ10 -> 0 | AJ10: 0 | AK10: =$F$10*AL10 -> 0 | AL10: 0 | AM10: =$F$10*AN10 -> 0 | AN10: 0 | AO10: =$F$10*AP10 -> 0 | AP10: 0 | AT10: AZ | AU10: 09471000 | AV10: San Pedro River at Charleston, AZ | AW10: 6 | AX10: CL16NAWAZ | AY10: SWMSA | AZ10: wadeable undeveloped reference site | BA10: QW | BC10: ECO
A11: ='SC Staffing Summary'!$A$11 -> 0 | B11: ='SC Staffing Summary'!$B$11 -> Specify | C11: =SUM(H11,J11,L11,N11,P11,R11,T11,AB11,AD11,AF11,AH11,AJ11,AL11,AN11,AP11) -> 0 | D11: ='SC Staffing Summary'!D11 -> 0 | E11: ='SC Staffing Summary'!E11 -> 0 | F11: ='SC Staffing Summary'!F11 -> 0 | G11: =$F$11*H11 -> 0 | H11: 0 | I11: =$F$11*J11 -> 0 | J11: 0 | K11: =$F$11*L11 -> 0 | L11: 0 | M11: =$F$11*N11 -> 0 | N11: 0 | O11: =$F$11*P11 -> 0 | P11: 0 | Q11: =$F$11*R11 -> 0 | R11: 0 | S11: =$F$11*T11 -> 0 | T11: 0 | U11: =$F$11*V11 -> 0 | V11: 0 | W11: =$F$11*X11 -> 0 | X11: 0 | Y11: =$F$11*Z11 -> 0 | Z11: 0 | AA11: =$F$11*AB11 -> 0 | AB11: 0 | AC11: =$F$11*AD11 -> 0 | AD11: 0 | AE11: =$F$11*AF11 -> 0 | AF11: 0 | AG11: =$F$11*AH11 -> 0 | AH11: 0 | AI11: =$F$11*AJ11 -> 0 | AJ11: 0 | AK11: =$F$11*AL11 -> 0 | AL11: 0 | AM11: =$F$11*AN11 -> 0 | AN11: 0 | AO11: =$F$11*AP11 -> 0 | AP11: 0 | AT11: AZ | AU11: 09505800 | AV11: West Clear Creek near Camp Verde, AZ | AW11: 6 | AX11: CL16NAWAZ | AY11: SWMSA | AZ11: wadeable undeveloped reference site | BA11: QW | BC11: ECO
A12: ='SC Staffing Summary'!$A$12 -> 0 | B12: ='SC Staffing Summary'!$B$12 -> Specify | C12: =SUM(H12,J12,L12,N12,P12,R12,T12,AB12,AD12,AF12,AH12,AJ12,AL12,AN12,AP12) -> 0 | D12: ='SC Staffing Summary'!D12 -> 0 | E12: ='SC Staffing Summary'!E12 -> 0 | F12: ='SC Staffing Summary'!F12 -> 0 | G12: =$F$12*H12 -> 0 | H12: 0 | I12: =$F$12*J12 -> 0 | J12: 0 | K12: =$F$12*L12 -> 0 | L12: 0 | M12: =$F$12*N12 -> 0 | N12: 0 | O12: =$F$12*P12 -> 0 | P12: 0 | Q12: =$F$12*R12 -> 0 | R12: 0 | S12: =$F$12*T12 -> 0 | T12: 0 | U12: =$F$12*V12 -> 0 | V12: 0 | W12: =$F$12*X12 -> 0 | X12: 0 | Y12: =$F$12*Z12 -> 0 | Z12: 0 | AA12: =$F$12*AB12 -> 0 | AB12: 0 | AC12: =$F$12*AD12 -> 0 | AD12: 0 | AE12: =$F$12*AF12 -> 0 | AF12: 0 | AG12: =$F$12*AH12 -> 0 | AH12: 0 | AI12: =$F$12*AJ12 -> 0 | AJ12: 0 | AK12: =$F$12*AL12 -> 0 | AL12: 0 | AM12: =$F$12*AN12 -> 0 | AN12: 0 | AO12: =$F$12*AP12 -> 0 | AP12: 0 | AT12: CO | AU12: 09380000 | AV12: Colorado River at Lees Ferry, AZ | AW12: 14 | AX12: CL16NAWAZ | AY12: SWMSA | AZ12: large river site | BA12: QW
A13: ='SC Staffing Summary'!$A$13 -> 0 | B13: ='SC Staffing Summary'!$B$13 -> Specify | C13: =SUM(H13,J13,L13,N13,P13,R13,T13,AB13,AD13,AF13,AH13,AJ13,AL13,AN13,AP13) -> 0 | D13: ='SC Staffing Summary'!D13 -> 0 | E13: ='SC Staffing Summary'!E13 -> 0 | F13: ='SC Staffing Summary'!F13 -> 0 | G13: =$F$13*H13 -> 0 | H13: 0 | I13: =$F$13*J13 -> 0 | J13: 0 | K13: =$F$13*L13 -> 0 | L13: 0 | M13: =$F$13*N13 -> 0 | N13: 0 | O13: =$F$13*P13 -> 0 | P13: 0 | Q13: =$F$13*R13 -> 0 | R13: 0 | S13: =$F$13*T13 -> 0 | T13: 0 | U13: =$F$13*V13 -> 0 | V13: 0 | W13: =$F$13*X13 -> 0 | X13: 0 | Y13: =$F$13*Z13 -> 0 | Z13: 0 | AA13: =$F$13*AB13 -> 0 | AB13: 0 | AC13: =$F$13*AD13 -> 0 | AD13: 0 | AE13: =$F$13*AF13 -> 0 | AF13: 0 | AG13: =$F$13*AH13 -> 0 | AH13: 0 | AI13: =$F$13*AJ13 -> 0 | AJ13: 0 | AK13: =$F$13*AL13 -> 0 | AL13: 0 | AM13: =$F$13*AN13 -> 0 | AN13: 0 | AO13: =$F$13*AP13 -> 0 | AP13: 0 | AT13: CA | AU13: 11264500 | AV13: Merced River at Happy Isles Bridge nr Yosemite, CA | AW13: 6 | AX13: CL16NAWCA | AY13: SWMSA | AZ13: wadeable undeveloped reference site | BA13: QW | BC13: ECO
A14: ='SC Staffing Summary'!$A$14 -> 0 | B14: ='SC Staffing Summary'!$B$14 -> Specify | C14: =SUM(H14,J14,L14,N14,P14,R14,T14,AB14,AD14,AF14,AH14,AJ14,AL14,AN14,AP14) -> 0 | D14: ='SC Staffing Summary'!D14 -> 0 | E14: ='SC Staffing Summary'!E14 -> 0 | F14: ='SC Staffing Summary'!F14 -> 0 | G14: =$F$14*H14 -> 0 | H14: 0 | I14: =$F$14*J14 -> 0 | J14: 0 | K14: =$F$14*L14 -> 0 | L14: 0 | M14: =$F$14*N14 -> 0 | N14: 0 | O14: =$F$14*P14 -> 0 | P14: 0 | Q14: =$F$14*R14 -> 0 | R14: 0 | S14: =$F$14*T14 -> 0 | T14: 0 | U14: =$F$14*V14 -> 0 | V14: 0 | W14: =$F$14*X14 -> 0 | X14: 0 | Y14: =$F$14*Z14 -> 0 | Z14: 0 | AA14: =$F$14*AB14 -> 0 | AB14: 0 | AC14: =$F$14*AD14 -> 0 | AD14: 0 | AE14: =$F$14*AF14 -> 0 | AF14: 0 | AG14: =$F$14*AH14 -> 0 | AH14: 0 | AI14: =$F$14*AJ14 -> 0 | AJ14: 0 | AK14: =$F$14*AL14 -> 0 | AL14: 0 | AM14: =$F$14*AN14 -> 0 | AN14: 0 | AO14: =$F$14*AP14 -> 0 | AP14: 0 | AT14: CA | AU14: 11074000 | AV14: Santa Ana River below Prado Dam, CA | AW14: 18 | AX14: CL16NAWCA | AY14: SWMSA | AZ14: large river site | BA14: QW
A15: ='SC Staffing Summary'!$A$15 -> 0 | B15: ='SC Staffing Summary'!$B$15 -> Specify | C15: =SUM(H15,J15,L15,N15,P15,R15,T15,AB15,AD15,AF15,AH15,AJ15,AL15,AN15,AP15) -> 0 | D15: ='SC Staffing Summary'!D15 -> 0 | E15: ='SC Staffing Summary'!E15 -> 0 | F15: ='SC Staffing Summary'!F15 -> 0 | G15: =$F$15*H15 -> 0 | H15: 0 | I15: =$F$15*J15 -> 0 | J15: 0 | K15: =$F$15*L15 -> 0 | L15: 0 | M15: =$F$15*N15 -> 0 | N15: 0 | O15: =$F$15*P15 -> 0 | P15: 0 | Q15: =$F$15*R15 -> 0 | R15: 0 | S15: =$F$15*T15 -> 0 | T15: 0 | U15: =$F$15*V15 -> 0 | V15: 0 | W15: =$F$15*X15 -> 0 | X15: 0 | Y15: =$F$15*Z15 -> 0 | Z15: 0 | AA15: =$F$15*AB15 -> 0 | AB15: 0 | AC15: =$F$15*AD15 -> 0 | AD15: 0 | AE15: =$F$15*AF15 -> 0 | AF15: 0 | AG15: =$F$15*AH15 -> 0 | AH15: 0 | AI15: =$F$15*AJ15 -> 0 | AJ15: 0 | AK15: =$F$15*AL15 -> 0 | AL15: 0 | AM15: =$F$15*AN15 -> 0 | AN15: 0 | AO15: =$F$15*AP15 -> 0 | AP15: 0 | AT15: CA | AU15: 11274538 | AV15: Orestimba Creek near Crows Landing, CA | AX15: CL16NAWCA | AY15: SWMSA | AZ15: wadeable agriculture site | BA15: QW | BC15: ECO
A16: ='SC Staffing Summary'!$A$16 -> 0 | B16: ='SC Staffing Summary'!$B$16 -> Specify | C16: =SUM(H16,J16,L16,N16,P16,R16,T16,AB16,AD16,AF16,AH16,AJ16,AL16,AN16,AP16) -> 0 | D16: ='SC Staffing Summary'!D16 -> 0 | E16: ='SC Staffing Summary'!E16 -> 0 | F16: ='SC Staffing Summary'!F16 -> 0 | G16: =$F$16*H16 -> 0 | H16: 0 | I16: =$F$16*J16 -> 0 | J16: 0 | K16: =$F$16*L16 -> 0 | L16: 0 | M16: =$F$16*N16 -> 0 | N16: 0 | O16: =$F$16*P16 -> 0 | P16: 0 | Q16: =$F$16*R16 -> 0 | R16: 0 | S16: =$F$16*T16 -> 0 | T16: 0 | U16: =$F$16*V16 -> 0 | V16: 0 | W16: =$F$16*X16 -> 0 | X16: 0 | Y16: =$F$16*Z16 -> 0 | Z16: 0 | AA16: =$F$16*AB16 -> 0 | AB16: 0 | AC16: =$F$16*AD16 -> 0 | AD16: 0 | AE16: =$F$16*AF16 -> 0 | AF16: 0 | AG16: =$F$16*AH16 -> 0 | AH16: 0 | AI16: =$F$16*AJ16 -> 0 | AJ16: 0 | AK16: =$F$16*AL16 -> 0 | AL16: 0 | AM16: =$F$16*AN16 -> 0 | AN16: 0 | AO16: =$F$16*AP16 -> 0 | AP16: 0 | AT16: CA | AU16: 11303500 | AV16: San Joaquin River near Vernalis, CA | AW16: 18 | AX16: CL16NAWCA | AY16: SWMSA | AZ16: large river site | BA16: QW | BB16: Extras
A17: ='SC Staffing Summary'!$A$17 -> 0 | B17: ='SC Staffing Summary'!$B$17 -> Specify | C17: =SUM(H17,J17,L17,N17,P17,R17,T17,AB17,AD17,AF17,AH17,AJ17,AL17,AN17,AP17) -> 0 | D17: ='SC Staffing Summary'!D17 -> 0 | E17: ='SC Staffing Summary'!E17 -> 0 | F17: ='SC Staffing Summary'!F17 -> 0 | G17: =$F$17*H17 -> 0 | H17: 0 | I17: =$F$17*J17 -> 0 | J17: 0 | K17: =$F$17*L17 -> 0 | L17: 0 | M17: =$F$17*N17 -> 0 | N17: 0 | O17: =$F$17*P17 -> 0 | P17: 0 | Q17: =$F$17*R17 -> 0 | R17: 0 | S17: =$F$17*T17 -> 0 | T17: 0 | U17: =$F$17*V17 -> 0 | V17: 0 | W17: =$F$17*X17 -> 0 | X17: 0 | Y17: =$F$17*Z17 -> 0 | Z17: 0 | AA17: =$F$17*AB17 -> 0 | AB17: 0 | AC17: =$F$17*AD17 -> 0 | AD17: 0 | AE17: =$F$17*AF17 -> 0 | AF17: 0 | AG17: =$F$17*AH17 -> 0 | AH17: 0 | AI17: =$F$17*AJ17 -> 0 | AJ17: 0 | AK17: =$F$17*AL17 -> 0 | AL17: 0 | AM17: =$F$17*AN17 -> 0 | AN17: 0 | AO17: =$F$17*AP17 -> 0 | AP17: 0 | AT17: CA | AU17: 11447650 | AV17: Sacramento River at Freeport, CA | AW17: 14 | AX17: CL16NAWCA | AY17: SWMSA | AZ17: large river site | BA17: QW | BB17: Extras
A18: ='SC Staffing Summary'!$A$18 -> 0 | B18: ='SC Staffing Summary'!$B$18 -> Specify | C18: =SUM(H18,J18,L18,N18,P18,R18,T18,AB18,AD18,AF18,AH18,AJ18,AL18,AN18,AP18) -> 0 | D18: ='SC Staffing Summary'!D18 -> 0 | E18: ='SC Staffing Summary'!E18 -> 0 | F18: ='SC Staffing Summary'!F18 -> 0 | G18: =$F$18*H18 -> 0 | H18: 0 | I18: =$F$18*J18 -> 0 | J18: 0 | K18: =$F$18*L18 -> 0 | L18: 0 | M18: =$F$18*N18 -> 0 | N18: 0 | O18: =$F$18*P18 -> 0 | P18: 0 | Q18: =$F$18*R18 -> 0 | R18: 0 | S18: =$F$18*T18 -> 0 | T18: 0 | U18: =$F$18*V18 -> 0 | V18: 0 | W18: =$F$18*X18 -> 0 | X18: 0 | Y18: =$F$18*Z18 -> 0 | Z18: 0 | AA18: =$F$18*AB18 -> 0 | AB18: 0 | AC18: =$F$18*AD18 -> 0 | AD18: 0 | AE18: =$F$18*AF18 -> 0 | AF18: 0 | AG18: =$F$18*AH18 -> 0 | AH18: 0 | AI18: =$F$18*AJ18 -> 0 | AJ18: 0 | AK18: =$F$18*AL18 -> 0 | AL18: 0 | AM18: =$F$18*AN18 -> 0 | AN18: 0 | AO18: =$F$18*AP18 -> 0 | AP18: 0 | AT18: CA | AU18: 11335000 | AV18: Cosumnes River at Michigan Bar, CA | AW18: 6 | AX18: CL16NAWCA | AY18: SWMSA | AZ18: wadeable undeveloped reference site | BA18: QW | BC18: ECO
A19: ='SC Staffing Summary'!$A$19 -> 0 | B19: ='SC Staffing Summary'!$B$19 -> Specify | C19: =SUM(H19,J19,L19,N19,P19,R19,T19,AB19,AD19,AF19,AH19,AJ19,AL19,AN19,AP19) -> 0 | D19: ='SC Staffing Summary'!D19 -> 0 | E19: ='SC Staffing Summary'!E19 -> 0 | F19: ='SC Staffing Summary'!F19 -> 0 | G19: =$F$19*H19 -> 0 | H19: 0 | I19: =$F$19*J19 -> 0 | J19: 0 | K19: =$F$19*L19 -> 0 | L19: 0 | M19: =$F$19*N19 -> 0 | N19: 0 | O19: =$F$19*P19 -> 0 | P19: 0 | Q19: =$F$19*R19 -> 0 | R19: 0 | S19: =$F$19*T19 -> 0 | T19: 0 | U19: =$F$19*V19 -> 0 | V19: 0 | W19: =$F$19*X19 -> 0 | X19: 0 | Y19: =$F$19*Z19 -> 0 | Z19: 0 | AA19: =$F$19*AB19 -> 0 | AB19: 0 | AC19: =$F$19*AD19 -> 0 | AD19: 0 | AE19: =$F$19*AF19 -> 0 | AF19: 0 | AG19: =$F$19*AH19 -> 0 | AH19: 0 | AI19: =$F$19*AJ19 -> 0 | AJ19: 0 | AK19: =$F$19*AL19 -> 0 | AL19: 0 | AM19: =$F$19*AN19 -> 0 | AN19: 0 | AO19: =$F$19*AP19 -> 0 | AP19: 0 | AT19: CO | AU19: 06713500 | AV19: Cherry Creek at Denver, CO | AW19: 24 | AX19: CL16NAWCO | AY19: SWMSA | AZ19: wadeable urban site | BA19: QW | BC19: ECO
A20: ='SC Staffing Summary'!$A$20 -> 0 | B20: ='SC Staffing Summary'!$B$20 -> Specify | C20: =SUM(H20,J20,L20,N20,P20,R20,T20,AB20,AD20,AF20,AH20,AJ20,AL20,AN20,AP20) -> 0 | D20: ='SC Staffing Summary'!D20 -> 0 | E20: ='SC Staffing Summary'!E20 -> 0 | F20: ='SC Staffing Summary'!F20 -> 0 | G20: =$F$20*H20 -> 0 | H20: 0 | I20: =$F$20*J20 -> 0 | J20: 0 | K20: =$F$20*L20 -> 0 | L20: 0 | M20: =$F$20*N20 -> 0 | N20: 0 | O20: =$F$20*P20 -> 0 | P20: 0 | Q20: =$F$20*R20 -> 0 | R20: 0 | S20: =$F$20*T20 -> 0 | T20: 0 | U20: =$F$20*V20 -> 0 | V20: 0 | W20: =$F$20*X20 -> 0 | X20: 0 | Y20: =$F$20*Z20 -> 0 | Z20: 0 | AA20: =$F$20*AB20 -> 0 | AB20: 0 | AC20: =$F$20*AD20 -> 0 | AD20: 0 | AE20: =$F$20*AF20 -> 0 | AF20: 0 | AG20: =$F$20*AH20 -> 0 | AH20: 0 | AI20: =$F$20*AJ20 -> 0 | AJ20: 0 | AK20: =$F$20*AL20 -> 0 | AL20: 0 | AM20: =$F$20*AN20 -> 0 | AN20: 0 | AO20: =$F$20*AP20 -> 0 | AP20: 0 | AT20: CO | AU20: 06754000 | AV20: South Platte River near Kersey, CO | AW20: 18 | AX20: CL16NAWCO | AY20: SWMSA | AZ20: large river site | BA20: QW
A21: ='SC Staffing Summary'!$A$21 -> 0 | B21: ='SC Staffing Summary'!$B$21 -> Specify | C21: =SUM(H21,J21,L21,N21,P21,R21,T21,AB21,AD21,AF21,AH21,AJ21,AL21,AN21,AP21) -> 0 | D21: ='SC Staffing Summary'!D21 -> 0 | E21: ='SC Staffing Summary'!E21 -> 0 | F21: ='SC Staffing Summary'!F21 -> 0 | G21: =$F$21*H21 -> 0 | H21: 0 | I21: =$F$21*J21 -> 0 | J21: 0 | K21: =$F$21*L21 -> 0 | L21: 0 | M21: =$F$21*N21 -> 0 | N21: 0 | O21: =$F$21*P21 -> 0 | P21: 0 | Q21: =$F$21*R21 -> 0 | R21: 0 | S21: =$F$21*T21 -> 0 | T21: 0 | U21: =$F$21*V21 -> 0 | V21: 0 | W21: =$F$21*X21 -> 0 | X21: 0 | Y21: =$F$21*Z21 -> 0 | Z21: 0 | AA21: =$F$21*AB21 -> 0 | AB21: 0 | AC21: =$F$21*AD21 -> 0 | AD21: 0 | AE21: =$F$21*AF21 -> 0 | AF21: 0 | AG21: =$F$21*AH21 -> 0 | AH21: 0 | AI21: =$F$21*AJ21 -> 0 | AJ21: 0 | AK21: =$F$21*AL21 -> 0 | AL21: 0 | AM21: =$F$21*AN21 -> 0 | AN21: 0 | AO21: =$F$21*AP21 -> 0 | AP21: 0 | AT21: CO (Gr Junct) | AU21: 09163500 | AV21: Colorado River near Colorado-Utah State Line | AW21: 18 | AX21: CL16NAWCO | AY21: SWMSA | AZ21: large river site | BA21: QW
A22: ='SC Staffing Summary'!$A$22 -> 0 | B22: ='SC Staffing Summary'!$B$22 -> Specify | C22: =SUM(H22,J22,L22,N22,P22,R22,T22,AB22,AD22,AF22,AH22,AJ22,AL22,AN22,AP22) -> 0 | D22: ='SC Staffing Summary'!D22 -> 0 | E22: ='SC Staffing Summary'!E22 -> 0 | F22: ='SC Staffing Summary'!F22 -> 0 | G22: =$F$22*H22 -> 0 | H22: 0 | I22: =$F$22*J22 -> 0 | J22: 0 | K22: =$F$22*L22 -> 0 | L22: 0 | M22: =$F$22*N22 -> 0 | N22: 0 | O22: =$F$22*P22 -> 0 | P22: 0 | Q22: =$F$22*R22 -> 0 | R22: 0 | S22: =$F$22*T22 -> 0 | T22: 0 | U22: =$F$22*V22 -> 0 | V22: 0 | W22: =$F$22*X22 -> 0 | X22: 0 | Y22: =$F$22*Z22 -> 0 | Z22: 0 | AA22: =$F$22*AB22 -> 0 | AB22: 0 | AC22: =$F$22*AD22 -> 0 | AD22: 0 | AE22: =$F$22*AF22 -> 0 | AF22: 0 | AG22: =$F$22*AH22 -> 0 | AH22: 0 | AI22: =$F$22*AJ22 -> 0 | AJ22: 0 | AK22: =$F$22*AL22 -> 0 | AL22: 0 | AM22: =$F$22*AN22 -> 0 | AN22: 0 | AO22: =$F$22*AP22 -> 0 | AP22: 0 | AT22: CT | AU22: 01170100 | AV22: Green River near Colrain, MA | AW22: 6 | AX22: CL16NAWCT | AY22: SWMSA | AZ22: wadeable undeveloped reference site | BA22: QW | BC22: ECO
A23: ='SC Staffing Summary'!$A$23 -> 0 | B23: ='SC Staffing Summary'!$B$23 -> Specify | C23: =SUM(H23,J23,L23,N23,P23,R23,T23,AB23,AD23,AF23,AH23,AJ23,AL23,AN23,AP23) -> 0 | D23: ='SC Staffing Summary'!D23 -> 0 | E23: ='SC Staffing Summary'!E23 -> 0 | F23: ='SC Staffing Summary'!F23 -> 0 | G23: =$F$23*H23 -> 0 | H23: 0 | I23: =$F$23*J23 -> 0 | J23: 0 | K23: =$F$23*L23 -> 0 | L23: 0 | M23: =$F$23*N23 -> 0 | N23: 0 | O23: =$F$23*P23 -> 0 | P23: 0 | Q23: =$F$23*R23 -> 0 | R23: 0 | S23: =$F$23*T23 -> 0 | T23: 0 | U23: =$F$23*V23 -> 0 | V23: 0 | W23: =$F$23*X23 -> 0 | X23: 0 | Y23: =$F$23*Z23 -> 0 | Z23: 0 | AA23: =$F$23*AB23 -> 0 | AB23: 0 | AC23: =$F$23*AD23 -> 0 | AD23: 0 | AE23: =$F$23*AF23 -> 0 | AF23: 0 | AG23: =$F$23*AH23 -> 0 | AH23: 0 | AI23: =$F$23*AJ23 -> 0 | AJ23: 0 | AK23: =$F$23*AL23 -> 0 | AL23: 0 | AM23: =$F$23*AN23 -> 0 | AN23: 0 | AO23: =$F$23*AP23 -> 0 | AP23: 0 | AT23: CT | AU23: 01184000 | AV23: Connecticut River at Thompsonville, CT | AW23: 18 | AX23: CL16NAWCT | AY23: SWMSA | AZ23: large river site | BA23: QW
A24: ='SC Staffing Summary'!$A$24 -> 0 | B24: ='SC Staffing Summary'!$B$24 -> Specify | C24: =SUM(H24,J24,L24,N24,P24,R24,T24,AB24,AD24,AF24,AH24,AJ24,AL24,AN24,AP24) -> 0 | D24: ='SC Staffing Summary'!D24 -> 0 | E24: ='SC Staffing Summary'!E24 -> 0 | F24: ='SC Staffing Summary'!F24 -> 0 | G24: =$F$24*H24 -> 0 | H24: 0 | I24: =$F$24*J24 -> 0 | J24: 0 | K24: =$F$24*L24 -> 0 | L24: 0 | M24: =$F$24*N24 -> 0 | N24: 0 | O24: =$F$24*P24 -> 0 | P24: 0 | Q24: =$F$24*R24 -> 0 | R24: 0 | S24: =$F$24*T24 -> 0 | T24: 0 | U24: =$F$24*V24 -> 0 | V24: 0 | W24: =$F$24*X24 -> 0 | X24: 0 | Y24: =$F$24*Z24 -> 0 | Z24: 0 | AA24: =$F$24*AB24 -> 0 | AB24: 0 | AC24: =$F$24*AD24 -> 0 | AD24: 0 | AE24: =$F$24*AF24 -> 0 | AF24: 0 | AG24: =$F$24*AH24 -> 0 | AH24: 0 | AI24: =$F$24*AJ24 -> 0 | AJ24: 0 | AK24: =$F$24*AL24 -> 0 | AL24: 0 | AM24: =$F$24*AN24 -> 0 | AN24: 0 | AO24: =$F$24*AP24 -> 0 | AP24: 0 | AT24: CT | AU24: 01209710 | AV24: Norwalk River at Winnipauk, CT | AW24: 24 | AX24: CL16NAWCT | AY24: SWMSA | AZ24: wadeable urban site | BA24: QW | BC24: ECO
A25: ='SC Staffing Summary'!$A$25 -> 0 | B25: ='SC Staffing Summary'!$B$25 -> Specify | C25: =SUM(H25,J25,L25,N25,P25,R25,T25,AB25,AD25,AF25,AH25,AJ25,AL25,AN25,AP25) -> 0 | D25: ='SC Staffing Summary'!D25 -> 0 | E25: ='SC Staffing Summary'!E25 -> 0 | F25: ='SC Staffing Summary'!F25 -> 0 | G25: =$F$25*H25 -> 0 | H25: 0 | I25: =$F$25*J25 -> 0 | J25: 0 | K25: =$F$25*L25 -> 0 | L25: 0 | M25: =$F$25*N25 -> 0 | N25: 0 | O25: =$F$25*P25 -> 0 | P25: 0 | Q25: =$F$25*R25 -> 0 | R25: 0 | S25: =$F$25*T25 -> 0 | T25: 0 | U25: =$F$25*V25 -> 0 | V25: 0 | W25: =$F$25*X25 -> 0 | X25: 0 | Y25: =$F$25*Z25 -> 0 | Z25: 0 | AA25: =$F$25*AB25 -> 0 | AB25: 0 | AC25: =$F$25*AD25 -> 0 | AD25: 0 | AE25: =$F$25*AF25 -> 0 | AF25: 0 | AG25: =$F$25*AH25 -> 0 | AH25: 0 | AI25: =$F$25*AJ25 -> 0 | AJ25: 0 | AK25: =$F$25*AL25 -> 0 | AL25: 0 | AM25: =$F$25*AN25 -> 0 | AN25: 0 | AO25: =$F$25*AP25 -> 0 | AP25: 0 | AT25: GA | AU25: 02335870 | AV25: Sope Creek near Marietta, GA | AW25: 24 | AX25: CL16NAWGA | AY25: SWMSA | AZ25: wadeable urban site | BA25: QW | BC25: ECO
A26: ='SC Staffing Summary'!$A$26 -> 0 | B26: ='SC Staffing Summary'!$B$26 -> Specify | C26: =SUM(H26,J26,L26,N26,P26,R26,T26,AB26,AD26,AF26,AH26,AJ26,AL26,AN26,AP26) -> 0 | D26: ='SC Staffing Summary'!D26 -> 0 | E26: ='SC Staffing Summary'!E26 -> 0 | F26: ='SC Staffing Summary'!F26 -> 0 | G26: =$F$26*H26 -> 0 | H26: 0 | I26: =$F$26*J26 -> 0 | J26: 0 | K26: =$F$26*L26 -> 0 | L26: 0 | M26: =$F$26*N26 -> 0 | N26: 0 | O26: =$F$26*P26 -> 0 | P26: 0 | Q26: =$F$26*R26 -> 0 | R26: 0 | S26: =$F$26*T26 -> 0 | T26: 0 | U26: =$F$26*V26 -> 0 | V26: 0 | W26: =$F$26*X26 -> 0 | X26: 0 | Y26: =$F$26*Z26 -> 0 | Z26: 0 | AA26: =$F$26*AB26 -> 0 | AB26: 0 | AC26: =$F$26*AD26 -> 0 | AD26: 0 | AE26: =$F$26*AF26 -> 0 | AF26: 0 | AG26: =$F$26*AH26 -> 0 | AH26: 0 | AI26: =$F$26*AJ26 -> 0 | AJ26: 0 | AK26: =$F$26*AL26 -> 0 | AL26: 0 | AM26: =$F$26*AN26 -> 0 | AN26: 0 | AO26: =$F$26*AP26 -> 0 | AP26: 0 | AT26: GA | AU26: 02338523 | AV26: Hillibahatchee Creek near Franklin, GA | AW26: 6 | AX26: CL16NAWGA | AY26: SWMSA | AZ26: wadeable undeveloped reference site | BA26: QW | BC26: ECO
A27: ='SC Staffing Summary'!$A$27 -> 0 | B27: ='SC Staffing Summary'!$B$27 -> Specify | C27: =SUM(H27,J27,L27,N27,P27,R27,T27,AB27,AD27,AF27,AH27,AJ27,AL27,AN27,AP27) -> 0 | D27: ='SC Staffing Summary'!D27 -> 0 | E27: ='SC Staffing Summary'!E27 -> 0 | F27: ='SC Staffing Summary'!F27 -> 0 | G27: =$F$27*H27 -> 0 | H27: 0 | I27: =$F$27*J27 -> 0 | J27: 0 | K27: =$F$27*L27 -> 0 | L27: 0 | M27: =$F$27*N27 -> 0 | N27: 0 | O27: =$F$27*P27 -> 0 | P27: 0 | Q27: =$F$27*R27 -> 0 | R27: 0 | S27: =$F$27*T27 -> 0 | T27: 0 | U27: =$F$27*V27 -> 0 | V27: 0 | W27: =$F$27*X27 -> 0 | X27: 0 | Y27: =$F$27*Z27 -> 0 | Z27: 0 | AA27: =$F$27*AB27 -> 0 | AB27: 0 | AC27: =$F$27*AD27 -> 0 | AD27: 0 | AE27: =$F$27*AF27 -> 0 | AF27: 0 | AG27: =$F$27*AH27 -> 0 | AH27: 0 | AI27: =$F$27*AJ27 -> 0 | AJ27: 0 | AK27: =$F$27*AL27 -> 0 | AL27: 0 | AM27: =$F$27*AN27 -> 0 | AN27: 0 | AO27: =$F$27*AP27 -> 0 | AP27: 0 | AT27: GA | AU27: 02338000 | AV27: Chattahoochee River near Whitesburg, GA | AW27: 18 | AX27: CL16NAWGA | AY27: SWMSA | BA27: QW
A28: ='SC Staffing Summary'!$A$28 -> 0 | B28: ='SC Staffing Summary'!$B$28 -> Specify | C28: =SUM(H28,J28,L28,N28,P28,R28,T28,AB28,AD28,AF28,AH28,AJ28,AL28,AN28,AP28) -> 0 | D28: ='SC Staffing Summary'!D28 -> 0 | E28: ='SC Staffing Summary'!E28 -> 0 | F28: ='SC Staffing Summary'!F28 -> 0 | G28: =$F$28*H28 -> 0 | H28: 0 | I28: =$F$28*J28 -> 0 | J28: 0 | K28: =$F$28*L28 -> 0 | L28: 0 | M28: =$F$28*N28 -> 0 | N28: 0 | O28: =$F$28*P28 -> 0 | P28: 0 | Q28: =$F$28*R28 -> 0 | R28: 0 | S28: =$F$28*T28 -> 0 | T28: 0 | U28: =$F$28*V28 -> 0 | V28: 0 | W28: =$F$28*X28 -> 0 | X28: 0 | Y28: =$F$28*Z28 -> 0 | Z28: 0 | AA28: =$F$28*AB28 -> 0 | AB28: 0 | AC28: =$F$28*AD28 -> 0 | AD28: 0 | AE28: =$F$28*AF28 -> 0 | AF28: 0 | AG28: =$F$28*AH28 -> 0 | AH28: 0 | AI28: =$F$28*AJ28 -> 0 | AJ28: 0 | AK28: =$F$28*AL28 -> 0 | AL28: 0 | AM28: =$F$28*AN28 -> 0 | AN28: 0 | AO28: =$F$28*AP28 -> 0 | AP28: 0 | AT28: IA | AU28: 05451210 | AV28: South Fork Iowa River near New Providence, IA | AW28: 24 | AX28: CL16NAWIA | AY28: SWMSA | AZ28: wadeable agriculture site | BA28: QW | BC28: ECO
A29: ='SC Staffing Summary'!$A$29 -> 0 | B29: ='SC Staffing Summary'!$B$29 -> Specify | C29: =SUM(H29,J29,L29,N29,P29,R29,T29,AB29,AD29,AF29,AH29,AJ29,AL29,AN29,AP29) -> 0 | D29: ='SC Staffing Summary'!D29 -> 0 | E29: ='SC Staffing Summary'!E29 -> 0 | F29: ='SC Staffing Summary'!F29 -> 0 | G29: =$F$29*H29 -> 0 | H29: 0 | I29: =$F$29*J29 -> 0 | J29: 0 | K29: =$F$29*L29 -> 0 | L29: 0 | M29: =$F$29*N29 -> 0 | N29: 0 | O29: =$F$29*P29 -> 0 | P29: 0 | Q29: =$F$29*R29 -> 0 | R29: 0 | S29: =$F$29*T29 -> 0 | T29: 0 | U29: =$F$29*V29 -> 0 | V29: 0 | W29: =$F$29*X29 -> 0 | X29: 0 | Y29: =$F$29*Z29 -> 0 | Z29: 0 | AA29: =$F$29*AB29 -> 0 | AB29: 0 | AC29: =$F$29*AD29 -> 0 | AD29: 0 | AE29: =$F$29*AF29 -> 0 | AF29: 0 | AG29: =$F$29*AH29 -> 0 | AH29: 0 | AI29: =$F$29*AJ29 -> 0 | AJ29: 0 | AK29: =$F$29*AL29 -> 0 | AL29: 0 | AM29: =$F$29*AN29 -> 0 | AN29: 0 | AO29: =$F$29*AP29 -> 0 | AP29: 0 | AT29: ID | AU29: 13092747 | AV29: Rock Creek at Twin, Falls, ID | AW29: 24 | AX29: CL16NAWID | AY29: SWMSA | AZ29: wadeable agriculture site | BA29: QW | BC29: ECO
A30: ='SC Staffing Summary'!$A$30 -> 0 | B30: ='SC Staffing Summary'!$B$30 -> Specify | C30: =SUM(H30,J30,L30,N30,P30,R30,T30,AB30,AD30,AF30,AH30,AJ30,AL30,AN30,AP30) -> 0 | D30: ='SC Staffing Summary'!D30 -> 0 | E30: ='SC Staffing Summary'!E30 -> 0 | F30: ='SC Staffing Summary'!F30 -> 0 | G30: =$F$30*H30 -> 0 | H30: 0 | I30: =$F$30*J30 -> 0 | J30: 0 | K30: =$F$30*L30 -> 0 | L30: 0 | M30: =$F$30*N30 -> 0 | N30: 0 | O30: =$F$30*P30 -> 0 | P30: 0 | Q30: =$F$30*R30 -> 0 | R30: 0 | S30: =$F$30*T30 -> 0 | T30: 0 | U30: =$F$30*V30 -> 0 | V30: 0 | W30: =$F$30*X30 -> 0 | X30: 0 | Y30: =$F$30*Z30 -> 0 | Z30: 0 | AA30: =$F$30*AB30 -> 0 | AB30: 0 | AC30: =$F$30*AD30 -> 0 | AD30: 0 | AE30: =$F$30*AF30 -> 0 | AF30: 0 | AG30: =$F$30*AH30 -> 0 | AH30: 0 | AI30: =$F$30*AJ30 -> 0 | AJ30: 0 | AK30: =$F$30*AL30 -> 0 | AL30: 0 | AM30: =$F$30*AN30 -> 0 | AN30: 0 | AO30: =$F$30*AP30 -> 0 | AP30: 0 | AT30: ID | AU30: 13154500 | AV30: Snake River at King Hill, ID | AW30: 14 | AX30: CL16NAWID | AY30: SWMSA | AZ30: large river site | BA30: QW
A31: ='SC Staffing Summary'!$A$31 -> 0 | B31: ='SC Staffing Summary'!$B$31 -> Specify | C31: =SUM(H31,J31,L31,N31,P31,R31,T31,AB31,AD31,AF31,AH31,AJ31,AL31,AN31,AP31) -> 0 | D31: ='SC Staffing Summary'!D31 -> 0 | E31: ='SC Staffing Summary'!E31 -> 0 | F31: ='SC Staffing Summary'!F31 -> 0 | G31: =$F$31*H31 -> 0 | H31: 0 | I31: =$F$31*J31 -> 0 | J31: 0 | K31: =$F$31*L31 -> 0 | L31: 0 | M31: =$F$31*N31 -> 0 | N31: 0 | O31: =$F$31*P31 -> 0 | P31: 0 | Q31: =$F$31*R31 -> 0 | R31: 0 | S31: =$F$31*T31 -> 0 | T31: 0 | U31: =$F$31*V31 -> 0 | V31: 0 | W31: =$F$31*X31 -> 0 | X31: 0 | Y31: =$F$31*Z31 -> 0 | Z31: 0 | AA31: =$F$31*AB31 -> 0 | AB31: 0 | AC31: =$F$31*AD31 -> 0 | AD31: 0 | AE31: =$F$31*AF31 -> 0 | AF31: 0 | AG31: =$F$31*AH31 -> 0 | AH31: 0 | AI31: =$F$31*AJ31 -> 0 | AJ31: 0 | AK31: =$F$31*AL31 -> 0 | AL31: 0 | AM31: =$F$31*AN31 -> 0 | AN31: 0 | AO31: =$F$31*AP31 -> 0 | AP31: 0 | AT31: ID | AU31: 13056500 | AV31: Henrys Fork near Rexburg, ID | AW31: 18 | AX31: CL16NAWID | AY31: SWMSA | BA31: QW
A32: ='SC Staffing Summary'!$A$32 -> 0 | B32: ='SC Staffing Summary'!$B$32 -> Specify | C32: =SUM(H32,J32,L32,N32,P32,R32,T32,AB32,AD32,AF32,AH32,AJ32,AL32,AN32,AP32) -> 0 | D32: ='SC Staffing Summary'!D32 -> 0 | E32: ='SC Staffing Summary'!E32 -> 0 | F32: ='SC Staffing Summary'!F32 -> 0 | G32: =$F$32*H32 -> 0 | H32: 0 | I32: =$F$32*J32 -> 0 | J32: 0 | K32: =$F$32*L32 -> 0 | L32: 0 | M32: =$F$32*N32 -> 0 | N32: 0 | O32: =$F$32*P32 -> 0 | P32: 0 | Q32: =$F$32*R32 -> 0 | R32: 0 | S32: =$F$32*T32 -> 0 | T32: 0 | U32: =$F$32*V32 -> 0 | V32: 0 | W32: =$F$32*X32 -> 0 | X32: 0 | Y32: =$F$32*Z32 -> 0 | Z32: 0 | AA32: =$F$32*AB32 -> 0 | AB32: 0 | AC32: =$F$32*AD32 -> 0 | AD32: 0 | AE32: =$F$32*AF32 -> 0 | AF32: 0 | AG32: =$F$32*AH32 -> 0 | AH32: 0 | AI32: =$F$32*AJ32 -> 0 | AJ32: 0 | AK32: =$F$32*AL32 -> 0 | AL32: 0 | AM32: =$F$32*AN32 -> 0 | AN32: 0 | AO32: =$F$32*AP32 -> 0 | AP32: 0 | AT32: IL | AU32: 05586100 | AV32: Illinois River at Valley City, IL | AW32: 14 | AX32: CL16NAWIL | AY32: SWMSA | AZ32: large river site | BA32: QW | BB32: Extras
A33: ='SC Staffing Summary'!$A$33 -> 0 | B33: ='SC Staffing Summary'!$B$33 -> Specify | C33: =SUM(H33,J33,L33,N33,P33,R33,T33,AB33,AD33,AF33,AH33,AJ33,AL33,AN33,AP33) -> 0 | D33: ='SC Staffing Summary'!D33 -> 0 | E33: ='SC Staffing Summary'!E33 -> 0 | F33: ='SC Staffing Summary'!F33 -> 0 | G33: =$F$33*H33 -> 0 | H33: 0 | I33: =$F$33*J33 -> 0 | J33: 0 | K33: =$F$33*L33 -> 0 | L33: 0 | M33: =$F$33*N33 -> 0 | N33: 0 | O33: =$F$33*P33 -> 0 | P33: 0 | Q33: =$F$33*R33 -> 0 | R33: 0 | S33: =$F$33*T33 -> 0 | T33: 0 | U33: =$F$33*V33 -> 0 | V33: 0 | W33: =$F$33*X33 -> 0 | X33: 0 | Y33: =$F$33*Z33 -> 0 | Z33: 0 | AA33: =$F$33*AB33 -> 0 | AB33: 0 | AC33: =$F$33*AD33 -> 0 | AD33: 0 | AE33: =$F$33*AF33 -> 0 | AF33: 0 | AG33: =$F$33*AH33 -> 0 | AH33: 0 | AI33: =$F$33*AJ33 -> 0 | AJ33: 0 | AK33: =$F$33*AL33 -> 0 | AL33: 0 | AM33: =$F$33*AN33 -> 0 | AN33: 0 | AO33: =$F$33*AP33 -> 0 | AP33: 0 | AT33: IN | AU33: 03374100 | AV33: White River at Hazleton, IN | AW33: 18 | AX33: CL16NAWIN | AY33: SWMSA | AZ33: large river site | BA33: QW | BB33: Extras
A34: ='SC Staffing Summary'!$A$34 -> 0 | B34: ='SC Staffing Summary'!$B$34 -> Specify | C34: =SUM(H34,J34,L34,N34,P34,R34,T34,AB34,AD34,AF34,AH34,AJ34,AL34,AN34,AP34) -> 0 | D34: ='SC Staffing Summary'!D34 -> 0 | E34: ='SC Staffing Summary'!E34 -> 0 | F34: ='SC Staffing Summary'!F34 -> 0 | G34: =$F$34*H34 -> 0 | H34: 0 | I34: =$F$34*J34 -> 0 | J34: 0 | K34: =$F$34*L34 -> 0 | L34: 0 | M34: =$F$34*N34 -> 0 | N34: 0 | O34: =$F$34*P34 -> 0 | P34: 0 | Q34: =$F$34*R34 -> 0 | R34: 0 | S34: =$F$34*T34 -> 0 | T34: 0 | U34: =$F$34*V34 -> 0 | V34: 0 | W34: =$F$34*X34 -> 0 | X34: 0 | Y34: =$F$34*Z34 -> 0 | Z34: 0 | AA34: =$F$34*AB34 -> 0 | AB34: 0 | AC34: =$F$34*AD34 -> 0 | AD34: 0 | AE34: =$F$34*AF34 -> 0 | AF34: 0 | AG34: =$F$34*AH34 -> 0 | AH34: 0 | AI34: =$F$34*AJ34 -> 0 | AJ34: 0 | AK34: =$F$34*AL34 -> 0 | AL34: 0 | AM34: =$F$34*AN34 -> 0 | AN34: 0 | AO34: =$F$34*AP34 -> 0 | AP34: 0 | AT34: IN | AU34: 394340085524601 | AV34: Sugar Creek at New Palestine, IN | AW34: 24 | AX34: CL16NAWIN | AY34: SWMSA | AZ34: wadeable agriculture site | BA34: QW | BC34: ECO
A35: ='SC Staffing Summary'!$A$35 -> 0 | B35: ='SC Staffing Summary'!$B$35 -> Specify | C35: =SUM(H35,J35,L35,N35,P35,R35,T35,AB35,AD35,AF35,AH35,AJ35,AL35,AN35,AP35) -> 0 | D35: ='SC Staffing Summary'!D35 -> 0 | E35: ='SC Staffing Summary'!E35 -> 0 | F35: ='SC Staffing Summary'!F35 -> 0 | G35: =$F$35*H35 -> 0 | H35: 0 | I35: =$F$35*J35 -> 0 | J35: 0 | K35: =$F$35*L35 -> 0 | L35: 0 | M35: =$F$35*N35 -> 0 | N35: 0 | O35: =$F$35*P35 -> 0 | P35: 0 | Q35: =$F$35*R35 -> 0 | R35: 0 | S35: =$F$35*T35 -> 0 | T35: 0 | U35: =$F$35*V35 -> 0 | V35: 0 | W35: =$F$35*X35 -> 0 | X35: 0 | Y35: =$F$35*Z35 -> 0 | Z35: 0 | AA35: =$F$35*AB35 -> 0 | AB35: 0 | AC35: =$F$35*AD35 -> 0 | AD35: 0 | AE35: =$F$35*AF35 -> 0 | AF35: 0 | AG35: =$F$35*AH35 -> 0 | AH35: 0 | AI35: =$F$35*AJ35 -> 0 | AJ35: 0 | AK35: =$F$35*AL35 -> 0 | AL35: 0 | AM35: =$F$35*AN35 -> 0 | AN35: 0 | AO35: =$F$35*AP35 -> 0 | AP35: 0 | AT35: KS | AU35: 06892350 | AV35: Kansas River at DeSoto, KS | AW35: 14 | AX35: CL16NAWKS | AY35: SWMSA | AZ35: large river site | BA35: QW
A36: ='SC Staffing Summary'!$A$36 -> 0 | B36: ='SC Staffing Summary'!$B$36 -> Specify | C36: =SUM(H36,J36,L36,N36,P36,R36,T36,AB36,AD36,AF36,AH36,AJ36,AL36,AN36,AP36) -> 0 | D36: ='SC Staffing Summary'!D36 -> 0 | E36: ='SC Staffing Summary'!E36 -> 0 | F36: ='SC Staffing Summary'!F36 -> 0 | G36: =$F$36*H36 -> 0 | H36: 0 | I36: =$F$36*J36 -> 0 | J36: 0 | K36: =$F$36*L36 -> 0 | L36: 0 | M36: =$F$36*N36 -> 0 | N36: 0 | O36: =$F$36*P36 -> 0 | P36: 0 | Q36: =$F$36*R36 -> 0 | R36: 0 | S36: =$F$36*T36 -> 0 | T36: 0 | U36: =$F$36*V36 -> 0 | V36: 0 | W36: =$F$36*X36 -> 0 | X36: 0 | Y36: =$F$36*Z36 -> 0 | Z36: 0 | AA36: =$F$36*AB36 -> 0 | AB36: 0 | AC36: =$F$36*AD36 -> 0 | AD36: 0 | AE36: =$F$36*AF36 -> 0 | AF36: 0 | AG36: =$F$36*AH36 -> 0 | AH36: 0 | AI36: =$F$36*AJ36 -> 0 | AJ36: 0 | AK36: =$F$36*AL36 -> 0 | AL36: 0 | AM36: =$F$36*AN36 -> 0 | AN36: 0 | AO36: =$F$36*AP36 -> 0 | AP36: 0 | AT36: KS | AU36: 07144100 | AV36: Lower Arkansas River near Sedgwick, KS | AW36: 18 | AX36: CL16NAWKS | AY36: SWMSA | AZ36: large river site | BA36: QW
A37: ='SC Staffing Summary'!$A$37 -> 0 | B37: ='SC Staffing Summary'!$B$37 -> Specify | C37: =SUM(H37,J37,L37,N37,P37,R37,T37,AB37,AD37,AF37,AH37,AJ37,AL37,AN37,AP37) -> 0 | D37: ='SC Staffing Summary'!D37 -> 0 | E37: ='SC Staffing Summary'!E37 -> 0 | F37: ='SC Staffing Summary'!F37 -> 0 | G37: =$F$37*H37 -> 0 | H37: 0 | I37: =$F$37*J37 -> 0 | J37: 0 | K37: =$F$37*L37 -> 0 | L37: 0 | M37: =$F$37*N37 -> 0 | N37: 0 | O37: =$F$37*P37 -> 0 | P37: 0 | Q37: =$F$37*R37 -> 0 | R37: 0 | S37: =$F$37*T37 -> 0 | T37: 0 | U37: =$F$37*V37 -> 0 | V37: 0 | W37: =$F$37*X37 -> 0 | X37: 0 | Y37: =$F$37*Z37 -> 0 | Z37: 0 | AA37: =$F$37*AB37 -> 0 | AB37: 0 | AC37: =$F$37*AD37 -> 0 | AD37: 0 | AE37: =$F$37*AF37 -> 0 | AF37: 0 | AG37: =$F$37*AH37 -> 0 | AH37: 0 | AI37: =$F$37*AJ37 -> 0 | AJ37: 0 | AK37: =$F$37*AL37 -> 0 | AL37: 0 | AM37: =$F$37*AN37 -> 0 | AN37: 0 | AO37: =$F$37*AP37 -> 0 | AP37: 0 | AT37: LA | AU37: 08014500 | AV37: Whisky Chitto Creek near Oberlin, LA | AW37: 6 | AX37: CL16NAWLA | AY37: SWMSA | AZ37: wadeable undeveloped reference site | BA37: QW | BC37: ECO
A38: ='SC Staffing Summary'!$A$38 -> 0 | B38: ='SC Staffing Summary'!$B$38 -> Specify | C38: =SUM(H38,J38,L38,N38,P38,R38,T38,AB38,AD38,AF38,AH38,AJ38,AL38,AN38,AP38) -> 0 | D38: ='SC Staffing Summary'!D38 -> 0 | E38: ='SC Staffing Summary'!E38 -> 0 | F38: ='SC Staffing Summary'!F38 -> 0 | G38: =$F$38*H38 -> 0 | H38: 0 | I38: =$F$38*J38 -> 0 | J38: 0 | K38: =$F$38*L38 -> 0 | L38: 0 | M38: =$F$38*N38 -> 0 | N38: 0 | O38: =$F$38*P38 -> 0 | P38: 0 | Q38: =$F$38*R38 -> 0 | R38: 0 | S38: =$F$38*T38 -> 0 | T38: 0 | U38: =$F$38*V38 -> 0 | V38: 0 | W38: =$F$38*X38 -> 0 | X38: 0 | Y38: =$F$38*Z38 -> 0 | Z38: 0 | AA38: =$F$38*AB38 -> 0 | AB38: 0 | AC38: =$F$38*AD38 -> 0 | AD38: 0 | AE38: =$F$38*AF38 -> 0 | AF38: 0 | AG38: =$F$38*AH38 -> 0 | AH38: 0 | AI38: =$F$38*AJ38 -> 0 | AJ38: 0 | AK38: =$F$38*AL38 -> 0 | AL38: 0 | AM38: =$F$38*AN38 -> 0 | AN38: 0 | AO38: =$F$38*AP38 -> 0 | AP38: 0 | AT38: MD (Frostburg) | AU38: 01610400 | AV38: Waites Run near Wardensville, WV | AW38: 6 | AX38: CL16NAWMD | AY38: SWMSA | AZ38: wadeable undeveloped reference site | BA38: QW | BC38: ECO
A39: ='SC Staffing Summary'!$A$39 -> 0 | B39: ='SC Staffing Summary'!$B$39 -> Specify | C39: =SUM(H39,J39,L39,N39,P39,R39,T39,AB39,AD39,AF39,AH39,AJ39,AL39,AN39,AP39) -> 0 | D39: ='SC Staffing Summary'!D39 -> 0 | E39: ='SC Staffing Summary'!E39 -> 0 | F39: ='SC Staffing Summary'!F39 -> 0 | G39: =$F$38*H39 -> 0 | H39: 0 | I39: =$F$38*J39 -> 0 | J39: 0 | K39: =$F$38*L39 -> 0 | L39: 0 | M39: =$F$38*N39 -> 0 | N39: 0 | O39: =$F$38*P39 -> 0 | P39: 0 | Q39: =$F$38*R39 -> 0 | R39: 0 | S39: =$F$38*T39 -> 0 | T39: 0 | U39: =$F$38*V39 -> 0 | V39: 0 | W39: =$F$38*X39 -> 0 | X39: 0 | Y39: =$F$38*Z39 -> 0 | Z39: 0 | AA39: =$F$38*AB39 -> 0 | AB39: 0 | AC39: =$F$38*AD39 -> 0 | AD39: 0 | AE39: =$F$38*AF39 -> 0 | AF39: 0 | AG39: =$F$38*AH39 -> 0 | AH39: 0 | AI39: =$F$38*AJ39 -> 0 | AJ39: 0 | AK39: =$F$38*AL39 -> 0 | AL39: 0 | AM39: =$F$38*AN39 -> 0 | AN39: 0 | AO39: =$F$38*AP39 -> 0 | AP39: 0 | AT39: MD (Frostburg) | AU39: 01646580 | AV39: Potomac River at Chain Bridge at Washington, DC2 | AW39: 18 | AX39: CL16NAWMD | AY39: SWMSA | AZ39: large river site | BA39: QW | BB39: Extras
A40: ='SC Staffing Summary'!$A$40 -> 0 | B40: ='SC Staffing Summary'!$B$40 -> Specify | C40: =SUM(H40,J40,L40,N40,P40,R40,T40,AB40,AD40,AF40,AH40,AJ40,AL40,AN40,AP40) -> 0 | D40: ='SC Staffing Summary'!D40 -> 0 | E40: ='SC Staffing Summary'!E40 -> 0 | F40: ='SC Staffing Summary'!F40 -> 0 | G40: =$F$40*H40 -> 0 | H40: 0 | I40: =$F$40*J40 -> 0 | J40: 0 | K40: =$F$40*L40 -> 0 | L40: 0 | M40: =$F$40*N40 -> 0 | N40: 0 | O40: =$F$40*P40 -> 0 | P40: 0 | Q40: =$F$40*R40 -> 0 | R40: 0 | S40: =$F$40*T40 -> 0 | T40: 0 | U40: =$F$40*V40 -> 0 | V40: 0 | W40: =$F$40*X40 -> 0 | X40: 0 | Y40: =$F$40*Z40 -> 0 | Z40: 0 | AA40: =$F$40*AB40 -> 0 | AB40: 0 | AC40: =$F$40*AD40 -> 0 | AD40: 0 | AE40: =$F$40*AF40 -> 0 | AF40: 0 | AG40: =$F$40*AH40 -> 0 | AH40: 0 | AI40: =$F$40*AJ40 -> 0 | AJ40: 0 | AK40: =$F$40*AL40 -> 0 | AL40: 0 | AM40: =$F$40*AN40 -> 0 | AN40: 0 | AO40: =$F$40*AP40 -> 0 | AP40: 0 | AT40: MD (Frostburg) | AU40: 01654000 | AV40: Accotink Creek near Annandale, VA | AW40: 24 | AX40: CL16NAWMD | AY40: SWMSA | AZ40: wadeable urban site | BA40: QW | BC40: ECO
A41: ='SC Staffing Summary'!$A$41 -> 0 | B41: ='SC Staffing Summary'!$B$41 -> Specify | C41: =SUM(H41,J41,L41,N41,P41,R41,T41,AB41,AD41,AF41,AH41,AJ41,AL41,AN41,AP41) -> 0 | D41: ='SC Staffing Summary'!D41 -> 0 | E41: ='SC Staffing Summary'!E41 -> 0 | F41: ='SC Staffing Summary'!F41 -> 0 | G41: =$F$41*H41 -> 0 | H41: 0 | I41: =$F$41*J41 -> 0 | J41: 0 | K41: =$F$41*L41 -> 0 | L41: 0 | M41: =$F$41*N41 -> 0 | N41: 0 | O41: =$F$41*P41 -> 0 | P41: 0 | Q41: =$F$41*R41 -> 0 | R41: 0 | S41: =$F$41*T41 -> 0 | T41: 0 | U41: =$F$41*V41 -> 0 | V41: 0 | W41: =$F$41*X41 -> 0 | X41: 0 | Y41: =$F$41*Z41 -> 0 | Z41: 0 | AA41: =$F$41*AB41 -> 0 | AB41: 0 | AC41: =$F$41*AD41 -> 0 | AD41: 0 | AE41: =$F$41*AF41 -> 0 | AF41: 0 | AG41: =$F$41*AH41 -> 0 | AH41: 0 | AI41: =$F$41*AJ41 -> 0 | AJ41: 0 | AK41: =$F$41*AL41 -> 0 | AL41: 0 | AM41: =$F$41*AN41 -> 0 | AN41: 0 | AO41: =$F$41*AP41 -> 0 | AP41: 0 | AT41: MI | AU41: 04161820 | AV41: Clinton River at Sterling Heights, MI | AW41: 24 | AX41: CL16NAWMI | AY41: SWMSA | AZ41: wadeable urban site | BA41: QW | BC41: ECO
A42: ='SC Staffing Summary'!$A$42 -> 0 | B42: ='SC Staffing Summary'!$B$42 -> Specify | C42: =SUM(H42,J42,L42,N42,P42,R42,T42,AB42,AD42,AF42,AH42,AJ42,AL42,AN42,AP42) -> 0 | D42: ='SC Staffing Summary'!D42 -> 0 | E42: ='SC Staffing Summary'!E42 -> 0 | F42: ='SC Staffing Summary'!F42 -> 0 | G42: =$F$42*H42 -> 0 | H42: 0 | I42: =$F$42*J42 -> 0 | J42: 0 | K42: =$F$42*L42 -> 0 | L42: 0 | M42: =$F$42*N42 -> 0 | N42: 0 | O42: =$F$42*P42 -> 0 | P42: 0 | Q42: =$F$42*R42 -> 0 | R42: 0 | S42: =$F$42*T42 -> 0 | T42: 0 | U42: =$F$42*V42 -> 0 | V42: 0 | W42: =$F$42*X42 -> 0 | X42: 0 | Y42: =$F$42*Z42 -> 0 | Z42: 0 | AA42: =$F$42*AB42 -> 0 | AB42: 0 | AC42: =$F$42*AD42 -> 0 | AD42: 0 | AE42: =$F$42*AF42 -> 0 | AF42: 0 | AG42: =$F$42*AH42 -> 0 | AH42: 0 | AI42: =$F$42*AJ42 -> 0 | AJ42: 0 | AK42: =$F$42*AL42 -> 0 | AL42: 0 | AM42: =$F$42*AN42 -> 0 | AN42: 0 | AO42: =$F$42*AP42 -> 0 | AP42: 0 | AT42: MN | AU42: 05331580 | AV42: Mississippi River at Hastings, MN | AW42: 14 | AX42: CL16NAWMN | AY42: SWMSA | AZ42: large river site | BA42: QW
A43: Reference Column / Row (ie., F36) | B43: Comments: | AT43: MN | AU43: 05288705 | AV43: Shingle Creek at Minneapolis, MN | AW43: 24 | AX43: CL16NAWMN | AY43: SWMSA | AZ43: wadeable urban site | BA43: QW | BC43: ECO
B44: 1 | AT44: MS | AU44: 07288650 | AV44: Bogue Phalia near Leland, MS | AW44: 24 | AX44: CL16NAWMS | AY44: SWMSA | AZ44: wadeable agriculture site | BA44: QW | BC44: ECO
B45: 2 | AT45: MS | AU45: 07288955 | AV45: Yazoo River below Steele Bayou near Long Lake, MS | AW45: 18 | AX45: CL16NAWMS | AY45: SWMSA | AZ45: large river site | BA45: QW | BB45: Extras
B46: 3 | AT46: MT-WY | AU46: 06324970 | AV46: Little Powder River near Weston, WY | AW46: 6 | AX46: CL16NAWWY | AY46: SWMSA | AZ46: wadeable undeveloped reference site | BA46: QW | BC46: ECO
B47: 4 | AT47: MT-WY | AU47: 06329500 | AV47: Yellowstone River near Sidney, MT | AW47: 14 | AX47: CL16NAWWY | AY47: SWMSA | AZ47: large river site | BA47: QW
B48: 5 | AT48: NC | AU48: 02087580 | AV48: Swift Creek near Apex, NC | AW48: 24 | AX48: CL16NAWNC | AY48: SWMSA | AZ48: wadeable urban site | BA48: QW | BC48: ECO
B49: 6 | AT49: NC | AU49: 02089500 | AV49: Neuse River at Kinston, NC | AW49: 18 | AX49: CL16NAWNC | AY49: SWMSA | AZ49: large river site | BA49: QW
B50: 7 | AT50: NC | AU50: 02091500 | AV50: Contentnea Creek at Hookerton, NC | AW50: 24 | AX50: CL16NAWNC | AY50: SWMSA | AZ50: wadeable agriculture site | BA50: QW | BC50: ECO
B51: 8 | AT51: ND | AU51: 05082500 | AV51: Red River of the North at Grand Forks, ND | AW51: 14 | AX51: CL16NAWND | AY51: SWMSA | AZ51: large river site | BA51: QW
B52: 9 | AT52: NE | AU52: 06775900 | AV52: Dismal River near Thedford, NE | AW52: 6 | AX52: CL16NAWNE | AY52: SWMSA | AZ52: wadeable undeveloped reference site | BA52: QW | BC52: ECO
AT53: NE | AU53: 06800000 | AV53: Maple Creek near Nickerson, NE | AW53: 24 | AX53: CL16NAWNE | AY53: SWMSA | AZ53: wadeable agriculture site | BA53: QW | BC53: ECO
B54: Total Personnel Cost | AT54: NE | AU54: 06800500 | AV54: Elkhorn River at Waterloo, NE | AW54: 18 | AX54: CL16NAWNE | AY54: SWMSA | AZ54: large river site | BA54: QW
B55: =SUM(G55:AL55) -> 0 | G55: =G7 -> 0 | I55: =I7 -> 0 | K55: =K7 -> 0 | M55: =M7 -> 0 | O55: =O7 -> 0 | Q55: =Q7 -> 0 | S55: =S7 -> 0 | U55: =U7 -> 0 | W55: =W7 -> 0 | Y55: =Y7 -> 0 | AA55: =AA7 -> 0 | AC55: =AC7 -> 0 | AE55: =AE7 -> 0 | AG55: =AG7 -> 0 | AI55: =AI7 -> 0 | AK55: =AK7 -> 0 | AM55: =AM7 -> 0 | AO55: =AO7 -> 0 | AT55: NE | AU55: 06805500 | AV55: Platte River at Louisville, NE | AW55: 14 | AX55: CL16NAWNE | AY55: SWMSA | AZ55: large river site | BA55: QW
AT56: NJ | AU56: 01463500 | AV56: Delaware River at Trenton, NJ | AW56: 14 | AX56: CL16NAWNJ | AY56: SWMSA | AZ56: large river site | BA56: QW | BB56: Extras
AT57: NM | AU57: 08227000 | AV57: Saguache Creek near Saguache, CO | AW57: 6 | AX57: CL16NAWNM | AY57: SWMSA | AZ57: wadeable undeveloped reference site | BA57: QW | BC57: ECO
AT58: NM | AU58: 08364000 | AV58: Rio Grande at El Paso, TX | AW58: 14 | AX58: CL16NAWNM | AY58: SWMSA | AZ58: large river site | BA58: QW
AT59: NV | AU59: 10350500 | AV59: Truckee River at Clark, NV | AW59: 18 | AX59: CL16NAWNV | AY59: SWMSA | AZ59: large river site | BA59: QW
AT60: NY | AU60: 01349150 | AV60: Canajoharie Creek near Canajoharie, NY | AW60: 24 | AX60: CL16NAWNY | AY60: SWMSA | AZ60: wadeable agriculture site | BA60: QW | BC60: ECO
AT61: OH | AU61: 04193500 | AV61: Maumee River at Waterville, OH | AW61: 18 | AX61: CL16NAWOH | AY61: SWMSA | AZ61: large river site | BA61: QW
AT62: OK | AU62: 07241550 | AV62: North Canadian River near Harrah, OK | AW62: 18 | AX62: CL16NAWOK | AY62: SWMSA | AZ62: large river site | BA62: QW
AT63: OR | AU63: 14201300 | AV63: Zollner Creek near Mt. Angel, OR | AW63: 24 | AX63: CL16NAWOR | AY63: SWMSA | AZ63: wadeable agriculture site | BA63: QW | BC63: ECO
AT64: OR | AU64: 14205400 | AV64: East Fork Dairy Creek near Meachan Corner, OR | AW64: 6 | AX64: CL16NAWOR | AY64: SWMSA | AZ64: wadeable undeveloped reference site | BA64: QW | BC64: ECO
AT65: OR | AU65: 14206950 | AV65: Fanno Creek at Durham, OR | AW65: 24 | AX65: CL16NAWOR | AY65: SWMSA | AZ65: wadeable urban site | BA65: QW | BC65: ECO
AT66: OR | AU66: 14211720 | AV66: Willamette River at Portland, OR | AW66: 18 | AX66: CL16NAWOR | AY66: SWMSA | AZ66: large river site | BA66: QW
AT67: SC | AU67: 02172300 | AV67: McTier Creek near Monetta, SC | AW67: 6 | AX67: CL16NAWSC | AY67: SWMSA | AZ67: wadeable undeveloped reference site | BA67: QW | BC67: ECO
AT68: SC | AU68: 02175000 | AV68: Edisto River near Givhans, SC | AW68: 18 | AX68: CL16NAWSC | AY68: SWMSA | AZ68: large river site | BA68: QW
AT69: TX | AU69: 08057200 | AV69: White Rock Creek at Dallas, TX | AW69: 24 | AX69: CL16NAWTX | AY69: SWMSA | AZ69: wadeable urban site | BA69: QW | BC69: ECO
AT70: TX | AU70: 08057410 | AV70: Trinity River below Dallas, TX | AW70: 18 | AX70: CL16NAWTX | AY70: SWMSA | AZ70: large river site | BA70: QW
AT71: TX | AU71: 08195000 | AV71: Frio River at Concan, TX | AW71: 6 | AX71: CL16NAWTX | AY71: SWMSA | AZ71: wadeable undeveloped reference site | BA71: QW | BC71: ECO
AT72: UT | AU72: 10168000 | AV72: Little Cottonwood Creek at Salt Lake City, UT | AW72: 24 | AX72: CL16NAWUT | AY72: SWMSA | AZ72: wadeable urban site | BA72: QW | BC72: ECO
AT73: UT | AU73: 10171000 | AV73: Jordan River at Salt Lake City, UT | AW73: 18 | AX73: CL16NAWUT | AY73: SWMSA | AZ73: large river site | BA73: QW
AT74: UT | AU74: 10172200 | AV74: Red Butte Creek at Fort Douglas near Salt Lake City, UT | AW74: 6 | AX74: CL16NAWUT | AY74: SWMSA | AZ74: wadeable undeveloped reference site | BA74: QW | BC74: ECO
AT75: WA | AU75: 12056500 | AV75: North Fork Skokomish River near Hdsprt, WA | AW75: 6 | AX75: CL16NAWWA | AY75: SWMSA | AZ75: wadeable undeveloped reference site | BA75: QW | BC75: ECO
AT76: WA | AU76: 12505450 | AV76: Granger Drain at Granger, WA | AW76: 24 | AX76: CL16NAWWA | AY76: SWMSA | AZ76: wadeable agriculture site | BA76: QW | BC76: ECO
AT77: WA | AU77: 12510500 | AV77: Yakima River at Kiona, WA | AW77: 18 | AX77: CL16NAWWA | AY77: SWMSA | AZ77: large river site | BA77: QW
AT78: WI | AU78: 04063700 | AV78: Popple River near Fence, WI | AW78: 6 | AX78: CL16NAWWI | AY78: SWMSA | AZ78: wadeable undeveloped reference site | BA78: QW | BC78: ECO

Sheet NMSA Budget
A1: FY 2016 | I1: TOTAL SW M&SA | J1: SW Monitoring and Status Assessment Team | K1: SW M&SA Sub-Total Data Collection | L1: SW QW Site #1 | M1: SW QW Site #2 | N1: SW QW Site #3 | O1: SW QW Site #4 | P1: SW QW Site #5 | Q1: SW QW Site #6 | R1: sampling DOC-frac, extras #1 | S1: sampling DOC-frac, extras #2 | T1: Sampling DOC-frac, extras #3 | U1: SW S&T Eco Site #1 | V1: SW S&T Eco Site #2 | W1: SW S&T Eco Site #3 | X1: Continuous QW Monitoring #1 | Y1: Continuous QW Monitoring #2 | Z1: Continuous Temperature Monitoring #1 | AA1: Continuous Temperature Monitoring #2 | AB1: Continuous Temperature Monitoring #3
A3: ='START HERE'!$C$3 -> XX
A4: ='START HERE'!$C$4 -> GGXXXX0000 | L4: Row 5 automatically entered from row 5 of SW S&T Staffing worksheet
I5: sum of columns J, K, T | K5: sum of columns L-AB | L5: ='NMSA Staffing'!I5 -> xxxx | M5: ='NMSA Staffing'!K5 -> xxxx | N5: ='NMSA Staffing'!M5 -> xxxx | O5: ='NMSA Staffing'!O5 -> xxxx | P5: ='NMSA Staffing'!Q5 -> xxxx | Q5: ='NMSA Staffing'!S5 -> xxxx | R5: ='NMSA Staffing'!U5 -> xxxx | S5: ='NMSA Staffing'!W5 -> xxxx | T5: ='NMSA Staffing'!Y5 -> xxxx | U5: ='NMSA Staffing'!AA5 -> xxxx | V5: ='NMSA Staffing'!AC5 -> xxxx | W5: ='NMSA Staffing'!AE5 -> xxxx | X5: ='NMSA Staffing'!AG5 -> xxxx | Y5: ='NMSA Staffing'!AI5 -> xxxx | Z5: ='NMSA Staffing'!AK5 -> xxxx | AA5: ='NMSA Staffing'!AM5 -> xxxx | AB5: ='NMSA Staffing'!AO5 -> xxxx
A6: COST CENTER FULL ASSESSMENT RATE | I6: ='START HERE'!$C$2 -> 0 | J6: ='START HERE'!$C$2 -> 0 | K6: ='START HERE'!$C$2 -> 0 | L6: ='START HERE'!$C$2 -> 0 | M6: ='START HERE'!$C$2 -> 0 | N6: ='START HERE'!$C$2 -> 0 | O6: ='START HERE'!$C$2 -> 0 | P6: ='START HERE'!$C$2 -> 0 | ... AB6: ='START HERE'!$C$2 -> 0
A9: COLA Rate | I9: =(0.045/26)*18 -> 0.031153846
A10: A. Gross Costs (inclusive of overhead or special rates):
B11: NWQL analytical services paid by NAWQA Headquarters
B12: Other Laboratory analytical services paid by NAWQA Headquarters
B13: Drilling | I13: =SUM(J13,K13) -> 0 | J13: 0 | K13: =SUM(L13:AB13) -> 0 | L13: 0 | M13: 0 | N13: 0 | O13: 0 | P13: 0 | Q13: 0 | R13: 0 | S13: 0 | T13: 0 | U13: 0 | V13: 0 | W13: 0 | X13: 0 | Y13: 0 | Z13: 0 | AA13: 0 | AB13: 0
B14: Equipment | I14: =SUM(J14,K14) -> 0 | J14: 0 | K14: =SUM(L14:AB14) -> 0 | L14: 0 | M14: 0 | N14: 0 | O14: 0 | P14: 0 | Q14: 0 | R14: 0 | S14: 0 | T14: 0 | U14: 0 | V14: 0 | W14: 0 | X14: 0 | Y14: 0 | Z14: 0 | AA14: 0 | AB14: 0
B15: SW Streamflow Gaging Operation & Maintenance
B16: Contracts - must specify | I16: =SUM(J16,K16) -> 0 | J16: 0 | K16: =SUM(L16:AB16) -> 0 | L16: 0 | M16: 0 | N16: 0 | O16: 0 | P16: 0 | Q16: 0 | R16: 0 | S16: 0 | T16: 0 | U16: 0 | V16: 0 | W16: 0 | X16: 0 | Y16: 0 | Z16: 0 | AA16: 0 | AB16: 0
B17: Science Publishing Network (SPN) | I17: =SUM(J17,K17) -> 0 | J17: 0 | K17: =SUM(L17:AB17) -> 0 | L17: 0 | M17: 0 | N17: 0 | O17: 0 | P17: 0 | Q17: 0 | R17: 0 | S17: 0 | T17: 0 | U17: 0 | V17: 0 | W17: 0 | X17: 0 | Y17: 0 | Z17: 0 | AA17: 0 | AB17: 0
B18: Other - must specify | I18: =SUM(J18,K18) -> 0 | J18: 0 | K18: =SUM(L18:AB18) -> 0 | L18: 0 | M18: 0 | N18: 0 | O18: 0 | P18: 0 | Q18: 0 | R18: 0 | S18: 0 | T18: 0 | U18: 0 | V18: 0 | W18: 0 | X18: 0 | Y18: 0 | Z18: 0 | AA18: 0 | AB18: 0
B19: Other - must specify | I19: =SUM(J19,K19) -> 0 | J19: 0 | K19: =SUM(L19:AB19) -> 0 | L19: 0 | M19: 0 | N19: 0 | O19: 0 | P19: 0 | Q19: 0 | R19: 0 | S19: 0 | T19: 0 | U19: 0 | V19: 0 | W19: 0 | X19: 0 | Y19: 0 | Z19: 0 | AA19: 0 | AB19: 0
B20: Other - must specify | I20: =SUM(J20,K20) -> 0 | J20: 0 | K20: =SUM(L20:AB20) -> 0 | L20: 0 | M20: 0 | N20: 0 | O20: 0 | P20: 0 | Q20: 0 | R20: 0 | S20: 0 | T20: 0 | U20: 0 | V20: 0 | W20: 0 | X20: 0 | Y20: 0 | Z20: 0 | AA20: 0 | AB20: 0
B21: Other - must specify | I21: =SUM(J21,K21) -> 0 | J21: 0 | K21: =SUM(L21:AB21) -> 0 | L21: 0 | M21: 0 | N21: 0 | O21: 0 | P21: 0 | Q21: 0 | R21: 0 | S21: 0 | T21: 0 | U21: 0 | V21: 0 | W21: 0 | X21: 0 | Y21: 0 | Z21: 0 | AA21: 0 | AB21: 0
A22: B. Net Costs (cost center overhead to be applied):
B23: Overtime | I23: =SUM(J23,K23) -> 0 | J23: 0 | K23: =SUM(L23:AB23) -> 0 | L23: 0 | M23: 0 | N23: 0 | O23: 0 | P23: 0 | Q23: 0 | R23: 0 | S23: 0 | T23: 0 | U23: 0 | V23: 0 | W23: 0 | X23: 0 | Y23: 0 | Z23: 0 | AA23: 0 | AB23: 0
B24: Salary (linked to salary for task in Staffing worksheet) | I24: =SUM(J24,K24) -> 0 | J24: ='NMSA Staffing'!G7 -> 0 | K24: =SUM(L24:AB24) -> 0 | L24: ='NMSA Staffing'!I7 -> 0 | M24: ='NMSA Staffing'!K7 -> 0 | N24: ='NMSA Staffing'!M7 -> 0 | O24: ='NMSA Staffing'!O7 -> 0 | P24: ='NMSA Staffing'!Q7 -> 0 | Q24: ='NMSA Staffing'!S7 -> 0 | R24: ='NMSA Staffing'!U7 -> 0 | S24: ='NMSA Staffing'!W7 -> 0 | T24: ='NMSA Staffing'!Y7 -> 0 | U24: ='NMSA Staffing'!AA7 -> 0 | V24: ='NMSA Staffing'!AC7 -> 0 | W24: ='NMSA Staffing'!AE7 -> 0 | X24: ='NMSA Staffing'!AG7 -> 0 | Y24: ='NMSA Staffing'!AI7 -> 0 | Z24: ='NMSA Staffing'!AK7 -> 0 | AA24: ='NMSA Staffing'!AM7 -> 0 | AB24: ='NMSA Staffing'!AO7 -> 0
B25: Leave (no entry necessary, leave must be included in Salary Line 24)
B26: Awards | I26: =SUM(J26,K26) -> 0 | J26: 0 | K26: =SUM(L26:AB26) -> 0 | L26: 0 | M26: 0 | N26: 0 | O26: 0 | P26: 0 | Q26: 0 | R26: 0 | S26: 0 | T26: 0 | U26: 0 | V26: 0 | W26: 0 | X26: 0 | Y26: 0 | Z26: 0 | AA26: 0 | AB26: 0
B27: Change of HQs | I27: =SUM(J27,K27) -> 0 | J27: 0 | K27: =SUM(L27:AB27) -> 0 | L27: 0 | M27: 0 | N27: 0 | O27: 0 | P27: 0 | Q27: 0 | R27: 0 | S27: 0 | T27: 0 | U27: 0 | V27: 0 | W27: 0 | X27: 0 | Y27: 0 | Z27: 0 | AA27: 0 | AB27: 0
B28: Travel | I28: =SUM(J28,K28) -> 0 | J28: 0 | K28: =SUM(L28:AB28) -> 0 | L28: 0 | M28: 0 | N28: 0 | O28: 0 | P28: 0 | Q28: 0 | R28: 0 | S28: 0 | T28: 0 | U28: 0 | V28: 0 | W28: 0 | X28: 0 | Y28: 0 | Z28: 0 | AA28: 0 | AB28: 0
B29: Postage & Shipping | I29: =SUM(J29,K29) -> 0 | J29: 0 | K29: =SUM(L29:AB29) -> 0 | L29: 0 | M29: 0 | N29: 0 | O29: 0 | P29: 0 | Q29: 0 | R29: 0 | S29: 0 | T29: 0 | U29: 0 | V29: 0 | W29: 0 | X29: 0 | Y29: 0 | Z29: 0 | AA29: 0 | AB29: 0
B30: Vehicles | I30: =SUM(J30,K30) -> 0 | J30: 0 | K30: =SUM(L30:AB30) -> 0 | L30: 0 | M30: 0 | N30: 0 | O30: 0 | P30: 0 | Q30: 0 | R30: 0 | S30: 0 | T30: 0 | U30: 0 | V30: 0 | W30: 0 | X30: 0 | Y30: 0 | Z30: 0 | AA30: 0 | AB30: 0
B31: Printing | I31: =SUM(J31,K31) -> 0 | J31: 0 | K31: =SUM(L31:AB31) -> 0 | L31: 0 | M31: 0 | N31: 0 | O31: 0 | P31: 0 | Q31: 0 | R31: 0 | S31: 0 | T31: 0 | U31: 0 | V31: 0 | W31: 0 | X31: 0 | Y31: 0 | Z31: 0 | AA31: 0 | AB31: 0
B32: Reports processing (for SPN charges use row 17) | I32: =SUM(J32,K32) -> 0 | J32: 0 | K32: =SUM(L32:AB32) -> 0 | L32: 0 | M32: 0 | N32: 0 | O32: 0 | P32: 0 | Q32: 0 | R32: 0 | S32: 0 | T32: 0 | U32: 0 | V32: 0 | W32: 0 | X32: 0 | Y32: 0 | Z32: 0 | AA32: 0 | AB32: 0
B33: Contracts - must specify | I33: =SUM(J33,K33) -> 0 | J33: 0 | K33: =SUM(L33:AB33) -> 0 | L33: 0 | M33: 0 | N33: 0 | O33: 0 | P33: 0 | Q33: 0 | R33: 0 | S33: 0 | T33: 0 | U33: 0 | V33: 0 | W33: 0 | X33: 0 | Y33: 0 | Z33: 0 | AA33: 0 | AB33: 0
B34: Contracts - must specify | I34: =SUM(J34,K34) -> 0 | J34: 0 | K34: =SUM(L34:AB34) -> 0 | L34: 0 | M34: 0 | N34: 0 | O34: 0 | P34: 0 | Q34: 0 | R34: 0 | S34: 0 | T34: 0 | U34: 0 | V34: 0 | W34: 0 | X34: 0 | Y34: 0 | Z34: 0 | AA34: 0 | AB34: 0
B35: Contracts - must specify | I35: =SUM(J35,K35) -> 0 | J35: 0 | K35: =SUM(L35:AB35) -> 0 | L35: 0 | M35: 0 | N35: 0 | O35: 0 | P35: 0 | Q35: 0 | R35: 0 | S35: 0 | T35: 0 | U35: 0 | V35: 0 | W35: 0 | X35: 0 | Y35: 0 | Z35: 0 | AA35: 0 | AB35: 0
B36: Training - must specify in comment rows below | I36: =SUM(J36,K36) -> 0 | J36: 0 | K36: =SUM(L36:AB36) -> 0 | L36: 0 | M36: 0 | N36: 0 | O36: 0 | P36: 0 | Q36: 0 | R36: 0 | S36: 0 | T36: 0 | U36: 0 | V36: 0 | W36: 0 | X36: 0 | Y36: 0 | Z36: 0 | AA36: 0 | AB36: 0
B37: Supplies | I37: =SUM(J37,K37) -> 0 | J37: 0 | K37: =SUM(L37:AB37) -> 0 | L37: 0 | M37: 0 | N37: 0 | O37: 0 | P37: 0 | Q37: 0 | R37: 0 | S37: 0 | T37: 0 | U37: 0 | V37: 0 | W37: 0 | X37: 0 | Y37: 0 | Z37: 0 | AA37: 0 | AB37: 0
... B40: Miscellaneous [cell phones, etc.} | I40: =SUM(J40,K40) -> 0 | J40: 0 | K40: =SUM(L40:AB40) -> 0 | L40: 0 | M40: 0 | N40: 0 | O40: 0 | P40: 0 | Q40: 0 | R40: 0 | S40: 0 | T40: 0 | U40: 0 | V40: 0 | W40: 0 | X40: 0 | Y40: 0 | Z40: 0 | AA40: 0 | AB40: 0
B41: NWQL analytical services
B42: Other Laboratory analytical services
B43: Water Science Center's Sediment Concentration Laboratory | I43: =SUM(J43,K43) -> 0 | J43: 0 | K43: =SUM(L43:AB43) -> 0 | L43: 0 | M43: 0 | N43: 0 | O43: 0 | P43: 0 | Q43: 0 | R43: 0 | S43: 0 | T43: 0 | U43: 0 | V43: 0 | W43: 0 | X43: 0 | Y43: 0 | Z43: 0 | AA43: 0 | AB43: 0
I44: =SUM(J44,K44) -> 0 | J44: 0 | K44: =SUM(L44:AB44) -> 0 | L44: 0 | M44: 0 | N44: 0 | O44: 0 | P44: 0 | Q44: 0 | R44: 0 | S44: 0 | T44: 0 | U44: 0 | V44: 0 | W44: 0 | X44: 0 | Y44: 0 | Z44: 0 | AA44: 0 | AB44: 0
B45: SW Streamflow Gaging Operation & Maintenance
B46: Enter Distributed Direct Costs in rows 47-52: | I46: =SUM(J46,K46) -> 0 | J46: 0 | K46: =SUM(L46:AB46) -> 0 | L46: 0 | M46: 0 | N46: 0 | O46: 0 | P46: 0 | Q46: 0 | R46: 0 | S46: 0 | T46: 0 | U46: 0 | V46: 0 | W46: 0 | X46: 0 | Y46: 0 | Z46: 0 | AA46: 0 | AB46: 0
B47: Other - must specify | I47: =SUM(J47,K47) -> 0 | J47: 0 | K47: =SUM(L47:AB47) -> 0 | L47: 0 | M47: 0 | N47: 0 | O47: 0 | P47: 0 | Q47: 0 | R47: 0 | S47: 0 | T47: 0 | U47: 0 | V47: 0 | W47: 0 | X47: 0 | Y47: 0 | Z47: 0 | AA47: 0 | AB47: 0
B48: Other - must specify | I48: =SUM(J48,K48) -> 0 | J48: 0 | K48: =SUM(L48:AB48) -> 0 | L48: 0 | M48: 0 | N48: 0 | O48: 0 | P48: 0 | Q48: 0 | R48: 0 | S48: 0 | T48: 0 | U48: 0 | V48: 0 | W48: 0 | X48: 0 | Y48: 0 | Z48: 0 | AA48: 0 | AB48: 0
B49: Other - must specify | I49: =SUM(J49,K49) -> 0 | J49: 0 | K49: =SUM(L49:AB49) -> 0 | L49: 0 | M49: 0 | N49: 0 | O49: 0 | P49: 0 | Q49: 0 | R49: 0 | S49: 0 | T49: 0 | U49: 0 | V49: 0 | W49: 0 | X49: 0 | Y49: 0 | Z49: 0 | AA49: 0 | AB49: 0
B50: Other - must specify | I50: =SUM(J50,K50) -> 0 | J50: 0 | K50: =SUM(L50:AB50) -> 0 | L50: 0 | M50: 0 | N50: 0 | O50: 0 | P50: 0 | Q50: 0 | R50: 0 | S50: 0 | T50: 0 | U50: 0 | V50: 0 | W50: 0 | X50: 0 | Y50: 0 | Z50: 0 | AA50: 0 | AB50: 0
B51: Other - must specify | I51: =SUM(J51,K51) -> 0 | J51: 0 | K51: =SUM(L51:AB51) -> 0 | L51: 0 | M51: 0 | N51: 0 | O51: 0 | P51: 0 | Q51: 0 | R51: 0 | S51: 0 | T51: 0 | U51: 0 | V51: 0 | W51: 0 | X51: 0 | Y51: 0 | Z51: 0 | AA51: 0 | AB51: 0
B52: Other - must specify | I52: =SUM(J52,K52) -> 0 | J52: 0 | K52: =SUM(L52:AB52) -> 0 | L52: 0 | M52: 0 | N52: 0 | O52: 0 | P52: 0 | Q52: 0 | R52: 0 | S52: 0 | T52: 0 | U52: 0 | V52: 0 | W52: 0 | X52: 0 | Y52: 0 | Z52: 0 | AA52: 0 | AB52: 0
A53: TOTAL WSC FUNDS W/O DIST OH | I53: =SUM(I13:I52) -> 0 | J53: =SUM(J13:J52) -> 0 | K53: =SUM(K13:K52) -> 0 | L53: =SUM(L13:L52) -> 0 | M53: =SUM(M13:M52) -> 0 | N53: =SUM(N13:N52) -> 0 | O53: =SUM(O13:O52) -> 0 | P53: =SUM(P13:P52) -> 0 | ... AB53: =SUM(AB13:AB52) -> 0
A54: 2. CALCULATE GROSS FUNDS TO THE WSC
A55: A. Subtotal: Funds passed through to other cost centers | I55: =SUM(I13:I21) -> 0 | J55: =SUM(J13:J21) -> 0 | K55: =SUM(K13:K21) -> 0 | L55: =SUM(L13:L21) -> 0 | M55: =SUM(M13:M21) -> 0 | N55: =SUM(N13:N21) -> 0 | O55: =SUM(O13:O21) -> 0 | P55: =SUM(P13:P21) -> 0 | ... AB55: =SUM(AB13:AB21) -> 0
I56: 0 | K56: 0
A57: B. Subtotal: Funds changed full cost center assessment | I57: =SUM(I23:I40,I43:I52) -> 0 | J57: =SUM(J23:J40,J43:J52) -> 0 | K57: =SUM(K23:K40,K43:K52) -> 0 | L57: =SUM(L23:L40,L43:L52) -> 0 | M57: =SUM(M23:M40,M43:M52) -> 0 | N57: =SUM(N23:N40,N43:N52) -> 0 | O57: =SUM(O23:O40,O43:O52) -> 0 | P57: =SUM(P23:P40,P43:P52) -> 0 | ... AB57: =SUM(AB23:AB40,AB43:AB52) -> 0
B58: B1. Apply Cost Center Assessment | I58: =(I57)*(I6) -> 0 | J58: =(J57)*(J6) -> 0 | K58: =(K57)*(K6) -> 0 | L58: =(L57)*(L6) -> 0 | M58: =(M57)*(M6) -> 0 | N58: =(N57)*(N6) -> 0 | O58: =(O57)*(O6) -> 0 | P58: =(P57)*(P6) -> 0 | ... AB58: =(AB57)*(AB6) -> 0
A61: REQUESTED GROSS FUNDS | I61: =SUM(I55:I58) -> 0 | J61: =SUM(J55:J58) -> 0 | K61: =SUM(K55:K58) -> 0 | L61: =SUM(L55:L58) -> 0 | M61: =SUM(M55:M58) -> 0 | N61: =SUM(N55:N58) -> 0 | O61: =SUM(O55:O58) -> 0 | P61: =SUM(P55:P58) -> 0 | ... AB61: =SUM(AB55:AB58) -> 0
A62: Reference Column / Row (ie., F36) | E62: Comments: | I62: 1
I63: 2
I64: 3
H73: Check | I73: =SUM('NMSA Staffing'!G55:AO55) -> 0 | J73: NMSA Staffing
I74: =SUM(J13:J52,L13:AB52) -> 0 | J74: Net Total
I75: =SUM(J55:J58,L55:W58,Y55:AA58) -> 0 | J75: Gross Total

Sheet NASQAN Staffing
A1: ='SC Staffing Summary'!A1:F2 -> FY 2016 | G1: National Stream Quality Accounting Network
G2: NASQAN Sampling & Data Collection
A3: ='START HERE'!$C$3 -> XX | G3: NASQAN QW Site #1 | I3: NASQAN QW Site #2 | K3: NASQAN QW Site #3 | M3: NASQAN QW Site #4 | O3: NASQAN QW Site #5 | Q3: NASQAN QW Site #6 | S3: Sampling DOC-frac, extras #1 | U3: Sampling DOC-frac, extras #2 | W3: Sampling DOC-frac, extras #3 | Y3: Sampling DOC-frac, extras #4 | AA3: Sampling DOC-frac, extras #5 | AC3: Sampling DOC-frac, extras #6 | AE3: NASQAN Stream-gaging Site Wabash R. | AG3: NASQAN Stream-gaging Site Ohio R. | AI3: Continuous QW Monitoring #1 | AK3: Continuous QW Monitoring #2 | AN3: NASQAN Site ID list for FY16
A4: ='START HERE'!C4 -> GGXXXX0000 | G4: In Row 5 for each paired column (GH to WX), copy & paste the respective site ID from column AA
G5: xxxx | I5: xxxx | K5: xxxx | M5: xxxx | O5: xxxx | Q5: xxxx | S5: xxxx | U5: xxxx | W5: xxxx | Y5: xxxx | AA5: xxxx | AC5: xxxx | AE5: xxxx | AG5: xxxx | AI5: xxxx | AK5: 15565447 | AP5: Last Updated 5/26/15
A6: Name | B6: Position | C6: TOTAL HOURS (work + leave), max 2096 hr per FTE | D6: Grade | E6: Step | F6: Net salary per hr with benefits | G6: Task, net salary with benefits | H6: Hours for Task | I6: Task, net salary with benefits | J6: Hours for Task | K6: Task, net salary with benefits | L6: Hours for Task | M6: Task, net salary with benefits | N6: Hours for Task | O6: Task, net salary with benefits | P6: Hours for Task | Q6: Task, net salary with benefits | R6: Hours for Task | S6: Task, net salary with benefits | T6: Hours for Task | U6: Task, net salary with benefits | V6: Hours for Task | W6: Task, net salary with benefits | X6: Hours for Task | Y6: Task, net salary with benefits | Z6: Hours for Task | AA6: Task, net salary with benefits | AB6: Hours for Task | AC6: Task, net salary with benefits | AD6: Hours for Task | AE6: Task, net salary with benefits | AF6: Hours for Task | AG6: Task, net salary with benefits | AH6: Hours for Task | AI6: Task, net salary with benefits | AJ6: Hours for Task | AK6: Task, net salary with benefits | AL6: Hours for Task | AN6: WSC | AO6: Site Number | AP6: Site name | AQ6: Number of samples per year in Cycle 3 | AR6: NWQL ASR Form Proposal Number for FY16 | AS6: NWQL ASR Form Program/Project Code | AT6: Site Description | AU6: QW Sampling Site | AV6: QW extras Sampling site
B7: TOTAL | C7: =SUM(C8:C42) -> 0 | F7: =SUM(G7,I7,K7,M7,O7,Q7,S7,U7,W7,Y7,AA7,AC7,AE7,AG7,AI7,AK7) -> 0 | G7: =SUM(G8:G42) -> 0 | H7: =SUM(H8:H42) -> 0 | I7: =SUM(I8:I42) -> 0 | J7: =SUM(J8:J42) -> 0 | K7: =SUM(K8:K42) -> 0 | L7: =SUM(L8:L42) -> 0 | M7: =SUM(M8:M42) -> 0 | N7: =SUM(N8:N42) -> 0 | ... AL7: =SUM(AL8:AL42) -> 0 | AN7: AK | AO7: 15565447 | AP7: Yukon River at Pilot Station, AK | AQ7: 7 (only 3 for pesticides) | AR7: CL15NAWAK | AS7: NASQAN | AT7: large river site | AU7: QW | AV7: Extras
A8: ='SC Staffing Summary'!$A$8 -> 0 | B8: ='SC Staffing Summary'!$B$8 -> NAWQA-- SC Contact | C8: =SUM(H8,J8,L8,N8,P8,R8) -> 0 | D8: ='SC Staffing Summary'!D8 -> 0 | E8: ='SC Staffing Summary'!E8 -> 0 | F8: ='SC Staffing Summary'!F8 -> 0 | G8: =$F$8*H8 -> 0 | H8: 0 | I8: =$F$8*J8 -> 0 | J8: 0 | K8: =$F$8*L8 -> 0 | L8: 0 | M8: =$F$8*N8 -> 0 | N8: 0 | O8: =$F$8*P8 -> 0 | P8: 0 | Q8: =$F$8*R8 -> 0 | R8: 0 | S8: =$F$8*T8 -> 0 | T8: 0 | U8: =$F$8*V8 -> 0 | V8: 0 | W8: =$F$8*X8 -> 0 | X8: 0 | Y8: =$F$8*Z8 -> 0 | Z8: 0 | AA8: =$F$8*AB8 -> 0 | AB8: 0 | AC8: =$F$8*AD8 -> 0 | AD8: 0 | AE8: =$F$8*AF8 -> 0 | AF8: 0 | AG8: =$F$8*AH8 -> 0 | AH8: 0 | AI8: =$F$8*AJ8 -> 0 | AJ8: 0 | AK8: =$F$8*AL8 -> 0 | AL8: 0 | AN8: AL | AO8: 02429500 | AP8: Alabama R. at Claiborne, AL | AQ8: 14 | AR8: CL15NAWAL | AS8: NASQAN | AT8: large river site | AU8: QW | AV8: Extras
